 Dungeon Crawl Stone Soup version 0.29.0-4-gdea44cf6ec (webtiles) character file.

Game seed: 16953107366114019352

5747 qw the Blocker (level 10, 1/1 (74) HPs)
             Began as a Demonspawn Cinder Acolyte on Sept 8, 2022.
             Was an Initiate of Ignis.
             Tarried too long and was consumed by Zot
             ... on level 3 of the Dungeon.
             The game lasted 00:21:43 (38104 turns).

qw the Blocker (Demonspawn Cinder Acolyte)         Turns: 38104, Time: 00:21:44

HP:   1/1 (74)      AC: 21    Str: 25    XL:     10   Next: 49%
MP:   11/11         EV:  6    Int: 17    God:    Ignis [......]
Gold: 287           SH: 19    Dex:  8    Spells: 11/11 levels left

rFire   + + .      SeeInvis .   Y - +1 war axe (freeze)
rCold   + . .      Faith    .   h - +0 tower shield
rNeg    . . .      Spirit   .   s - +7 chain mail of Noon {rCorr Str+4}
rPois   +          Reflect  +   (helmet restricted)
rElec   .          Harm     .   r - scarf {repulsion}
rCorr   +          Rampage  +   t - +2 pair of gloves {Str+3}
Will    .....      Clarity  +   m - +1 pair of boots "Qaiqur" {Rampage rC+}
Stlth   ..........              g - amulet of reflection
HPRegen 0.01/turn               c - ring of poison resistance
MPRegen 0.12/turn               (no ring)

@: extremely drained, repel missiles, bezotted and risking death
A: horns 1, demonic guardian 1, powered by pain 1, sturdy frame 1, clarity, fire
resistance 1
a: Renounce Religion, Rising Flame


You were on level 3 of the Dungeon.
You worshipped Ignis.
Ignis was noncommittal.
You visited 1 branch of the dungeon, and saw 9 of its levels.

You collected 1135 gold pieces.
You spent 848 gold pieces at shops.


Innate Abilities, Weirdness & Mutations

You have a pair of small horns on your head.
A weak demonic guardian rushes to your aid.
You sometimes gain a little power by taking damage.
Your movements are slightly less encumbered by armour. (ER -2)
You possess an exceptional clarity of mind.
Your flesh is heat resistant. (rF+)


   Skills:
 + Level 5.3 Fighting
 - Level 9.0 Axes
 - Level 4.1 Armour
 - Level 1.2 Dodging
 - Level 10.0 Shields
 - Level 1.0 Spellcasting
 - Level 2.6 Fire Magic


You had 11 spell levels left.
You didn't know any spells.
Your spell library contained the following spells:

 Spells                   Type           Power      Damage    Failure   Level
 Scorch                   Fire           18%        2d6       95%         2

Inventory:

Hand Weapons
 a - a -1 hand axe of flaming
 Y - a +1 war axe of freezing (weapon)
Armour
 h - a +0 tower shield (worn)
 m - the +1 pair of boots "Qaiqur" (worn) {Rampage rC+}
   (You bought it in a shop on level 9 of the Dungeon)

   rC:        It protects you from cold.
   Rampage:   It bestows one free step when moving towards enemies.
 q - a +0 cloak
 r - a scarf of repulsion (worn)
 s - the +7 chain mail of Noon (worn) {rCorr Str+4}
   (You bought it in a shop on level 9 of the Dungeon)

   Str:       It affects your strength (+4).
   rCorr:     It protects you from acid and corrosion.
 t - a +2 pair of gloves of strength (worn)
Jewellery
 c - a ring of poison resistance (left hand)
 g - an amulet of reflection (around neck)
 j - a ring of poison resistance
Scrolls
 o - 2 scrolls of identify
Potions
 f - 2 potions of curing
 i - a potion of haste
 n - 2 potions of mutation

Dungeon Overview and Level Annotations

Branches:
Dungeon (9/15) Zot: 0! Temple (0/1) D:4 Lair: D:8-11 Orc: D:9-12 You are so drained that the power of Zot will kill you!

Altars:
Ashenzari
Fedhas
Gozag
Hepliaklqana
Kikubaaqudgha
Nemelex Xobeh
Okawaru

Shops:
D:9 [[[

Annotations:
Abyss:1 Joseph


Message History

You climb upwards.
There is a stone staircase leading down here.
Existing waypoints: (1) D:3 (2) D:4 Assign waypoint to what number? (0-9, D - delete waypoint) Waypoint 2 re-assigned from D:4 to D:2.
Enter note:
Enter note:
Enter note:
Enter note:
Enter note:
Enter note:
Enter note:
Enter note:
Enter note:
Enter note:
Enter note:
Enter note:
Enter note:
Enter note:
Enter note:
Enter note: Done exploring.
(D) Dungeon (T) Temple
Where to? (* - list waypoints, Enter - D:2, ? - help)
What level of the Dungeon? (default 1, ? - help)
You climb downwards.
There is a stone staircase leading up here.
Done exploring.
38102 ||| PLANNING CONVERSION TO OKAWARU Done exploring.
38102 ||| PLANNING D:1-11
38102 ||| Stepping randomly (stuck).
Done exploring.
(D) Dungeon (T) Temple
Where to? (* - list waypoints, Enter - D:3, ? - help)
What level of the Dungeon? (default 1, ? - help)
There is a stone staircase leading up here.
Zot has found you!
You die...

......###.########.##############
~~~~~.#..........#.# #
......#.#.######.#.# #
~~~.~.#.#.# #.#.# # ..~.~.#.#.##
#.#.# # _.~.~.#.#..# #.#.# #
..~.~.#.##.# #.#.# # ~~~.~.#.##.#
#.#.# # ....~.#....### #@#.# #
~~~ยค~.###....#####.# #
......###+#........# #
#...........#..##### #
##.......%%.##.###
#..........##...##
#..........####..## #..........##
##..#### #...........# ##....#


There were no monsters in sight!

Vanquished Creatures
  Prince Ribbit (D:5)
  Sigmund (D:2)
  A wyvern (D:9)
  3 yaks
  2 steam dragons
  Grum (D:8)
  2 water moccasins
  3 black bears
  An ice beast (D:7)
  An orc warrior (D:6)
  3 sky beasts
  4 wolves (D:8)
  3 centaurs
  An ogre (D:6)
  2 phantoms
  3 bullfrogs
  2 gnoll sergeants (D:9)
  4 scorpions
  7 wights
  5 killer bees (D:9)
  4 howler monkeys
  2 jellies
  3 hounds
  5 iguanas
  12 orc wizards
  Robin (D:2)
  14 gnolls
  10 adders
  2 shadow imps
  3 white imps
  An ufetubus (D:4)
  A worm (D:2)
  3 dart slugs
  22 orcs
  7 endoplasms
  5 giant cockroaches
  11 goblins
  5 hobgoblins
  12 jackals
  2 quokkas
  3 ball pythons
  3 bats
  A frilled lizard (D:2)
  2 kobolds
184 creatures vanquished.

Vanquished Creatures (collateral kills)
  An ice beast (D:8)
  An iguana (D:6)
2 creatures vanquished.

Vanquished Creatures (others)
  15 fungi (D:9)
  16 plants
31 creatures vanquished.

Grand Total: 217 creatures vanquished

Notes
Turn   | Place    | Note
-------+----------+-------------------------------------------
     0 | D:1      | qw the Demonspawn Cinder Acolyte began the quest for the
                  | Orb.
     0 | D:1      | Reached XP level 1. HP: 18/18 MP: 2/2
     0 | D:1      | 0 ||| qw: Version: 0.1-a-112-g44dc6cd
     0 | D:1      | 0 ||| qw: Game counter: 6728
     0 | D:1      | 0 ||| qw: Always use a shield: true
     0 | D:1      | 0 ||| qw: God list: Okawaru
     0 | D:1      | 0 ||| qw: Allow faded altars: false
     0 | D:1      | 0 ||| qw: Do Orc after D:15 true
     0 | D:1      | 0 ||| qw: Do second Lair branch before Depths: true
     0 | D:1      | 0 ||| qw: Lair rune preference: random
     0 | D:1      | 0 ||| qw: Plans: Normal
     0 | D:1      | 0 ||| PLANNING D:1-11
    26 | D:1      | 26 ||| SWAPPING to +0 war axe.
    38 | D:1      | 38 ||| INVOKING Fiery Armour.
    39 | D:1      | Reached skill level 3 in Axes
   242 | D:1      | Found a faded altar of an unknown god.
   332 | D:1      | 332 ||| Stepping ~*~*~tactically~*~*~ (stealth).
   334 | D:1      | 334 ||| Stepping ~*~*~tactically~*~*~ (stealth).
   340 | D:1      | 340 ||| Stepping ~*~*~tactically~*~*~ (stealth).
   345 | D:1      | Gained mutation: You sometimes gain a little power by
                  | taking damage. [demonic ancestry]
   345 | D:1      | Reached XP level 2. HP: 21/24 MP: 3/3
   385 | D:1      | 385 ||| Stepping ~*~*~tactically~*~*~ (stealth).
   915 | D:1      | 915 ||| UPGRADING to +0 plate armour.
   925 | D:1      | 925 ||| DROPPING +0 robe.
   926 | D:1      | 926 ||| UPGRADING to +2 helmet.
   931 | D:1      | 931 ||| DROPPING +6 ring of intelligence.
   932 | D:1      | 932 ||| READING scroll labelled CONUUT LESTREA.
   933 | D:1      | 933 ||| READING scroll labelled GYVIH ZALI.
   934 | D:1      | 934 ||| READING scroll labelled KEOCUA BOHU.
   954 | D:2      | Noticed a scorpion
   955 | D:2      | 955 ||| Stepping ~*~*~tactically~*~*~ (stealth).
   965 | D:2      | 965 ||| INVOKING Fiery Armour.
   967 | D:2      | HP: 5/24 [poisoned by a scorpion]
   967 | D:2      | Killed a scorpion
   968 | D:2      | Reached XP level 3. HP: 6/29 MP: 4/4
   968 | D:2      | Reached XP level 4. HP: 7/35 MP: 5/5
   972 | D:2      | HP: 3/35 [poisoned by a scorpion]
  1132 | D:2      | 1132 ||| FLEEEEING.
  1135 | D:2      | 1135 ||| FLEEEEING.
  1136 | D:2      | 1136 ||| STAIRDANCE
  1282 | D:2      | Noticed Sigmund
  1283 | D:2      | 1283 ||| Stepping ~*~*~tactically~*~*~ (stealth).
  1285 | D:2      | 1285 ||| Stepping ~*~*~tactically~*~*~ (stealth).
  1310 | D:2      | 1310 ||| INVOKING Fiery Armour.
  1317 | D:2      | HP: 4/35 [Sigmund/+0 scythe (7)]
  1324 | D:2      | Killed Sigmund
  1325 | D:2      | Gained mutation: You have a pair of small horns on your
                  | head. [demonic ancestry]
  1325 | D:2      | Reached XP level 5. HP: 6/41 MP: 6/6
  1640 | D:2      | 1640 ||| Stepping ~*~*~tactically~*~*~ (hiding).
  1643 | D:2      | 1643 ||| Stepping ~*~*~tactically~*~*~ (hiding).
  1645 | D:2      | 1645 ||| INVOKING Fiery Armour.
  1650 | D:2      | Gained mutation: A weak demonic guardian rushes to your
                  | aid. [demonic ancestry]
  1650 | D:2      | Reached XP level 6. HP: 40/47 MP: 7/7
  1661 | D:2      | 1661 ||| FLEEEEING.
  1662 | D:2      | 1662 ||| FLEEEEING.
  1663 | D:2      | 1663 ||| FLEEEEING.
  1747 | D:2      | Found a hazy altar of Hepliaklqana.
  1989 | D:2      | 1989 ||| Stepping ~*~*~tactically~*~*~ (hiding).
  2011 | D:2      | Noticed Robin
  2021 | D:2      | Killed Robin
  2089 | D:2      | 2089 ||| DROPPING +2 helmet.
  2090 | D:2      | 2090 ||| UPGRADING to +0 tower shield.
  2095 | D:2      | 2095 ||| UPGRADING to ring of poison resistance.
  2096 | D:2      | 2096 ||| READING scroll labelled KIQOAGG ISUOLI.
  2097 | D:2      | 2097 ||| READING scroll labelled ISSANG UJATH.
  2098 | D:2      | 2098 ||| READING scroll labelled PAOGOT BEODD.
  2099 | D:2      | 2099 ||| READING scroll labelled GASUOKHL IGHOKKO.
  2699 | D:3      | Found an iron altar of Okawaru.
  2712 | D:3      | Reached skill level 1 in Shields
  2778 | D:3      | 2778 ||| UPGRADING to +0 pair of gloves.
  2783 | D:3      | 2783 ||| UPGRADING to +0 pair of boots.
  2875 | D:4      | Reached skill level 2 in Shields
  2901 | D:4      | 2901 ||| Stepping ~*~*~tactically~*~*~ (stealth).
  2904 | D:4      | 2904 ||| Stepping ~*~*~tactically~*~*~ (stealth).
  2932 | D:4      | 2932 ||| Stepping ~*~*~tactically~*~*~ (stealth).
  2999 | D:4      | 2999 ||| Stepping ~*~*~tactically~*~*~ (stealth).
  3002 | D:4      | 3002 ||| Stepping ~*~*~tactically~*~*~ (stealth).
  3003 | D:4      | 3003 ||| Stepping ~*~*~tactically~*~*~ (stealth).
  3004 | D:4      | 3004 ||| Stepping ~*~*~tactically~*~*~ (stealth).
  3005 | D:4      | 3005 ||| Stepping ~*~*~tactically~*~*~ (stealth).
  3016 | D:4      | 3016 ||| INVOKING Fiery Armour.
  3226 | D:4      | Found a staircase to the Ecumenical Temple.
  3406 | D:4      | 3406 ||| READING scroll labelled REAKO EGACVIEDI.
  3409 | D:4      | 3409 ||| READING scroll labelled XAOKLIEMMA.
  3409 | D:4      | Identified a scroll of acquirement
  3409 | D:4      | 3409 ||| ACQUIRING 403 gold pieces
  3409 | D:4      | Acquired 403 gold pieces
  3411 | D:4      | 3411 ||| READING scroll labelled ADDU IN QUSTIRO.
  3427 | D:5      | Entered Level 5 of the Dungeon
  3589 | D:5      | Reached skill level 3 in Shields
  3589 | D:5      | Gained mutation: Your movements are slightly less
                  | encumbered by armour. (ER -2) [demonic ancestry]
  3589 | D:5      | Reached XP level 7. HP: 30/52 MP: 8/8
  3783 | D:5      | Noticed Prince Ribbit
  3836 | D:5      | 3836 ||| INVOKING Fiery Armour.
  3838 | D:5      | Killed Prince Ribbit
  3839 | D:5      | Reached skill level 4 in Shields
  4190 | D:5      | Found an ancient bone altar of Kikubaaqudgha.
  4205 | D:5      | Found a blossoming altar of Fedhas.
  4208 | D:5      | Found a broken altar of Ashenzari.
  4752 | D:5      | 4752 ||| DRINKING 2 sedimented inky potions.
  4857 | D:5      | 4857 ||| DRINKING 2 purple potions.
  4857 | D:5      | Gained mutation: Your flesh is heat resistant. (rF+)
                  | [potion of mutation]
  4857 | D:5      | Gained mutation: You possess an exceptional clarity of
                  | mind. [potion of mutation]
  4858 | D:5      | 4858 ||| READING 2 scrolls of identify.
  4858 | D:5      | 4858 ||| IDENTIFYING clear potion
  4859 | D:5      | 4859 ||| DROPPING potion of berserk rage.
  4940 | D:6      | Reached skill level 5 in Shields
  5389 | D:6      | 5389 ||| Stepping ~*~*~tactically~*~*~ (hiding).
  5398 | D:6      | Reached XP level 8. HP: 56/58 MP: 9/9
  5443 | D:6      | Reached skill level 6 in Shields
  5829 | D:6      | 5829 ||| INVOKING Fiery Armour.
  6040 | D:6      | 6040 ||| INVOKING Fiery Armour.
  6043 | D:6      | Reached skill level 7 in Shields
  6045 | D:6      | Reached skill level 6 in Axes
  6397 | D:6      | Reached skill level 8 in Shields
  6422 | D:6      | 6422 ||| FLEEEEING.
  6571 | D:6      | Reached skill level 3 in Armour
  6583 | D:6      | 6583 ||| Stepping ~*~*~tactically~*~*~ (stealth).
  6612 | D:6      | 6612 ||| FLEEEEING.
  6613 | D:6      | 6613 ||| FLEEEEING.
  6614 | D:6      | 6614 ||| FLEEEEING.
  6615 | D:6      | 6615 ||| FLEEEEING.
  6616 | D:6      | 6616 ||| FLEEEEING.
  6617 | D:6      | 6617 ||| FLEEEEING.
  6618 | D:6      | 6618 ||| FLEEEEING.
  6619 | D:6      | 6619 ||| FLEEEEING.
  6620 | D:6      | 6620 ||| FLEEEEING.
  6621 | D:6      | 6621 ||| FLEEEEING.
  6622 | D:6      | 6622 ||| FLEEEEING.
  6623 | D:6      | 6623 ||| FLEEEEING.
  6624 | D:6      | 6624 ||| FLEEEEING.
  6625 | D:6      | 6625 ||| FLEEEEING.
  6626 | D:6      | 6626 ||| FLEEEEING.
  6627 | D:6      | 6627 ||| FLEEEEING.
  6629 | D:6      | 6629 ||| FLEEEEING.
  6630 | D:6      | 6630 ||| FLEEEEING.
  6631 | D:6      | 6631 ||| FLEEEEING.
  6632 | D:6      | 6632 ||| FLEEEEING.
  6633 | D:6      | 6633 ||| FLEEEEING.
  6634 | D:6      | 6634 ||| FLEEEEING.
  6635 | D:6      | 6635 ||| FLEEEEING.
  6636 | D:6      | 6636 ||| FLEEEEING.
  6637 | D:6      | 6637 ||| FLEEEEING.
  6638 | D:6      | 6638 ||| FLEEEEING.
  6639 | D:6      | 6639 ||| FLEEEEING.
  6640 | D:6      | 6640 ||| FLEEEEING.
  6641 | D:6      | 6641 ||| FLEEEEING.
  6642 | D:6      | 6642 ||| FLEEEEING.
  6643 | D:6      | 6643 ||| FLEEEEING.
  6644 | D:6      | 6644 ||| FLEEEEING.
  6645 | D:6      | 6645 ||| FLEEEEING.
  6646 | D:6      | 6646 ||| FLEEEEING.
  6648 | D:6      | 6648 ||| FLEEEEING.
  6649 | D:6      | 6649 ||| FLEEEEING.
  6650 | D:6      | 6650 ||| FLEEEEING.
  6651 | D:6      | 6651 ||| FLEEEEING.
  6652 | D:6      | 6652 ||| FLEEEEING.
  6653 | D:6      | 6653 ||| STAIRDANCE
  6737 | D:5      | 6737 ||| UPGRADING to +0 cloak.
  6742 | D:5      | 6742 ||| READING 3 scrolls of identify.
  6742 | D:5      | 6742 ||| IDENTIFYING orange potion
  6743 | D:5      | 6743 ||| READING 2 scrolls of identify.
  6743 | D:5      | 6743 ||| IDENTIFYING fuming yellow potion
  6744 | D:5      | 6744 ||| DROPPING potion of flight.
  6747 | D:6      | 6747 ||| STAIRDANCE
  6753 | D:5      | 6753 ||| READING scroll labelled KOISCHEZ QOTHRYF.
  6789 | D:6      | 6789 ||| Stepping ~*~*~tactically~*~*~ (hiding).
  6791 | D:6      | 6791 ||| Stepping ~*~*~tactically~*~*~ (hiding).
  6801 | D:6      | Reached XP level 9. HP: 59/65 MP: 10/10
  6853 | D:6      | 6853 ||| Stepping ~*~*~tactically~*~*~ (stealth).
  6873 | D:6      | 6873 ||| FLEEEEING.
  6874 | D:6      | 6874 ||| FLEEEEING.
  6875 | D:6      | 6875 ||| FLEEEEING.
  6876 | D:6      | 6876 ||| FLEEEEING.
  6877 | D:6      | 6877 ||| FLEEEEING.
  6878 | D:6      | 6878 ||| FLEEEEING.
  6879 | D:6      | 6879 ||| FLEEEEING.
  6880 | D:6      | 6880 ||| FLEEEEING.
  6881 | D:6      | 6881 ||| FLEEEEING.
  6882 | D:6      | 6882 ||| FLEEEEING.
  6883 | D:6      | 6883 ||| FLEEEEING.
  6886 | D:6      | 6886 ||| FLEEEEING.
  6887 | D:6      | 6887 ||| FLEEEEING.
  7641 | D:6      | 7641 ||| UPGRADING to scarf of repulsion.
  7651 | D:6      | 7651 ||| READING scroll labelled CUPIOFR BYEFO.
  7701 | D:7      | 7701 ||| STAIRDANCE
  7890 | D:7      | 7890 ||| Stepping ~*~*~tactically~*~*~ (stealth).
  7891 | D:7      | 7891 ||| Stepping ~*~*~tactically~*~*~ (stealth).
  7892 | D:7      | 7892 ||| Stepping ~*~*~tactically~*~*~ (stealth).
  7894 | D:7      | 7894 ||| Stepping ~*~*~tactically~*~*~ (stealth).
  7895 | D:7      | 7895 ||| Stepping ~*~*~tactically~*~*~ (stealth).
  7896 | D:7      | 7896 ||| Stepping ~*~*~tactically~*~*~ (stealth).
  7902 | D:7      | 7902 ||| INVOKING Fiery Armour.
  7917 | D:7      | Reached skill level 9 in Shields
  7929 | D:7      | 7929 ||| FLEEEEING.
  7930 | D:7      | 7930 ||| FLEEEEING.
  8130 | D:7      | 8130 ||| Stepping ~*~*~tactically~*~*~ (stealth).
  8163 | D:7      | Reached skill level 1 in Dodging
  8287 | D:7      | 8287 ||| READING scroll of enchant armour.
  8287 | D:7      | 8287 ||| ENCHANTING +0 pair of gloves.
  8338 | D:7      | 8338 ||| Stepping ~*~*~tactically~*~*~ (hiding).
  8339 | D:7      | 8339 ||| Stepping ~*~*~tactically~*~*~ (hiding).
  8340 | D:7      | 8340 ||| Stepping ~*~*~tactically~*~*~ (hiding).
  8341 | D:7      | 8341 ||| Stepping ~*~*~tactically~*~*~ (hiding).
  8342 | D:7      | 8342 ||| Stepping ~*~*~tactically~*~*~ (hiding).
  8343 | D:7      | 8343 ||| Stepping ~*~*~tactically~*~*~ (hiding).
  8657 | D:7      | 8657 ||| UPGRADING to amulet of reflection.
  8662 | D:7      | 8662 ||| DRINKING 2 sapphire potions.
  8663 | D:7      | 8663 ||| READING 2 scrolls of identify.
  8663 | D:7      | 8663 ||| IDENTIFYING amethyst potion
  8664 | D:7      | 8664 ||| DROPPING potion of lignification.
  8665 | D:7      | 8665 ||| DROPPING potion of attraction.
  8717 | D:8      | Noticed Grum
  8718 | D:8      | 8718 ||| INVOKING Fiery Armour.
  8723 | D:8      | Noticed Joseph
  8728 | D:8      | HP: 6/66 [Joseph/sling bullet (16)]
  8729 | D:8      | 8729 ||| READING scroll of teleportation.
  8885 | D:8      | 8885 ||| Stepping ~*~*~tactically~*~*~ (stealth).
  8899 | D:8      | 8899 ||| Stepping ~*~*~tactically~*~*~ (stealth).
  9090 | D:8      | 9090 ||| INVOKING Fiery Armour.
  9110 | D:8      | Killed Grum
  9111 | D:8      | Reached XP level 10. HP: 41/74 MP: 11/11
  9392 | D:8      | 9392 ||| Stepping ~*~*~tactically~*~*~ (hiding).
  9397 | D:8      | 9397 ||| FLEEEEING.
  9405 | D:8      | 9405 ||| FLEEEEING.
  9406 | D:8      | 9406 ||| FLEEEEING.
  9407 | D:8      | 9407 ||| FLEEEEING.
  9408 | D:8      | 9408 ||| STAIRDANCE
  9455 | D:7      | 9455 ||| READING scroll labelled POKHLAH ZEAKEH.
  9456 | D:7      | 9456 ||| DRINKING 2 golden potions.
  9473 | D:8      | Banished Joseph
  9495 | D:8      | Identified the +0 leather armour of Verghiet {rPois rC+
                  | Str-5}
  9632 | D:8      | 9632 ||| READING scroll of brand weapon.
  9632 | D:8      | 9632 ||| BRANDING +1 war axe of chaos.
  9837 | D:9      | 9837 ||| STAIRDANCE
  9845 | D:8      | Reached skill level 9 in Axes
  9889 | D:9      | 9889 ||| STAIRDANCE
  9970 | D:9      | Found Ifaotuor's Armour Shoppe.
  9975 | D:9      | 9975 ||| BUYING +1 pair of boots "Qaiqur" {Rampage rC+}
                  | (305 gold).
  9975 | D:9      | Bought the +1 pair of boots "Qaiqur" {Rampage rC+} for 305
                  | gold pieces
 10076 | D:9      | Found Neb Rea's Antique Armour Shop.
 10088 | D:9      | 10088 ||| BUYING ichor-stained chain mail (199 gold).
 10088 | D:9      | Bought an ichor-stained chain mail for 199 gold pieces
 10088 | D:9      | Identified the +7 chain mail of Noon {rCorr Str+4} (You
                  | bought it in a shop on level 9 of the Dungeon)
 10179 | D:9      | Found an opulent altar of Gozag.
 10180 | D:9      | Found a sparkling altar of Nemelex Xobeh.
 10294 | D:9      | Found Wuxko's Armour Emporium.
 10403 | D:9      | 10403 ||| SHOPLISTING +2 fire dragon scales (1152 gold,
                  | have 631).
 10403 | D:9      | 10403 ||| BUYING +2 pair of gloves of strength (344 gold).
 10403 | D:9      | Bought a +2 pair of gloves of strength for 344 gold pieces
 10403 | D:9      | 10403 ||| SHOPLISTING +3 plate armour of poison resistance
                  | (672 gold, have 287).
 10527 | D:9      | 10527 ||| Stepping ~*~*~tactically~*~*~ (stealth).
 10530 | D:9      | 10530 ||| Stepping ~*~*~tactically~*~*~ (stealth).
 10533 | D:9      | Reached skill level 10 in Shields
 10546 | D:9      | 10546 ||| INVOKING Fiery Armour.
 10551 | D:9      | HP: 17/74 [poisoned by a killer bee]
 10552 | D:9      | 10552 ||| READING 4 scrolls of teleportation.
 10553 | D:9      | 10553 ||| DRINKING potion of heal wounds.
 10742 | D:9      | 10742 ||| PLANNING CONVERSION TO OKAWARU
 10892 | D:3      | 10892 ||| PLANNING D:1-11
 10892 | D:3      | 10892 ||| UPGRADING to +1 pair of boots "Qaiqur" {Rampage
                  | rC+}.
 10902 | D:3      | 10902 ||| DROPPING +0 pair of boots.
 10903 | D:3      | 10903 ||| UPGRADING to +7 chain mail of Noon {rCorr Str+4}.
 10913 | D:3      | 10913 ||| DROPPING +0 plate armour.
 10914 | D:3      | 10914 ||| UPGRADING to +2 pair of gloves of strength.
 10924 | D:3      | 10924 ||| DROPPING +1 pair of gloves.
 10925 | D:3      | 10925 ||| READING scroll labelled WOSHALENWOA.
 10985 | D:4      | 10985 ||| PLANNING CONVERSION TO OKAWARU
 10987 | D:3      | 10987 ||| PLANNING D:1-11
 11008 | D:3      | 11008 ||| PLANNING CONVERSION TO OKAWARU
 11008 | D:3      | 11008 ||| PLANNING D:1-11
 11008 | D:3      | 11008 ||| READING 3 scrolls of teleportation.
 11009 | D:3      | 11009 ||| STAIRDANCE
 11037 | D:4      | 11037 ||| PLANNING CONVERSION TO OKAWARU
 11039 | D:3      | 11039 ||| PLANNING D:1-11
 11049 | D:3      | 11049 ||| PLANNING CONVERSION TO OKAWARU
 11049 | D:3      | 11049 ||| PLANNING D:1-11
 11049 | D:3      | 11049 ||| READING 2 scrolls of teleportation.
 11050 | D:3      | 11050 ||| STAIRDANCE
 11087 | D:4      | 11087 ||| PLANNING CONVERSION TO OKAWARU
 11089 | D:3      | 11089 ||| PLANNING D:1-11
 11110 | D:3      | 11110 ||| PLANNING CONVERSION TO OKAWARU
 11110 | D:3      | 11110 ||| PLANNING D:1-11
 11110 | D:3      | 11110 ||| READING scroll of teleportation.
 11111 | D:3      | 11111 ||| STAIRDANCE
 11151 | D:4      | 11151 ||| PLANNING CONVERSION TO OKAWARU
 11153 | D:3      | 11153 ||| PLANNING D:1-11
 11174 | D:3      | 11174 ||| PLANNING CONVERSION TO OKAWARU
 11174 | D:3      | 11174 ||| PLANNING D:1-11
 11174 | D:3      | 11174 ||| Stepping randomly (stuck).
 11199 | D:4      | 11199 ||| PLANNING CONVERSION TO OKAWARU
 11201 | D:3      | 11201 ||| PLANNING D:1-11
 11222 | D:3      | 11222 ||| PLANNING CONVERSION TO OKAWARU
 11222 | D:3      | 11222 ||| PLANNING D:1-11
 11222 | D:3      | 11222 ||| Stepping randomly (stuck).
 11247 | D:4      | 11247 ||| PLANNING CONVERSION TO OKAWARU
 11249 | D:3      | 11249 ||| PLANNING D:1-11
 11270 | D:3      | 11270 ||| PLANNING CONVERSION TO OKAWARU
 11270 | D:3      | 11270 ||| PLANNING D:1-11
 11270 | D:3      | 11270 ||| Stepping randomly (stuck).
 11295 | D:4      | 11295 ||| PLANNING CONVERSION TO OKAWARU
 11297 | D:3      | 11297 ||| PLANNING D:1-11
 11318 | D:3      | 11318 ||| PLANNING CONVERSION TO OKAWARU
 11318 | D:3      | 11318 ||| PLANNING D:1-11
 11318 | D:3      | 11318 ||| Stepping randomly (stuck).
 11343 | D:4      | 11343 ||| PLANNING CONVERSION TO OKAWARU
 11345 | D:3      | 11345 ||| PLANNING D:1-11
 11366 | D:3      | 11366 ||| PLANNING CONVERSION TO OKAWARU
 11366 | D:3      | 11366 ||| PLANNING D:1-11
 11366 | D:3      | 11366 ||| Stepping randomly (stuck).
 11391 | D:4      | 11391 ||| PLANNING CONVERSION TO OKAWARU
 11393 | D:3      | 11393 ||| PLANNING D:1-11
 11414 | D:3      | 11414 ||| PLANNING CONVERSION TO OKAWARU
 11414 | D:3      | 11414 ||| PLANNING D:1-11
 11414 | D:3      | 11414 ||| Stepping randomly (stuck).
 11439 | D:4      | 11439 ||| PLANNING CONVERSION TO OKAWARU
 11441 | D:3      | 11441 ||| PLANNING D:1-11
 11462 | D:3      | 11462 ||| PLANNING CONVERSION TO OKAWARU
 11462 | D:3      | 11462 ||| PLANNING D:1-11
 11462 | D:3      | 11462 ||| Stepping randomly (stuck).
 11487 | D:4      | 11487 ||| PLANNING CONVERSION TO OKAWARU
 11489 | D:3      | 11489 ||| PLANNING D:1-11
 11510 | D:3      | 11510 ||| PLANNING CONVERSION TO OKAWARU
 11510 | D:3      | 11510 ||| PLANNING D:1-11
 11510 | D:3      | 11510 ||| Stepping randomly (stuck).
 11535 | D:4      | 11535 ||| PLANNING CONVERSION TO OKAWARU
 11537 | D:3      | 11537 ||| PLANNING D:1-11
 11558 | D:3      | 11558 ||| PLANNING CONVERSION TO OKAWARU
 11558 | D:3      | 11558 ||| PLANNING D:1-11
 11558 | D:3      | 11558 ||| Stepping randomly (stuck).
 11583 | D:4      | 11583 ||| PLANNING CONVERSION TO OKAWARU
 11585 | D:3      | 11585 ||| PLANNING D:1-11
 11606 | D:3      | 11606 ||| PLANNING CONVERSION TO OKAWARU
 11606 | D:3      | 11606 ||| PLANNING D:1-11
 11606 | D:3      | 11606 ||| Stepping randomly (stuck).
 11631 | D:4      | 11631 ||| PLANNING CONVERSION TO OKAWARU
 11633 | D:3      | 11633 ||| PLANNING D:1-11
 11654 | D:3      | 11654 ||| PLANNING CONVERSION TO OKAWARU
 11654 | D:3      | 11654 ||| PLANNING D:1-11
 11654 | D:3      | 11654 ||| Stepping randomly (stuck).
 11679 | D:4      | 11679 ||| PLANNING CONVERSION TO OKAWARU
 11681 | D:3      | 11681 ||| PLANNING D:1-11
 11702 | D:3      | 11702 ||| PLANNING CONVERSION TO OKAWARU
 11702 | D:3      | 11702 ||| PLANNING D:1-11
 11702 | D:3      | 11702 ||| Stepping randomly (stuck).
 11727 | D:4      | 11727 ||| PLANNING CONVERSION TO OKAWARU
 11729 | D:3      | 11729 ||| PLANNING D:1-11
 11750 | D:3      | 11750 ||| PLANNING CONVERSION TO OKAWARU
 11750 | D:3      | 11750 ||| PLANNING D:1-11
 11750 | D:3      | 11750 ||| Stepping randomly (stuck).
 11775 | D:4      | 11775 ||| PLANNING CONVERSION TO OKAWARU
 11777 | D:3      | 11777 ||| PLANNING D:1-11
 11798 | D:3      | 11798 ||| PLANNING CONVERSION TO OKAWARU
 11798 | D:3      | 11798 ||| PLANNING D:1-11
 11798 | D:3      | 11798 ||| Stepping randomly (stuck).
 11823 | D:4      | 11823 ||| PLANNING CONVERSION TO OKAWARU
 11825 | D:3      | 11825 ||| PLANNING D:1-11
 11846 | D:3      | 11846 ||| PLANNING CONVERSION TO OKAWARU
 11846 | D:3      | 11846 ||| PLANNING D:1-11
 11846 | D:3      | 11846 ||| Stepping randomly (stuck).
 11871 | D:4      | 11871 ||| PLANNING CONVERSION TO OKAWARU
 11873 | D:3      | 11873 ||| PLANNING D:1-11
 11894 | D:3      | 11894 ||| PLANNING CONVERSION TO OKAWARU
 11894 | D:3      | 11894 ||| PLANNING D:1-11
 11894 | D:3      | 11894 ||| Stepping randomly (stuck).
 11919 | D:4      | 11919 ||| PLANNING CONVERSION TO OKAWARU
 11921 | D:3      | 11921 ||| PLANNING D:1-11
 11942 | D:3      | 11942 ||| PLANNING CONVERSION TO OKAWARU
 11942 | D:3      | 11942 ||| PLANNING D:1-11
 11942 | D:3      | 11942 ||| Stepping randomly (stuck).
 11967 | D:4      | 11967 ||| PLANNING CONVERSION TO OKAWARU
 11969 | D:3      | 11969 ||| PLANNING D:1-11
 11990 | D:3      | 11990 ||| PLANNING CONVERSION TO OKAWARU
 11990 | D:3      | 11990 ||| PLANNING D:1-11
 11990 | D:3      | 11990 ||| Stepping randomly (stuck).
 12015 | D:4      | 12015 ||| PLANNING CONVERSION TO OKAWARU
 12017 | D:3      | 12017 ||| PLANNING D:1-11
 12038 | D:3      | 12038 ||| PLANNING CONVERSION TO OKAWARU
 12038 | D:3      | 12038 ||| PLANNING D:1-11
 12038 | D:3      | 12038 ||| Stepping randomly (stuck).
 12063 | D:4      | 12063 ||| PLANNING CONVERSION TO OKAWARU
 12065 | D:3      | 12065 ||| PLANNING D:1-11
 12086 | D:3      | 12086 ||| PLANNING CONVERSION TO OKAWARU
 12086 | D:3      | 12086 ||| PLANNING D:1-11
 12086 | D:3      | 12086 ||| Stepping randomly (stuck).
 12111 | D:4      | 12111 ||| PLANNING CONVERSION TO OKAWARU
 12113 | D:3      | 12113 ||| PLANNING D:1-11
 12134 | D:3      | 12134 ||| PLANNING CONVERSION TO OKAWARU
 12134 | D:3      | 12134 ||| PLANNING D:1-11
 12134 | D:3      | 12134 ||| Stepping randomly (stuck).
 12159 | D:4      | 12159 ||| PLANNING CONVERSION TO OKAWARU
 12161 | D:3      | 12161 ||| PLANNING D:1-11
 12182 | D:3      | 12182 ||| PLANNING CONVERSION TO OKAWARU
 12182 | D:3      | 12182 ||| PLANNING D:1-11
 12182 | D:3      | 12182 ||| Stepping randomly (stuck).
 12207 | D:4      | 12207 ||| PLANNING CONVERSION TO OKAWARU
 12209 | D:3      | 12209 ||| PLANNING D:1-11
 12230 | D:3      | 12230 ||| PLANNING CONVERSION TO OKAWARU
 12230 | D:3      | 12230 ||| PLANNING D:1-11
 12230 | D:3      | 12230 ||| Stepping randomly (stuck).
 12255 | D:4      | 12255 ||| PLANNING CONVERSION TO OKAWARU
 12257 | D:3      | 12257 ||| PLANNING D:1-11
 12278 | D:3      | 12278 ||| PLANNING CONVERSION TO OKAWARU
 12278 | D:3      | 12278 ||| PLANNING D:1-11
 12278 | D:3      | 12278 ||| Stepping randomly (stuck).
 12303 | D:4      | 12303 ||| PLANNING CONVERSION TO OKAWARU
 12305 | D:3      | 12305 ||| PLANNING D:1-11
 12326 | D:3      | 12326 ||| PLANNING CONVERSION TO OKAWARU
 12326 | D:3      | 12326 ||| PLANNING D:1-11
 12326 | D:3      | 12326 ||| Stepping randomly (stuck).
 12351 | D:4      | 12351 ||| PLANNING CONVERSION TO OKAWARU
 12353 | D:3      | 12353 ||| PLANNING D:1-11
 12374 | D:3      | 12374 ||| PLANNING CONVERSION TO OKAWARU
 12374 | D:3      | 12374 ||| PLANNING D:1-11
 12374 | D:3      | 12374 ||| Stepping randomly (stuck).
 12399 | D:4      | 12399 ||| PLANNING CONVERSION TO OKAWARU
 12401 | D:3      | 12401 ||| PLANNING D:1-11
 12422 | D:3      | 12422 ||| PLANNING CONVERSION TO OKAWARU
 12422 | D:3      | 12422 ||| PLANNING D:1-11
 12422 | D:3      | 12422 ||| Stepping randomly (stuck).
 12447 | D:4      | 12447 ||| PLANNING CONVERSION TO OKAWARU
 12449 | D:3      | 12449 ||| PLANNING D:1-11
 12470 | D:3      | 12470 ||| PLANNING CONVERSION TO OKAWARU
 12470 | D:3      | 12470 ||| PLANNING D:1-11
 12470 | D:3      | 12470 ||| Stepping randomly (stuck).
 12495 | D:4      | 12495 ||| PLANNING CONVERSION TO OKAWARU
 12497 | D:3      | 12497 ||| PLANNING D:1-11
 12518 | D:3      | 12518 ||| PLANNING CONVERSION TO OKAWARU
 12518 | D:3      | 12518 ||| PLANNING D:1-11
 12518 | D:3      | 12518 ||| Stepping randomly (stuck).
 12543 | D:4      | 12543 ||| PLANNING CONVERSION TO OKAWARU
 12545 | D:3      | 12545 ||| PLANNING D:1-11
 12566 | D:3      | 12566 ||| PLANNING CONVERSION TO OKAWARU
 12566 | D:3      | 12566 ||| PLANNING D:1-11
 12566 | D:3      | 12566 ||| Stepping randomly (stuck).
 12591 | D:4      | 12591 ||| PLANNING CONVERSION TO OKAWARU
 12593 | D:3      | 12593 ||| PLANNING D:1-11
 12614 | D:3      | 12614 ||| PLANNING CONVERSION TO OKAWARU
 12614 | D:3      | 12614 ||| PLANNING D:1-11
 12614 | D:3      | 12614 ||| Stepping randomly (stuck).
 12639 | D:4      | 12639 ||| PLANNING CONVERSION TO OKAWARU
 12641 | D:3      | 12641 ||| PLANNING D:1-11
 12662 | D:3      | 12662 ||| PLANNING CONVERSION TO OKAWARU
 12662 | D:3      | 12662 ||| PLANNING D:1-11
 12662 | D:3      | 12662 ||| Stepping randomly (stuck).
 12687 | D:4      | 12687 ||| PLANNING CONVERSION TO OKAWARU
 12689 | D:3      | 12689 ||| PLANNING D:1-11
 12710 | D:3      | 12710 ||| PLANNING CONVERSION TO OKAWARU
 12710 | D:3      | 12710 ||| PLANNING D:1-11
 12710 | D:3      | 12710 ||| Stepping randomly (stuck).
 12735 | D:4      | 12735 ||| PLANNING CONVERSION TO OKAWARU
 12737 | D:3      | 12737 ||| PLANNING D:1-11
 12758 | D:3      | 12758 ||| PLANNING CONVERSION TO OKAWARU
 12758 | D:3      | 12758 ||| PLANNING D:1-11
 12758 | D:3      | 12758 ||| Stepping randomly (stuck).
 12783 | D:4      | 12783 ||| PLANNING CONVERSION TO OKAWARU
 12785 | D:3      | 12785 ||| PLANNING D:1-11
 12806 | D:3      | 12806 ||| PLANNING CONVERSION TO OKAWARU
 12806 | D:3      | 12806 ||| PLANNING D:1-11
 12806 | D:3      | 12806 ||| Stepping randomly (stuck).
 12831 | D:4      | 12831 ||| PLANNING CONVERSION TO OKAWARU
 12833 | D:3      | 12833 ||| PLANNING D:1-11
 12854 | D:3      | 12854 ||| PLANNING CONVERSION TO OKAWARU
 12854 | D:3      | 12854 ||| PLANNING D:1-11
 12854 | D:3      | 12854 ||| Stepping randomly (stuck).
 12879 | D:4      | 12879 ||| PLANNING CONVERSION TO OKAWARU
 12881 | D:3      | 12881 ||| PLANNING D:1-11
 12902 | D:3      | 12902 ||| PLANNING CONVERSION TO OKAWARU
 12902 | D:3      | 12902 ||| PLANNING D:1-11
 12902 | D:3      | 12902 ||| Stepping randomly (stuck).
 12927 | D:4      | 12927 ||| PLANNING CONVERSION TO OKAWARU
 12929 | D:3      | 12929 ||| PLANNING D:1-11
 12950 | D:3      | 12950 ||| PLANNING CONVERSION TO OKAWARU
 12950 | D:3      | 12950 ||| PLANNING D:1-11
 12950 | D:3      | 12950 ||| Stepping randomly (stuck).
 12975 | D:4      | 12975 ||| PLANNING CONVERSION TO OKAWARU
 12977 | D:3      | 12977 ||| PLANNING D:1-11
 12998 | D:3      | 12998 ||| PLANNING CONVERSION TO OKAWARU
 12998 | D:3      | 12998 ||| PLANNING D:1-11
 12998 | D:3      | 12998 ||| Stepping randomly (stuck).
 13023 | D:4      | 13023 ||| PLANNING CONVERSION TO OKAWARU
 13025 | D:3      | 13025 ||| PLANNING D:1-11
 13046 | D:3      | 13046 ||| PLANNING CONVERSION TO OKAWARU
 13046 | D:3      | 13046 ||| PLANNING D:1-11
 13046 | D:3      | 13046 ||| Stepping randomly (stuck).
 13071 | D:4      | 13071 ||| PLANNING CONVERSION TO OKAWARU
 13073 | D:3      | 13073 ||| PLANNING D:1-11
 13094 | D:3      | 13094 ||| PLANNING CONVERSION TO OKAWARU
 13094 | D:3      | 13094 ||| PLANNING D:1-11
 13094 | D:3      | 13094 ||| Stepping randomly (stuck).
 13119 | D:4      | 13119 ||| PLANNING CONVERSION TO OKAWARU
 13121 | D:3      | 13121 ||| PLANNING D:1-11
 13142 | D:3      | 13142 ||| PLANNING CONVERSION TO OKAWARU
 13142 | D:3      | 13142 ||| PLANNING D:1-11
 13142 | D:3      | 13142 ||| Stepping randomly (stuck).
 13167 | D:4      | 13167 ||| PLANNING CONVERSION TO OKAWARU
 13169 | D:3      | 13169 ||| PLANNING D:1-11
 13190 | D:3      | 13190 ||| PLANNING CONVERSION TO OKAWARU
 13190 | D:3      | 13190 ||| PLANNING D:1-11
 13190 | D:3      | 13190 ||| Stepping randomly (stuck).
 13215 | D:4      | 13215 ||| PLANNING CONVERSION TO OKAWARU
 13217 | D:3      | 13217 ||| PLANNING D:1-11
 13238 | D:3      | 13238 ||| PLANNING CONVERSION TO OKAWARU
 13238 | D:3      | 13238 ||| PLANNING D:1-11
 13238 | D:3      | 13238 ||| Stepping randomly (stuck).
 13263 | D:4      | 13263 ||| PLANNING CONVERSION TO OKAWARU
 13265 | D:3      | 13265 ||| PLANNING D:1-11
 13286 | D:3      | 13286 ||| PLANNING CONVERSION TO OKAWARU
 13286 | D:3      | 13286 ||| PLANNING D:1-11
 13286 | D:3      | 13286 ||| Stepping randomly (stuck).
 13311 | D:4      | 13311 ||| PLANNING CONVERSION TO OKAWARU
 13313 | D:3      | 13313 ||| PLANNING D:1-11
 13334 | D:3      | 13334 ||| PLANNING CONVERSION TO OKAWARU
 13334 | D:3      | 13334 ||| PLANNING D:1-11
 13334 | D:3      | 13334 ||| Stepping randomly (stuck).
 13359 | D:4      | 13359 ||| PLANNING CONVERSION TO OKAWARU
 13361 | D:3      | 13361 ||| PLANNING D:1-11
 13382 | D:3      | 13382 ||| PLANNING CONVERSION TO OKAWARU
 13382 | D:3      | 13382 ||| PLANNING D:1-11
 13382 | D:3      | 13382 ||| Stepping randomly (stuck).
 13407 | D:4      | 13407 ||| PLANNING CONVERSION TO OKAWARU
 13409 | D:3      | 13409 ||| PLANNING D:1-11
 13430 | D:3      | 13430 ||| PLANNING CONVERSION TO OKAWARU
 13430 | D:3      | 13430 ||| PLANNING D:1-11
 13430 | D:3      | 13430 ||| Stepping randomly (stuck).
 13455 | D:4      | 13455 ||| PLANNING CONVERSION TO OKAWARU
 13457 | D:3      | 13457 ||| PLANNING D:1-11
 13478 | D:3      | 13478 ||| PLANNING CONVERSION TO OKAWARU
 13478 | D:3      | 13478 ||| PLANNING D:1-11
 13478 | D:3      | 13478 ||| Stepping randomly (stuck).
 13503 | D:4      | 13503 ||| PLANNING CONVERSION TO OKAWARU
 13505 | D:3      | 13505 ||| PLANNING D:1-11
 13526 | D:3      | 13526 ||| PLANNING CONVERSION TO OKAWARU
 13526 | D:3      | 13526 ||| PLANNING D:1-11
 13526 | D:3      | 13526 ||| Stepping randomly (stuck).
 13551 | D:4      | 13551 ||| PLANNING CONVERSION TO OKAWARU
 13553 | D:3      | 13553 ||| PLANNING D:1-11
 13574 | D:3      | 13574 ||| PLANNING CONVERSION TO OKAWARU
 13574 | D:3      | 13574 ||| PLANNING D:1-11
 13574 | D:3      | 13574 ||| Stepping randomly (stuck).
 13599 | D:4      | 13599 ||| PLANNING CONVERSION TO OKAWARU
 13601 | D:3      | 13601 ||| PLANNING D:1-11
 13622 | D:3      | 13622 ||| PLANNING CONVERSION TO OKAWARU
 13622 | D:3      | 13622 ||| PLANNING D:1-11
 13622 | D:3      | 13622 ||| Stepping randomly (stuck).
 13647 | D:4      | 13647 ||| PLANNING CONVERSION TO OKAWARU
 13649 | D:3      | 13649 ||| PLANNING D:1-11
 13670 | D:3      | 13670 ||| PLANNING CONVERSION TO OKAWARU
 13670 | D:3      | 13670 ||| PLANNING D:1-11
 13670 | D:3      | 13670 ||| Stepping randomly (stuck).
 13695 | D:4      | 13695 ||| PLANNING CONVERSION TO OKAWARU
 13697 | D:3      | 13697 ||| PLANNING D:1-11
 13718 | D:3      | 13718 ||| PLANNING CONVERSION TO OKAWARU
 13718 | D:3      | 13718 ||| PLANNING D:1-11
 13718 | D:3      | 13718 ||| Stepping randomly (stuck).
 13743 | D:4      | 13743 ||| PLANNING CONVERSION TO OKAWARU
 13745 | D:3      | 13745 ||| PLANNING D:1-11
 13766 | D:3      | 13766 ||| PLANNING CONVERSION TO OKAWARU
 13766 | D:3      | 13766 ||| PLANNING D:1-11
 13766 | D:3      | 13766 ||| Stepping randomly (stuck).
 13791 | D:4      | 13791 ||| PLANNING CONVERSION TO OKAWARU
 13793 | D:3      | 13793 ||| PLANNING D:1-11
 13814 | D:3      | 13814 ||| PLANNING CONVERSION TO OKAWARU
 13814 | D:3      | 13814 ||| PLANNING D:1-11
 13814 | D:3      | 13814 ||| Stepping randomly (stuck).
 13839 | D:4      | 13839 ||| PLANNING CONVERSION TO OKAWARU
 13841 | D:3      | 13841 ||| PLANNING D:1-11
 13862 | D:3      | 13862 ||| PLANNING CONVERSION TO OKAWARU
 13862 | D:3      | 13862 ||| PLANNING D:1-11
 13862 | D:3      | 13862 ||| Stepping randomly (stuck).
 13887 | D:4      | 13887 ||| PLANNING CONVERSION TO OKAWARU
 13889 | D:3      | 13889 ||| PLANNING D:1-11
 13910 | D:3      | 13910 ||| PLANNING CONVERSION TO OKAWARU
 13910 | D:3      | 13910 ||| PLANNING D:1-11
 13910 | D:3      | 13910 ||| Stepping randomly (stuck).
 13935 | D:4      | 13935 ||| PLANNING CONVERSION TO OKAWARU
 13937 | D:3      | 13937 ||| PLANNING D:1-11
 13958 | D:3      | 13958 ||| PLANNING CONVERSION TO OKAWARU
 13958 | D:3      | 13958 ||| PLANNING D:1-11
 13958 | D:3      | 13958 ||| Stepping randomly (stuck).
 13983 | D:4      | 13983 ||| PLANNING CONVERSION TO OKAWARU
 13985 | D:3      | 13985 ||| PLANNING D:1-11
 14006 | D:3      | 14006 ||| PLANNING CONVERSION TO OKAWARU
 14006 | D:3      | 14006 ||| PLANNING D:1-11
 14006 | D:3      | 14006 ||| Stepping randomly (stuck).
 14031 | D:4      | 14031 ||| PLANNING CONVERSION TO OKAWARU
 14033 | D:3      | 14033 ||| PLANNING D:1-11
 14054 | D:3      | 14054 ||| PLANNING CONVERSION TO OKAWARU
 14054 | D:3      | 14054 ||| PLANNING D:1-11
 14054 | D:3      | 14054 ||| Stepping randomly (stuck).
 14079 | D:4      | 14079 ||| PLANNING CONVERSION TO OKAWARU
 14081 | D:3      | 14081 ||| PLANNING D:1-11
 14102 | D:3      | 14102 ||| PLANNING CONVERSION TO OKAWARU
 14102 | D:3      | 14102 ||| PLANNING D:1-11
 14102 | D:3      | 14102 ||| Stepping randomly (stuck).
 14127 | D:4      | 14127 ||| PLANNING CONVERSION TO OKAWARU
 14129 | D:3      | 14129 ||| PLANNING D:1-11
 14150 | D:3      | 14150 ||| PLANNING CONVERSION TO OKAWARU
 14150 | D:3      | 14150 ||| PLANNING D:1-11
 14150 | D:3      | 14150 ||| Stepping randomly (stuck).
 14175 | D:4      | 14175 ||| PLANNING CONVERSION TO OKAWARU
 14177 | D:3      | 14177 ||| PLANNING D:1-11
 14198 | D:3      | 14198 ||| PLANNING CONVERSION TO OKAWARU
 14198 | D:3      | 14198 ||| PLANNING D:1-11
 14198 | D:3      | 14198 ||| Stepping randomly (stuck).
 14223 | D:4      | 14223 ||| PLANNING CONVERSION TO OKAWARU
 14225 | D:3      | 14225 ||| PLANNING D:1-11
 14246 | D:3      | 14246 ||| PLANNING CONVERSION TO OKAWARU
 14246 | D:3      | 14246 ||| PLANNING D:1-11
 14246 | D:3      | 14246 ||| Stepping randomly (stuck).
 14271 | D:4      | 14271 ||| PLANNING CONVERSION TO OKAWARU
 14273 | D:3      | 14273 ||| PLANNING D:1-11
 14294 | D:3      | 14294 ||| PLANNING CONVERSION TO OKAWARU
 14294 | D:3      | 14294 ||| PLANNING D:1-11
 14294 | D:3      | 14294 ||| Stepping randomly (stuck).
 14319 | D:4      | 14319 ||| PLANNING CONVERSION TO OKAWARU
 14321 | D:3      | 14321 ||| PLANNING D:1-11
 14342 | D:3      | 14342 ||| PLANNING CONVERSION TO OKAWARU
 14342 | D:3      | 14342 ||| PLANNING D:1-11
 14342 | D:3      | 14342 ||| Stepping randomly (stuck).
 14367 | D:4      | 14367 ||| PLANNING CONVERSION TO OKAWARU
 14369 | D:3      | 14369 ||| PLANNING D:1-11
 14390 | D:3      | 14390 ||| PLANNING CONVERSION TO OKAWARU
 14390 | D:3      | 14390 ||| PLANNING D:1-11
 14390 | D:3      | 14390 ||| Stepping randomly (stuck).
 14415 | D:4      | 14415 ||| PLANNING CONVERSION TO OKAWARU
 14417 | D:3      | 14417 ||| PLANNING D:1-11
 14438 | D:3      | 14438 ||| PLANNING CONVERSION TO OKAWARU
 14438 | D:3      | 14438 ||| PLANNING D:1-11
 14438 | D:3      | 14438 ||| Stepping randomly (stuck).
 14463 | D:4      | 14463 ||| PLANNING CONVERSION TO OKAWARU
 14465 | D:3      | 14465 ||| PLANNING D:1-11
 14486 | D:3      | 14486 ||| PLANNING CONVERSION TO OKAWARU
 14486 | D:3      | 14486 ||| PLANNING D:1-11
 14486 | D:3      | 14486 ||| Stepping randomly (stuck).
 14511 | D:4      | 14511 ||| PLANNING CONVERSION TO OKAWARU
 14513 | D:3      | 14513 ||| PLANNING D:1-11
 14534 | D:3      | 14534 ||| PLANNING CONVERSION TO OKAWARU
 14534 | D:3      | 14534 ||| PLANNING D:1-11
 14534 | D:3      | 14534 ||| Stepping randomly (stuck).
 14559 | D:4      | 14559 ||| PLANNING CONVERSION TO OKAWARU
 14561 | D:3      | 14561 ||| PLANNING D:1-11
 14582 | D:3      | 14582 ||| PLANNING CONVERSION TO OKAWARU
 14582 | D:3      | 14582 ||| PLANNING D:1-11
 14582 | D:3      | 14582 ||| Stepping randomly (stuck).
 14607 | D:4      | 14607 ||| PLANNING CONVERSION TO OKAWARU
 14609 | D:3      | 14609 ||| PLANNING D:1-11
 14630 | D:3      | 14630 ||| PLANNING CONVERSION TO OKAWARU
 14630 | D:3      | 14630 ||| PLANNING D:1-11
 14630 | D:3      | 14630 ||| Stepping randomly (stuck).
 14655 | D:4      | 14655 ||| PLANNING CONVERSION TO OKAWARU
 14657 | D:3      | 14657 ||| PLANNING D:1-11
 14678 | D:3      | 14678 ||| PLANNING CONVERSION TO OKAWARU
 14678 | D:3      | 14678 ||| PLANNING D:1-11
 14678 | D:3      | 14678 ||| Stepping randomly (stuck).
 14703 | D:4      | 14703 ||| PLANNING CONVERSION TO OKAWARU
 14705 | D:3      | 14705 ||| PLANNING D:1-11
 14726 | D:3      | 14726 ||| PLANNING CONVERSION TO OKAWARU
 14726 | D:3      | 14726 ||| PLANNING D:1-11
 14726 | D:3      | 14726 ||| Stepping randomly (stuck).
 14751 | D:4      | 14751 ||| PLANNING CONVERSION TO OKAWARU
 14753 | D:3      | 14753 ||| PLANNING D:1-11
 14774 | D:3      | 14774 ||| PLANNING CONVERSION TO OKAWARU
 14774 | D:3      | 14774 ||| PLANNING D:1-11
 14774 | D:3      | 14774 ||| Stepping randomly (stuck).
 14799 | D:4      | 14799 ||| PLANNING CONVERSION TO OKAWARU
 14801 | D:3      | 14801 ||| PLANNING D:1-11
 14822 | D:3      | 14822 ||| PLANNING CONVERSION TO OKAWARU
 14822 | D:3      | 14822 ||| PLANNING D:1-11
 14822 | D:3      | 14822 ||| Stepping randomly (stuck).
 14847 | D:4      | 14847 ||| PLANNING CONVERSION TO OKAWARU
 14849 | D:3      | 14849 ||| PLANNING D:1-11
 14870 | D:3      | 14870 ||| PLANNING CONVERSION TO OKAWARU
 14870 | D:3      | 14870 ||| PLANNING D:1-11
 14870 | D:3      | 14870 ||| Stepping randomly (stuck).
 14895 | D:4      | 14895 ||| PLANNING CONVERSION TO OKAWARU
 14897 | D:3      | 14897 ||| PLANNING D:1-11
 14918 | D:3      | 14918 ||| PLANNING CONVERSION TO OKAWARU
 14918 | D:3      | 14918 ||| PLANNING D:1-11
 14918 | D:3      | 14918 ||| Stepping randomly (stuck).
 14943 | D:4      | 14943 ||| PLANNING CONVERSION TO OKAWARU
 14945 | D:3      | 14945 ||| PLANNING D:1-11
 14966 | D:3      | 14966 ||| PLANNING CONVERSION TO OKAWARU
 14966 | D:3      | 14966 ||| PLANNING D:1-11
 14966 | D:3      | 14966 ||| Stepping randomly (stuck).
 14991 | D:4      | 14991 ||| PLANNING CONVERSION TO OKAWARU
 14993 | D:3      | 14993 ||| PLANNING D:1-11
 15014 | D:3      | 15014 ||| PLANNING CONVERSION TO OKAWARU
 15014 | D:3      | 15014 ||| PLANNING D:1-11
 15014 | D:3      | 15014 ||| Stepping randomly (stuck).
 15039 | D:4      | 15039 ||| PLANNING CONVERSION TO OKAWARU
 15041 | D:3      | 15041 ||| PLANNING D:1-11
 15062 | D:3      | 15062 ||| PLANNING CONVERSION TO OKAWARU
 15062 | D:3      | 15062 ||| PLANNING D:1-11
 15062 | D:3      | 15062 ||| Stepping randomly (stuck).
 15087 | D:4      | 15087 ||| PLANNING CONVERSION TO OKAWARU
 15089 | D:3      | 15089 ||| PLANNING D:1-11
 15110 | D:3      | 15110 ||| PLANNING CONVERSION TO OKAWARU
 15110 | D:3      | 15110 ||| PLANNING D:1-11
 15110 | D:3      | 15110 ||| Stepping randomly (stuck).
 15135 | D:4      | 15135 ||| PLANNING CONVERSION TO OKAWARU
 15137 | D:3      | 15137 ||| PLANNING D:1-11
 15158 | D:3      | 15158 ||| PLANNING CONVERSION TO OKAWARU
 15158 | D:3      | 15158 ||| PLANNING D:1-11
 15158 | D:3      | 15158 ||| Stepping randomly (stuck).
 15183 | D:4      | 15183 ||| PLANNING CONVERSION TO OKAWARU
 15185 | D:3      | 15185 ||| PLANNING D:1-11
 15206 | D:3      | 15206 ||| PLANNING CONVERSION TO OKAWARU
 15206 | D:3      | 15206 ||| PLANNING D:1-11
 15206 | D:3      | 15206 ||| Stepping randomly (stuck).
 15231 | D:4      | 15231 ||| PLANNING CONVERSION TO OKAWARU
 15233 | D:3      | 15233 ||| PLANNING D:1-11
 15254 | D:3      | 15254 ||| PLANNING CONVERSION TO OKAWARU
 15254 | D:3      | 15254 ||| PLANNING D:1-11
 15254 | D:3      | 15254 ||| Stepping randomly (stuck).
 15279 | D:4      | 15279 ||| PLANNING CONVERSION TO OKAWARU
 15281 | D:3      | 15281 ||| PLANNING D:1-11
 15302 | D:3      | 15302 ||| PLANNING CONVERSION TO OKAWARU
 15302 | D:3      | 15302 ||| PLANNING D:1-11
 15302 | D:3      | 15302 ||| Stepping randomly (stuck).
 15327 | D:4      | 15327 ||| PLANNING CONVERSION TO OKAWARU
 15329 | D:3      | 15329 ||| PLANNING D:1-11
 15350 | D:3      | 15350 ||| PLANNING CONVERSION TO OKAWARU
 15350 | D:3      | 15350 ||| PLANNING D:1-11
 15350 | D:3      | 15350 ||| Stepping randomly (stuck).
 15375 | D:4      | 15375 ||| PLANNING CONVERSION TO OKAWARU
 15377 | D:3      | 15377 ||| PLANNING D:1-11
 15398 | D:3      | 15398 ||| PLANNING CONVERSION TO OKAWARU
 15398 | D:3      | 15398 ||| PLANNING D:1-11
 15398 | D:3      | 15398 ||| Stepping randomly (stuck).
 15423 | D:4      | 15423 ||| PLANNING CONVERSION TO OKAWARU
 15425 | D:3      | 15425 ||| PLANNING D:1-11
 15446 | D:3      | 15446 ||| PLANNING CONVERSION TO OKAWARU
 15446 | D:3      | 15446 ||| PLANNING D:1-11
 15446 | D:3      | 15446 ||| Stepping randomly (stuck).
 15471 | D:4      | 15471 ||| PLANNING CONVERSION TO OKAWARU
 15473 | D:3      | 15473 ||| PLANNING D:1-11
 15494 | D:3      | 15494 ||| PLANNING CONVERSION TO OKAWARU
 15494 | D:3      | 15494 ||| PLANNING D:1-11
 15494 | D:3      | 15494 ||| Stepping randomly (stuck).
 15519 | D:4      | 15519 ||| PLANNING CONVERSION TO OKAWARU
 15521 | D:3      | 15521 ||| PLANNING D:1-11
 15542 | D:3      | 15542 ||| PLANNING CONVERSION TO OKAWARU
 15542 | D:3      | 15542 ||| PLANNING D:1-11
 15542 | D:3      | 15542 ||| Stepping randomly (stuck).
 15567 | D:4      | 15567 ||| PLANNING CONVERSION TO OKAWARU
 15569 | D:3      | 15569 ||| PLANNING D:1-11
 15590 | D:3      | 15590 ||| PLANNING CONVERSION TO OKAWARU
 15590 | D:3      | 15590 ||| PLANNING D:1-11
 15590 | D:3      | 15590 ||| Stepping randomly (stuck).
 15615 | D:4      | 15615 ||| PLANNING CONVERSION TO OKAWARU
 15617 | D:3      | 15617 ||| PLANNING D:1-11
 15638 | D:3      | 15638 ||| PLANNING CONVERSION TO OKAWARU
 15638 | D:3      | 15638 ||| PLANNING D:1-11
 15638 | D:3      | 15638 ||| Stepping randomly (stuck).
 15663 | D:4      | 15663 ||| PLANNING CONVERSION TO OKAWARU
 15665 | D:3      | 15665 ||| PLANNING D:1-11
 15686 | D:3      | 15686 ||| PLANNING CONVERSION TO OKAWARU
 15686 | D:3      | 15686 ||| PLANNING D:1-11
 15686 | D:3      | 15686 ||| Stepping randomly (stuck).
 15711 | D:4      | 15711 ||| PLANNING CONVERSION TO OKAWARU
 15713 | D:3      | 15713 ||| PLANNING D:1-11
 15734 | D:3      | 15734 ||| PLANNING CONVERSION TO OKAWARU
 15734 | D:3      | 15734 ||| PLANNING D:1-11
 15734 | D:3      | 15734 ||| Stepping randomly (stuck).
 15759 | D:4      | 15759 ||| PLANNING CONVERSION TO OKAWARU
 15761 | D:3      | 15761 ||| PLANNING D:1-11
 15782 | D:3      | 15782 ||| PLANNING CONVERSION TO OKAWARU
 15782 | D:3      | 15782 ||| PLANNING D:1-11
 15782 | D:3      | 15782 ||| Stepping randomly (stuck).
 15807 | D:4      | 15807 ||| PLANNING CONVERSION TO OKAWARU
 15809 | D:3      | 15809 ||| PLANNING D:1-11
 15830 | D:3      | 15830 ||| PLANNING CONVERSION TO OKAWARU
 15830 | D:3      | 15830 ||| PLANNING D:1-11
 15830 | D:3      | 15830 ||| Stepping randomly (stuck).
 15855 | D:4      | 15855 ||| PLANNING CONVERSION TO OKAWARU
 15857 | D:3      | 15857 ||| PLANNING D:1-11
 15878 | D:3      | 15878 ||| PLANNING CONVERSION TO OKAWARU
 15878 | D:3      | 15878 ||| PLANNING D:1-11
 15878 | D:3      | 15878 ||| Stepping randomly (stuck).
 15903 | D:4      | 15903 ||| PLANNING CONVERSION TO OKAWARU
 15905 | D:3      | 15905 ||| PLANNING D:1-11
 15926 | D:3      | 15926 ||| PLANNING CONVERSION TO OKAWARU
 15926 | D:3      | 15926 ||| PLANNING D:1-11
 15926 | D:3      | 15926 ||| Stepping randomly (stuck).
 15951 | D:4      | 15951 ||| PLANNING CONVERSION TO OKAWARU
 15953 | D:3      | 15953 ||| PLANNING D:1-11
 15974 | D:3      | 15974 ||| PLANNING CONVERSION TO OKAWARU
 15974 | D:3      | 15974 ||| PLANNING D:1-11
 15974 | D:3      | 15974 ||| Stepping randomly (stuck).
 15999 | D:4      | 15999 ||| PLANNING CONVERSION TO OKAWARU
 16001 | D:3      | 16001 ||| PLANNING D:1-11
 16022 | D:3      | 16022 ||| PLANNING CONVERSION TO OKAWARU
 16022 | D:3      | 16022 ||| PLANNING D:1-11
 16022 | D:3      | 16022 ||| Stepping randomly (stuck).
 16047 | D:4      | 16047 ||| PLANNING CONVERSION TO OKAWARU
 16049 | D:3      | 16049 ||| PLANNING D:1-11
 16070 | D:3      | 16070 ||| PLANNING CONVERSION TO OKAWARU
 16070 | D:3      | 16070 ||| PLANNING D:1-11
 16070 | D:3      | 16070 ||| Stepping randomly (stuck).
 16095 | D:4      | 16095 ||| PLANNING CONVERSION TO OKAWARU
 16097 | D:3      | 16097 ||| PLANNING D:1-11
 16118 | D:3      | 16118 ||| PLANNING CONVERSION TO OKAWARU
 16118 | D:3      | 16118 ||| PLANNING D:1-11
 16118 | D:3      | 16118 ||| Stepping randomly (stuck).
 16143 | D:4      | 16143 ||| PLANNING CONVERSION TO OKAWARU
 16145 | D:3      | 16145 ||| PLANNING D:1-11
 16166 | D:3      | 16166 ||| PLANNING CONVERSION TO OKAWARU
 16166 | D:3      | 16166 ||| PLANNING D:1-11
 16166 | D:3      | 16166 ||| Stepping randomly (stuck).
 16191 | D:4      | 16191 ||| PLANNING CONVERSION TO OKAWARU
 16193 | D:3      | 16193 ||| PLANNING D:1-11
 16214 | D:3      | 16214 ||| PLANNING CONVERSION TO OKAWARU
 16214 | D:3      | 16214 ||| PLANNING D:1-11
 16214 | D:3      | 16214 ||| Stepping randomly (stuck).
 16239 | D:4      | 16239 ||| PLANNING CONVERSION TO OKAWARU
 16241 | D:3      | 16241 ||| PLANNING D:1-11
 16262 | D:3      | 16262 ||| PLANNING CONVERSION TO OKAWARU
 16262 | D:3      | 16262 ||| PLANNING D:1-11
 16262 | D:3      | 16262 ||| Stepping randomly (stuck).
 16287 | D:4      | 16287 ||| PLANNING CONVERSION TO OKAWARU
 16289 | D:3      | 16289 ||| PLANNING D:1-11
 16310 | D:3      | 16310 ||| PLANNING CONVERSION TO OKAWARU
 16310 | D:3      | 16310 ||| PLANNING D:1-11
 16310 | D:3      | 16310 ||| Stepping randomly (stuck).
 16335 | D:4      | 16335 ||| PLANNING CONVERSION TO OKAWARU
 16337 | D:3      | 16337 ||| PLANNING D:1-11
 16358 | D:3      | 16358 ||| PLANNING CONVERSION TO OKAWARU
 16358 | D:3      | 16358 ||| PLANNING D:1-11
 16358 | D:3      | 16358 ||| Stepping randomly (stuck).
 16383 | D:4      | 16383 ||| PLANNING CONVERSION TO OKAWARU
 16385 | D:3      | 16385 ||| PLANNING D:1-11
 16406 | D:3      | 16406 ||| PLANNING CONVERSION TO OKAWARU
 16406 | D:3      | 16406 ||| PLANNING D:1-11
 16406 | D:3      | 16406 ||| Stepping randomly (stuck).
 16431 | D:4      | 16431 ||| PLANNING CONVERSION TO OKAWARU
 16433 | D:3      | 16433 ||| PLANNING D:1-11
 16454 | D:3      | 16454 ||| PLANNING CONVERSION TO OKAWARU
 16454 | D:3      | 16454 ||| PLANNING D:1-11
 16454 | D:3      | 16454 ||| Stepping randomly (stuck).
 16479 | D:4      | 16479 ||| PLANNING CONVERSION TO OKAWARU
 16481 | D:3      | 16481 ||| PLANNING D:1-11
 16502 | D:3      | 16502 ||| PLANNING CONVERSION TO OKAWARU
 16502 | D:3      | 16502 ||| PLANNING D:1-11
 16502 | D:3      | 16502 ||| Stepping randomly (stuck).
 16527 | D:4      | 16527 ||| PLANNING CONVERSION TO OKAWARU
 16529 | D:3      | 16529 ||| PLANNING D:1-11
 16550 | D:3      | 16550 ||| PLANNING CONVERSION TO OKAWARU
 16550 | D:3      | 16550 ||| PLANNING D:1-11
 16550 | D:3      | 16550 ||| Stepping randomly (stuck).
 16575 | D:4      | 16575 ||| PLANNING CONVERSION TO OKAWARU
 16577 | D:3      | 16577 ||| PLANNING D:1-11
 16598 | D:3      | 16598 ||| PLANNING CONVERSION TO OKAWARU
 16598 | D:3      | 16598 ||| PLANNING D:1-11
 16598 | D:3      | 16598 ||| Stepping randomly (stuck).
 16623 | D:4      | 16623 ||| PLANNING CONVERSION TO OKAWARU
 16625 | D:3      | 16625 ||| PLANNING D:1-11
 16646 | D:3      | 16646 ||| PLANNING CONVERSION TO OKAWARU
 16646 | D:3      | 16646 ||| PLANNING D:1-11
 16646 | D:3      | 16646 ||| Stepping randomly (stuck).
 16671 | D:4      | 16671 ||| PLANNING CONVERSION TO OKAWARU
 16673 | D:3      | 16673 ||| PLANNING D:1-11
 16694 | D:3      | 16694 ||| PLANNING CONVERSION TO OKAWARU
 16694 | D:3      | 16694 ||| PLANNING D:1-11
 16694 | D:3      | 16694 ||| Stepping randomly (stuck).
 16719 | D:4      | 16719 ||| PLANNING CONVERSION TO OKAWARU
 16721 | D:3      | 16721 ||| PLANNING D:1-11
 16742 | D:3      | 16742 ||| PLANNING CONVERSION TO OKAWARU
 16742 | D:3      | 16742 ||| PLANNING D:1-11
 16742 | D:3      | 16742 ||| Stepping randomly (stuck).
 16767 | D:4      | 16767 ||| PLANNING CONVERSION TO OKAWARU
 16769 | D:3      | 16769 ||| PLANNING D:1-11
 16790 | D:3      | 16790 ||| PLANNING CONVERSION TO OKAWARU
 16790 | D:3      | 16790 ||| PLANNING D:1-11
 16790 | D:3      | 16790 ||| Stepping randomly (stuck).
 16815 | D:4      | 16815 ||| PLANNING CONVERSION TO OKAWARU
 16817 | D:3      | 16817 ||| PLANNING D:1-11
 16838 | D:3      | 16838 ||| PLANNING CONVERSION TO OKAWARU
 16838 | D:3      | 16838 ||| PLANNING D:1-11
 16838 | D:3      | 16838 ||| Stepping randomly (stuck).
 16863 | D:4      | 16863 ||| PLANNING CONVERSION TO OKAWARU
 16865 | D:3      | 16865 ||| PLANNING D:1-11
 16886 | D:3      | 16886 ||| PLANNING CONVERSION TO OKAWARU
 16886 | D:3      | 16886 ||| PLANNING D:1-11
 16886 | D:3      | 16886 ||| Stepping randomly (stuck).
 16911 | D:4      | 16911 ||| PLANNING CONVERSION TO OKAWARU
 16913 | D:3      | 16913 ||| PLANNING D:1-11
 16934 | D:3      | 16934 ||| PLANNING CONVERSION TO OKAWARU
 16934 | D:3      | 16934 ||| PLANNING D:1-11
 16934 | D:3      | 16934 ||| Stepping randomly (stuck).
 16959 | D:4      | 16959 ||| PLANNING CONVERSION TO OKAWARU
 16961 | D:3      | 16961 ||| PLANNING D:1-11
 16982 | D:3      | 16982 ||| PLANNING CONVERSION TO OKAWARU
 16982 | D:3      | 16982 ||| PLANNING D:1-11
 16982 | D:3      | 16982 ||| Stepping randomly (stuck).
 17007 | D:4      | 17007 ||| PLANNING CONVERSION TO OKAWARU
 17009 | D:3      | 17009 ||| PLANNING D:1-11
 17030 | D:3      | 17030 ||| PLANNING CONVERSION TO OKAWARU
 17030 | D:3      | 17030 ||| PLANNING D:1-11
 17030 | D:3      | 17030 ||| Stepping randomly (stuck).
 17055 | D:4      | 17055 ||| PLANNING CONVERSION TO OKAWARU
 17057 | D:3      | 17057 ||| PLANNING D:1-11
 17078 | D:3      | 17078 ||| PLANNING CONVERSION TO OKAWARU
 17078 | D:3      | 17078 ||| PLANNING D:1-11
 17078 | D:3      | 17078 ||| Stepping randomly (stuck).
 17103 | D:4      | 17103 ||| PLANNING CONVERSION TO OKAWARU
 17105 | D:3      | 17105 ||| PLANNING D:1-11
 17126 | D:3      | 17126 ||| PLANNING CONVERSION TO OKAWARU
 17126 | D:3      | 17126 ||| PLANNING D:1-11
 17126 | D:3      | 17126 ||| Stepping randomly (stuck).
 17151 | D:4      | 17151 ||| PLANNING CONVERSION TO OKAWARU
 17153 | D:3      | 17153 ||| PLANNING D:1-11
 17174 | D:3      | 17174 ||| PLANNING CONVERSION TO OKAWARU
 17174 | D:3      | 17174 ||| PLANNING D:1-11
 17174 | D:3      | 17174 ||| Stepping randomly (stuck).
 17199 | D:4      | 17199 ||| PLANNING CONVERSION TO OKAWARU
 17201 | D:3      | 17201 ||| PLANNING D:1-11
 17222 | D:3      | 17222 ||| PLANNING CONVERSION TO OKAWARU
 17222 | D:3      | 17222 ||| PLANNING D:1-11
 17222 | D:3      | 17222 ||| Stepping randomly (stuck).
 17247 | D:4      | 17247 ||| PLANNING CONVERSION TO OKAWARU
 17249 | D:3      | 17249 ||| PLANNING D:1-11
 17270 | D:3      | 17270 ||| PLANNING CONVERSION TO OKAWARU
 17270 | D:3      | 17270 ||| PLANNING D:1-11
 17270 | D:3      | 17270 ||| Stepping randomly (stuck).
 17295 | D:4      | 17295 ||| PLANNING CONVERSION TO OKAWARU
 17297 | D:3      | 17297 ||| PLANNING D:1-11
 17318 | D:3      | 17318 ||| PLANNING CONVERSION TO OKAWARU
 17318 | D:3      | 17318 ||| PLANNING D:1-11
 17318 | D:3      | 17318 ||| Stepping randomly (stuck).
 17343 | D:4      | 17343 ||| PLANNING CONVERSION TO OKAWARU
 17345 | D:3      | 17345 ||| PLANNING D:1-11
 17366 | D:3      | 17366 ||| PLANNING CONVERSION TO OKAWARU
 17366 | D:3      | 17366 ||| PLANNING D:1-11
 17366 | D:3      | 17366 ||| Stepping randomly (stuck).
 17391 | D:4      | 17391 ||| PLANNING CONVERSION TO OKAWARU
 17393 | D:3      | 17393 ||| PLANNING D:1-11
 17414 | D:3      | 17414 ||| PLANNING CONVERSION TO OKAWARU
 17414 | D:3      | 17414 ||| PLANNING D:1-11
 17414 | D:3      | 17414 ||| Stepping randomly (stuck).
 17439 | D:4      | 17439 ||| PLANNING CONVERSION TO OKAWARU
 17441 | D:3      | 17441 ||| PLANNING D:1-11
 17462 | D:3      | 17462 ||| PLANNING CONVERSION TO OKAWARU
 17462 | D:3      | 17462 ||| PLANNING D:1-11
 17462 | D:3      | 17462 ||| Stepping randomly (stuck).
 17487 | D:4      | 17487 ||| PLANNING CONVERSION TO OKAWARU
 17489 | D:3      | 17489 ||| PLANNING D:1-11
 17510 | D:3      | 17510 ||| PLANNING CONVERSION TO OKAWARU
 17510 | D:3      | 17510 ||| PLANNING D:1-11
 17510 | D:3      | 17510 ||| Stepping randomly (stuck).
 17535 | D:4      | 17535 ||| PLANNING CONVERSION TO OKAWARU
 17537 | D:3      | 17537 ||| PLANNING D:1-11
 17558 | D:3      | 17558 ||| PLANNING CONVERSION TO OKAWARU
 17558 | D:3      | 17558 ||| PLANNING D:1-11
 17558 | D:3      | 17558 ||| Stepping randomly (stuck).
 17583 | D:4      | 17583 ||| PLANNING CONVERSION TO OKAWARU
 17585 | D:3      | 17585 ||| PLANNING D:1-11
 17606 | D:3      | 17606 ||| PLANNING CONVERSION TO OKAWARU
 17606 | D:3      | 17606 ||| PLANNING D:1-11
 17606 | D:3      | 17606 ||| Stepping randomly (stuck).
 17631 | D:4      | 17631 ||| PLANNING CONVERSION TO OKAWARU
 17633 | D:3      | 17633 ||| PLANNING D:1-11
 17654 | D:3      | 17654 ||| PLANNING CONVERSION TO OKAWARU
 17654 | D:3      | 17654 ||| PLANNING D:1-11
 17654 | D:3      | 17654 ||| Stepping randomly (stuck).
 17679 | D:4      | 17679 ||| PLANNING CONVERSION TO OKAWARU
 17681 | D:3      | 17681 ||| PLANNING D:1-11
 17702 | D:3      | 17702 ||| PLANNING CONVERSION TO OKAWARU
 17702 | D:3      | 17702 ||| PLANNING D:1-11
 17702 | D:3      | 17702 ||| Stepping randomly (stuck).
 17727 | D:4      | 17727 ||| PLANNING CONVERSION TO OKAWARU
 17729 | D:3      | 17729 ||| PLANNING D:1-11
 17750 | D:3      | 17750 ||| PLANNING CONVERSION TO OKAWARU
 17750 | D:3      | 17750 ||| PLANNING D:1-11
 17750 | D:3      | 17750 ||| Stepping randomly (stuck).
 17775 | D:4      | 17775 ||| PLANNING CONVERSION TO OKAWARU
 17777 | D:3      | 17777 ||| PLANNING D:1-11
 17798 | D:3      | 17798 ||| PLANNING CONVERSION TO OKAWARU
 17798 | D:3      | 17798 ||| PLANNING D:1-11
 17798 | D:3      | 17798 ||| Stepping randomly (stuck).
 17823 | D:4      | 17823 ||| PLANNING CONVERSION TO OKAWARU
 17825 | D:3      | 17825 ||| PLANNING D:1-11
 17846 | D:3      | 17846 ||| PLANNING CONVERSION TO OKAWARU
 17846 | D:3      | 17846 ||| PLANNING D:1-11
 17846 | D:3      | 17846 ||| Stepping randomly (stuck).
 17871 | D:4      | 17871 ||| PLANNING CONVERSION TO OKAWARU
 17873 | D:3      | 17873 ||| PLANNING D:1-11
 17894 | D:3      | 17894 ||| PLANNING CONVERSION TO OKAWARU
 17894 | D:3      | 17894 ||| PLANNING D:1-11
 17894 | D:3      | 17894 ||| Stepping randomly (stuck).
 17919 | D:4      | 17919 ||| PLANNING CONVERSION TO OKAWARU
 17921 | D:3      | 17921 ||| PLANNING D:1-11
 17942 | D:3      | 17942 ||| PLANNING CONVERSION TO OKAWARU
 17942 | D:3      | 17942 ||| PLANNING D:1-11
 17942 | D:3      | 17942 ||| Stepping randomly (stuck).
 17967 | D:4      | 17967 ||| PLANNING CONVERSION TO OKAWARU
 17969 | D:3      | 17969 ||| PLANNING D:1-11
 17990 | D:3      | 17990 ||| PLANNING CONVERSION TO OKAWARU
 17990 | D:3      | 17990 ||| PLANNING D:1-11
 17990 | D:3      | 17990 ||| Stepping randomly (stuck).
 18015 | D:4      | 18015 ||| PLANNING CONVERSION TO OKAWARU
 18017 | D:3      | 18017 ||| PLANNING D:1-11
 18038 | D:3      | 18038 ||| PLANNING CONVERSION TO OKAWARU
 18038 | D:3      | 18038 ||| PLANNING D:1-11
 18038 | D:3      | 18038 ||| Stepping randomly (stuck).
 18063 | D:4      | 18063 ||| PLANNING CONVERSION TO OKAWARU
 18065 | D:3      | 18065 ||| PLANNING D:1-11
 18086 | D:3      | 18086 ||| PLANNING CONVERSION TO OKAWARU
 18086 | D:3      | 18086 ||| PLANNING D:1-11
 18086 | D:3      | 18086 ||| Stepping randomly (stuck).
 18111 | D:4      | 18111 ||| PLANNING CONVERSION TO OKAWARU
 18113 | D:3      | 18113 ||| PLANNING D:1-11
 18134 | D:3      | 18134 ||| PLANNING CONVERSION TO OKAWARU
 18134 | D:3      | 18134 ||| PLANNING D:1-11
 18134 | D:3      | 18134 ||| Stepping randomly (stuck).
 18159 | D:4      | 18159 ||| PLANNING CONVERSION TO OKAWARU
 18161 | D:3      | 18161 ||| PLANNING D:1-11
 18182 | D:3      | 18182 ||| PLANNING CONVERSION TO OKAWARU
 18182 | D:3      | 18182 ||| PLANNING D:1-11
 18182 | D:3      | 18182 ||| Stepping randomly (stuck).
 18207 | D:4      | 18207 ||| PLANNING CONVERSION TO OKAWARU
 18209 | D:3      | 18209 ||| PLANNING D:1-11
 18230 | D:3      | 18230 ||| PLANNING CONVERSION TO OKAWARU
 18230 | D:3      | 18230 ||| PLANNING D:1-11
 18230 | D:3      | 18230 ||| Stepping randomly (stuck).
 18255 | D:4      | 18255 ||| PLANNING CONVERSION TO OKAWARU
 18257 | D:3      | 18257 ||| PLANNING D:1-11
 18278 | D:3      | 18278 ||| PLANNING CONVERSION TO OKAWARU
 18278 | D:3      | 18278 ||| PLANNING D:1-11
 18278 | D:3      | 18278 ||| Stepping randomly (stuck).
 18303 | D:4      | 18303 ||| PLANNING CONVERSION TO OKAWARU
 18305 | D:3      | 18305 ||| PLANNING D:1-11
 18326 | D:3      | 18326 ||| PLANNING CONVERSION TO OKAWARU
 18326 | D:3      | 18326 ||| PLANNING D:1-11
 18326 | D:3      | 18326 ||| Stepping randomly (stuck).
 18351 | D:4      | 18351 ||| PLANNING CONVERSION TO OKAWARU
 18353 | D:3      | 18353 ||| PLANNING D:1-11
 18374 | D:3      | 18374 ||| PLANNING CONVERSION TO OKAWARU
 18374 | D:3      | 18374 ||| PLANNING D:1-11
 18374 | D:3      | 18374 ||| Stepping randomly (stuck).
 18399 | D:4      | 18399 ||| PLANNING CONVERSION TO OKAWARU
 18401 | D:3      | 18401 ||| PLANNING D:1-11
 18422 | D:3      | 18422 ||| PLANNING CONVERSION TO OKAWARU
 18422 | D:3      | 18422 ||| PLANNING D:1-11
 18422 | D:3      | 18422 ||| Stepping randomly (stuck).
 18447 | D:4      | 18447 ||| PLANNING CONVERSION TO OKAWARU
 18449 | D:3      | 18449 ||| PLANNING D:1-11
 18470 | D:3      | 18470 ||| PLANNING CONVERSION TO OKAWARU
 18470 | D:3      | 18470 ||| PLANNING D:1-11
 18470 | D:3      | 18470 ||| Stepping randomly (stuck).
 18495 | D:4      | 18495 ||| PLANNING CONVERSION TO OKAWARU
 18497 | D:3      | 18497 ||| PLANNING D:1-11
 18518 | D:3      | 18518 ||| PLANNING CONVERSION TO OKAWARU
 18518 | D:3      | 18518 ||| PLANNING D:1-11
 18518 | D:3      | 18518 ||| Stepping randomly (stuck).
 18543 | D:4      | 18543 ||| PLANNING CONVERSION TO OKAWARU
 18545 | D:3      | 18545 ||| PLANNING D:1-11
 18566 | D:3      | 18566 ||| PLANNING CONVERSION TO OKAWARU
 18566 | D:3      | 18566 ||| PLANNING D:1-11
 18566 | D:3      | 18566 ||| Stepping randomly (stuck).
 18591 | D:4      | 18591 ||| PLANNING CONVERSION TO OKAWARU
 18593 | D:3      | 18593 ||| PLANNING D:1-11
 18614 | D:3      | 18614 ||| PLANNING CONVERSION TO OKAWARU
 18614 | D:3      | 18614 ||| PLANNING D:1-11
 18614 | D:3      | 18614 ||| Stepping randomly (stuck).
 18639 | D:4      | 18639 ||| PLANNING CONVERSION TO OKAWARU
 18641 | D:3      | 18641 ||| PLANNING D:1-11
 18662 | D:3      | 18662 ||| PLANNING CONVERSION TO OKAWARU
 18662 | D:3      | 18662 ||| PLANNING D:1-11
 18662 | D:3      | 18662 ||| Stepping randomly (stuck).
 18687 | D:4      | 18687 ||| PLANNING CONVERSION TO OKAWARU
 18689 | D:3      | 18689 ||| PLANNING D:1-11
 18710 | D:3      | 18710 ||| PLANNING CONVERSION TO OKAWARU
 18710 | D:3      | 18710 ||| PLANNING D:1-11
 18710 | D:3      | 18710 ||| Stepping randomly (stuck).
 18735 | D:4      | 18735 ||| PLANNING CONVERSION TO OKAWARU
 18737 | D:3      | 18737 ||| PLANNING D:1-11
 18758 | D:3      | 18758 ||| PLANNING CONVERSION TO OKAWARU
 18758 | D:3      | 18758 ||| PLANNING D:1-11
 18758 | D:3      | 18758 ||| Stepping randomly (stuck).
 18783 | D:4      | 18783 ||| PLANNING CONVERSION TO OKAWARU
 18785 | D:3      | 18785 ||| PLANNING D:1-11
 18806 | D:3      | 18806 ||| PLANNING CONVERSION TO OKAWARU
 18806 | D:3      | 18806 ||| PLANNING D:1-11
 18806 | D:3      | 18806 ||| Stepping randomly (stuck).
 18831 | D:4      | 18831 ||| PLANNING CONVERSION TO OKAWARU
 18833 | D:3      | 18833 ||| PLANNING D:1-11
 18854 | D:3      | 18854 ||| PLANNING CONVERSION TO OKAWARU
 18854 | D:3      | 18854 ||| PLANNING D:1-11
 18854 | D:3      | 18854 ||| Stepping randomly (stuck).
 18879 | D:4      | 18879 ||| PLANNING CONVERSION TO OKAWARU
 18881 | D:3      | 18881 ||| PLANNING D:1-11
 18902 | D:3      | 18902 ||| PLANNING CONVERSION TO OKAWARU
 18902 | D:3      | 18902 ||| PLANNING D:1-11
 18902 | D:3      | 18902 ||| Stepping randomly (stuck).
 18927 | D:4      | 18927 ||| PLANNING CONVERSION TO OKAWARU
 18929 | D:3      | 18929 ||| PLANNING D:1-11
 18950 | D:3      | 18950 ||| PLANNING CONVERSION TO OKAWARU
 18950 | D:3      | 18950 ||| PLANNING D:1-11
 18950 | D:3      | 18950 ||| Stepping randomly (stuck).
 18975 | D:4      | 18975 ||| PLANNING CONVERSION TO OKAWARU
 18977 | D:3      | 18977 ||| PLANNING D:1-11
 18998 | D:3      | 18998 ||| PLANNING CONVERSION TO OKAWARU
 18998 | D:3      | 18998 ||| PLANNING D:1-11
 18998 | D:3      | 18998 ||| Stepping randomly (stuck).
 19023 | D:4      | 19023 ||| PLANNING CONVERSION TO OKAWARU
 19025 | D:3      | 19025 ||| PLANNING D:1-11
 19046 | D:3      | 19046 ||| PLANNING CONVERSION TO OKAWARU
 19046 | D:3      | 19046 ||| PLANNING D:1-11
 19046 | D:3      | 19046 ||| Stepping randomly (stuck).
 19071 | D:4      | 19071 ||| PLANNING CONVERSION TO OKAWARU
 19073 | D:3      | 19073 ||| PLANNING D:1-11
 19094 | D:3      | 19094 ||| PLANNING CONVERSION TO OKAWARU
 19094 | D:3      | 19094 ||| PLANNING D:1-11
 19094 | D:3      | 19094 ||| Stepping randomly (stuck).
 19119 | D:4      | 19119 ||| PLANNING CONVERSION TO OKAWARU
 19121 | D:3      | 19121 ||| PLANNING D:1-11
 19142 | D:3      | 19142 ||| PLANNING CONVERSION TO OKAWARU
 19142 | D:3      | 19142 ||| PLANNING D:1-11
 19142 | D:3      | 19142 ||| Stepping randomly (stuck).
 19167 | D:4      | 19167 ||| PLANNING CONVERSION TO OKAWARU
 19169 | D:3      | 19169 ||| PLANNING D:1-11
 19190 | D:3      | 19190 ||| PLANNING CONVERSION TO OKAWARU
 19190 | D:3      | 19190 ||| PLANNING D:1-11
 19190 | D:3      | 19190 ||| Stepping randomly (stuck).
 19215 | D:4      | 19215 ||| PLANNING CONVERSION TO OKAWARU
 19217 | D:3      | 19217 ||| PLANNING D:1-11
 19238 | D:3      | 19238 ||| PLANNING CONVERSION TO OKAWARU
 19238 | D:3      | 19238 ||| PLANNING D:1-11
 19238 | D:3      | 19238 ||| Stepping randomly (stuck).
 19263 | D:4      | 19263 ||| PLANNING CONVERSION TO OKAWARU
 19265 | D:3      | 19265 ||| PLANNING D:1-11
 19286 | D:3      | 19286 ||| PLANNING CONVERSION TO OKAWARU
 19286 | D:3      | 19286 ||| PLANNING D:1-11
 19286 | D:3      | 19286 ||| Stepping randomly (stuck).
 19311 | D:4      | 19311 ||| PLANNING CONVERSION TO OKAWARU
 19313 | D:3      | 19313 ||| PLANNING D:1-11
 19334 | D:3      | 19334 ||| PLANNING CONVERSION TO OKAWARU
 19334 | D:3      | 19334 ||| PLANNING D:1-11
 19334 | D:3      | 19334 ||| Stepping randomly (stuck).
 19359 | D:4      | 19359 ||| PLANNING CONVERSION TO OKAWARU
 19361 | D:3      | 19361 ||| PLANNING D:1-11
 19382 | D:3      | 19382 ||| PLANNING CONVERSION TO OKAWARU
 19382 | D:3      | 19382 ||| PLANNING D:1-11
 19382 | D:3      | 19382 ||| Stepping randomly (stuck).
 19407 | D:4      | 19407 ||| PLANNING CONVERSION TO OKAWARU
 19409 | D:3      | 19409 ||| PLANNING D:1-11
 19430 | D:3      | 19430 ||| PLANNING CONVERSION TO OKAWARU
 19430 | D:3      | 19430 ||| PLANNING D:1-11
 19430 | D:3      | 19430 ||| Stepping randomly (stuck).
 19455 | D:4      | 19455 ||| PLANNING CONVERSION TO OKAWARU
 19457 | D:3      | 19457 ||| PLANNING D:1-11
 19478 | D:3      | 19478 ||| PLANNING CONVERSION TO OKAWARU
 19478 | D:3      | 19478 ||| PLANNING D:1-11
 19478 | D:3      | 19478 ||| Stepping randomly (stuck).
 19503 | D:4      | 19503 ||| PLANNING CONVERSION TO OKAWARU
 19505 | D:3      | 19505 ||| PLANNING D:1-11
 19526 | D:3      | 19526 ||| PLANNING CONVERSION TO OKAWARU
 19526 | D:3      | 19526 ||| PLANNING D:1-11
 19526 | D:3      | 19526 ||| Stepping randomly (stuck).
 19551 | D:4      | 19551 ||| PLANNING CONVERSION TO OKAWARU
 19553 | D:3      | 19553 ||| PLANNING D:1-11
 19574 | D:3      | 19574 ||| PLANNING CONVERSION TO OKAWARU
 19574 | D:3      | 19574 ||| PLANNING D:1-11
 19574 | D:3      | 19574 ||| Stepping randomly (stuck).
 19599 | D:4      | 19599 ||| PLANNING CONVERSION TO OKAWARU
 19601 | D:3      | 19601 ||| PLANNING D:1-11
 19622 | D:3      | 19622 ||| PLANNING CONVERSION TO OKAWARU
 19622 | D:3      | 19622 ||| PLANNING D:1-11
 19622 | D:3      | 19622 ||| Stepping randomly (stuck).
 19647 | D:4      | 19647 ||| PLANNING CONVERSION TO OKAWARU
 19649 | D:3      | 19649 ||| PLANNING D:1-11
 19670 | D:3      | 19670 ||| PLANNING CONVERSION TO OKAWARU
 19670 | D:3      | 19670 ||| PLANNING D:1-11
 19670 | D:3      | 19670 ||| Stepping randomly (stuck).
 19695 | D:4      | 19695 ||| PLANNING CONVERSION TO OKAWARU
 19697 | D:3      | 19697 ||| PLANNING D:1-11
 19718 | D:3      | 19718 ||| PLANNING CONVERSION TO OKAWARU
 19718 | D:3      | 19718 ||| PLANNING D:1-11
 19718 | D:3      | 19718 ||| Stepping randomly (stuck).
 19743 | D:4      | 19743 ||| PLANNING CONVERSION TO OKAWARU
 19745 | D:3      | 19745 ||| PLANNING D:1-11
 19766 | D:3      | 19766 ||| PLANNING CONVERSION TO OKAWARU
 19766 | D:3      | 19766 ||| PLANNING D:1-11
 19766 | D:3      | 19766 ||| Stepping randomly (stuck).
 19791 | D:4      | 19791 ||| PLANNING CONVERSION TO OKAWARU
 19793 | D:3      | 19793 ||| PLANNING D:1-11
 19814 | D:3      | 19814 ||| PLANNING CONVERSION TO OKAWARU
 19814 | D:3      | 19814 ||| PLANNING D:1-11
 19814 | D:3      | 19814 ||| Stepping randomly (stuck).
 19839 | D:4      | 19839 ||| PLANNING CONVERSION TO OKAWARU
 19841 | D:3      | 19841 ||| PLANNING D:1-11
 19862 | D:3      | 19862 ||| PLANNING CONVERSION TO OKAWARU
 19862 | D:3      | 19862 ||| PLANNING D:1-11
 19862 | D:3      | 19862 ||| Stepping randomly (stuck).
 19887 | D:4      | 19887 ||| PLANNING CONVERSION TO OKAWARU
 19889 | D:3      | 19889 ||| PLANNING D:1-11
 19910 | D:3      | 19910 ||| PLANNING CONVERSION TO OKAWARU
 19910 | D:3      | 19910 ||| PLANNING D:1-11
 19910 | D:3      | 19910 ||| Stepping randomly (stuck).
 19935 | D:4      | 19935 ||| PLANNING CONVERSION TO OKAWARU
 19937 | D:3      | 19937 ||| PLANNING D:1-11
 19958 | D:3      | 19958 ||| PLANNING CONVERSION TO OKAWARU
 19958 | D:3      | 19958 ||| PLANNING D:1-11
 19958 | D:3      | 19958 ||| Stepping randomly (stuck).
 19983 | D:4      | 19983 ||| PLANNING CONVERSION TO OKAWARU
 19985 | D:3      | 19985 ||| PLANNING D:1-11
 20006 | D:3      | 20006 ||| PLANNING CONVERSION TO OKAWARU
 20006 | D:3      | 20006 ||| PLANNING D:1-11
 20006 | D:3      | 20006 ||| Stepping randomly (stuck).
 20031 | D:4      | 20031 ||| PLANNING CONVERSION TO OKAWARU
 20033 | D:3      | 20033 ||| PLANNING D:1-11
 20054 | D:3      | 20054 ||| PLANNING CONVERSION TO OKAWARU
 20054 | D:3      | 20054 ||| PLANNING D:1-11
 20054 | D:3      | 20054 ||| Stepping randomly (stuck).
 20079 | D:4      | 20079 ||| PLANNING CONVERSION TO OKAWARU
 20081 | D:3      | 20081 ||| PLANNING D:1-11
 20102 | D:3      | 20102 ||| PLANNING CONVERSION TO OKAWARU
 20102 | D:3      | 20102 ||| PLANNING D:1-11
 20102 | D:3      | 20102 ||| Stepping randomly (stuck).
 20127 | D:4      | 20127 ||| PLANNING CONVERSION TO OKAWARU
 20129 | D:3      | 20129 ||| PLANNING D:1-11
 20150 | D:3      | 20150 ||| PLANNING CONVERSION TO OKAWARU
 20150 | D:3      | 20150 ||| PLANNING D:1-11
 20150 | D:3      | 20150 ||| Stepping randomly (stuck).
 20175 | D:4      | 20175 ||| PLANNING CONVERSION TO OKAWARU
 20177 | D:3      | 20177 ||| PLANNING D:1-11
 20198 | D:3      | 20198 ||| PLANNING CONVERSION TO OKAWARU
 20198 | D:3      | 20198 ||| PLANNING D:1-11
 20198 | D:3      | 20198 ||| Stepping randomly (stuck).
 20223 | D:4      | 20223 ||| PLANNING CONVERSION TO OKAWARU
 20225 | D:3      | 20225 ||| PLANNING D:1-11
 20246 | D:3      | 20246 ||| PLANNING CONVERSION TO OKAWARU
 20246 | D:3      | 20246 ||| PLANNING D:1-11
 20246 | D:3      | 20246 ||| Stepping randomly (stuck).
 20271 | D:4      | 20271 ||| PLANNING CONVERSION TO OKAWARU
 20273 | D:3      | 20273 ||| PLANNING D:1-11
 20294 | D:3      | 20294 ||| PLANNING CONVERSION TO OKAWARU
 20294 | D:3      | 20294 ||| PLANNING D:1-11
 20294 | D:3      | 20294 ||| Stepping randomly (stuck).
 20319 | D:4      | 20319 ||| PLANNING CONVERSION TO OKAWARU
 20321 | D:3      | 20321 ||| PLANNING D:1-11
 20342 | D:3      | 20342 ||| PLANNING CONVERSION TO OKAWARU
 20342 | D:3      | 20342 ||| PLANNING D:1-11
 20342 | D:3      | 20342 ||| Stepping randomly (stuck).
 20367 | D:4      | 20367 ||| PLANNING CONVERSION TO OKAWARU
 20369 | D:3      | 20369 ||| PLANNING D:1-11
 20390 | D:3      | 20390 ||| PLANNING CONVERSION TO OKAWARU
 20390 | D:3      | 20390 ||| PLANNING D:1-11
 20390 | D:3      | 20390 ||| Stepping randomly (stuck).
 20415 | D:4      | 20415 ||| PLANNING CONVERSION TO OKAWARU
 20417 | D:3      | 20417 ||| PLANNING D:1-11
 20438 | D:3      | 20438 ||| PLANNING CONVERSION TO OKAWARU
 20438 | D:3      | 20438 ||| PLANNING D:1-11
 20438 | D:3      | 20438 ||| Stepping randomly (stuck).
 20463 | D:4      | 20463 ||| PLANNING CONVERSION TO OKAWARU
 20465 | D:3      | 20465 ||| PLANNING D:1-11
 20486 | D:3      | 20486 ||| PLANNING CONVERSION TO OKAWARU
 20486 | D:3      | 20486 ||| PLANNING D:1-11
 20486 | D:3      | 20486 ||| Stepping randomly (stuck).
 20511 | D:4      | 20511 ||| PLANNING CONVERSION TO OKAWARU
 20513 | D:3      | 20513 ||| PLANNING D:1-11
 20534 | D:3      | 20534 ||| PLANNING CONVERSION TO OKAWARU
 20534 | D:3      | 20534 ||| PLANNING D:1-11
 20534 | D:3      | 20534 ||| Stepping randomly (stuck).
 20559 | D:4      | 20559 ||| PLANNING CONVERSION TO OKAWARU
 20561 | D:3      | 20561 ||| PLANNING D:1-11
 20582 | D:3      | 20582 ||| PLANNING CONVERSION TO OKAWARU
 20582 | D:3      | 20582 ||| PLANNING D:1-11
 20582 | D:3      | 20582 ||| Stepping randomly (stuck).
 20607 | D:4      | 20607 ||| PLANNING CONVERSION TO OKAWARU
 20609 | D:3      | 20609 ||| PLANNING D:1-11
 20630 | D:3      | 20630 ||| PLANNING CONVERSION TO OKAWARU
 20630 | D:3      | 20630 ||| PLANNING D:1-11
 20630 | D:3      | 20630 ||| Stepping randomly (stuck).
 20655 | D:4      | 20655 ||| PLANNING CONVERSION TO OKAWARU
 20657 | D:3      | 20657 ||| PLANNING D:1-11
 20678 | D:3      | 20678 ||| PLANNING CONVERSION TO OKAWARU
 20678 | D:3      | 20678 ||| PLANNING D:1-11
 20678 | D:3      | 20678 ||| Stepping randomly (stuck).
 20703 | D:4      | 20703 ||| PLANNING CONVERSION TO OKAWARU
 20705 | D:3      | 20705 ||| PLANNING D:1-11
 20726 | D:3      | 20726 ||| PLANNING CONVERSION TO OKAWARU
 20726 | D:3      | 20726 ||| PLANNING D:1-11
 20726 | D:3      | 20726 ||| Stepping randomly (stuck).
 20751 | D:4      | 20751 ||| PLANNING CONVERSION TO OKAWARU
 20753 | D:3      | 20753 ||| PLANNING D:1-11
 20774 | D:3      | 20774 ||| PLANNING CONVERSION TO OKAWARU
 20774 | D:3      | 20774 ||| PLANNING D:1-11
 20774 | D:3      | 20774 ||| Stepping randomly (stuck).
 20799 | D:4      | 20799 ||| PLANNING CONVERSION TO OKAWARU
 20801 | D:3      | 20801 ||| PLANNING D:1-11
 20822 | D:3      | 20822 ||| PLANNING CONVERSION TO OKAWARU
 20822 | D:3      | 20822 ||| PLANNING D:1-11
 20822 | D:3      | 20822 ||| Stepping randomly (stuck).
 20847 | D:4      | 20847 ||| PLANNING CONVERSION TO OKAWARU
 20849 | D:3      | 20849 ||| PLANNING D:1-11
 20870 | D:3      | 20870 ||| PLANNING CONVERSION TO OKAWARU
 20870 | D:3      | 20870 ||| PLANNING D:1-11
 20870 | D:3      | 20870 ||| Stepping randomly (stuck).
 20895 | D:4      | 20895 ||| PLANNING CONVERSION TO OKAWARU
 20897 | D:3      | 20897 ||| PLANNING D:1-11
 20918 | D:3      | 20918 ||| PLANNING CONVERSION TO OKAWARU
 20918 | D:3      | 20918 ||| PLANNING D:1-11
 20918 | D:3      | 20918 ||| Stepping randomly (stuck).
 20943 | D:4      | 20943 ||| PLANNING CONVERSION TO OKAWARU
 20945 | D:3      | 20945 ||| PLANNING D:1-11
 20966 | D:3      | 20966 ||| PLANNING CONVERSION TO OKAWARU
 20966 | D:3      | 20966 ||| PLANNING D:1-11
 20966 | D:3      | 20966 ||| Stepping randomly (stuck).
 20991 | D:4      | 20991 ||| PLANNING CONVERSION TO OKAWARU
 20993 | D:3      | 20993 ||| PLANNING D:1-11
 21014 | D:3      | 21014 ||| PLANNING CONVERSION TO OKAWARU
 21014 | D:3      | 21014 ||| PLANNING D:1-11
 21014 | D:3      | 21014 ||| Stepping randomly (stuck).
 21039 | D:4      | 21039 ||| PLANNING CONVERSION TO OKAWARU
 21041 | D:3      | 21041 ||| PLANNING D:1-11
 21062 | D:3      | 21062 ||| PLANNING CONVERSION TO OKAWARU
 21062 | D:3      | 21062 ||| PLANNING D:1-11
 21062 | D:3      | 21062 ||| Stepping randomly (stuck).
 21087 | D:4      | 21087 ||| PLANNING CONVERSION TO OKAWARU
 21089 | D:3      | 21089 ||| PLANNING D:1-11
 21110 | D:3      | 21110 ||| PLANNING CONVERSION TO OKAWARU
 21110 | D:3      | 21110 ||| PLANNING D:1-11
 21110 | D:3      | 21110 ||| Stepping randomly (stuck).
 21135 | D:4      | 21135 ||| PLANNING CONVERSION TO OKAWARU
 21137 | D:3      | 21137 ||| PLANNING D:1-11
 21158 | D:3      | 21158 ||| PLANNING CONVERSION TO OKAWARU
 21158 | D:3      | 21158 ||| PLANNING D:1-11
 21158 | D:3      | 21158 ||| Stepping randomly (stuck).
 21183 | D:4      | 21183 ||| PLANNING CONVERSION TO OKAWARU
 21185 | D:3      | 21185 ||| PLANNING D:1-11
 21206 | D:3      | 21206 ||| PLANNING CONVERSION TO OKAWARU
 21206 | D:3      | 21206 ||| PLANNING D:1-11
 21206 | D:3      | 21206 ||| Stepping randomly (stuck).
 21231 | D:4      | 21231 ||| PLANNING CONVERSION TO OKAWARU
 21233 | D:3      | 21233 ||| PLANNING D:1-11
 21254 | D:3      | 21254 ||| PLANNING CONVERSION TO OKAWARU
 21254 | D:3      | 21254 ||| PLANNING D:1-11
 21254 | D:3      | 21254 ||| Stepping randomly (stuck).
 21279 | D:4      | 21279 ||| PLANNING CONVERSION TO OKAWARU
 21281 | D:3      | 21281 ||| PLANNING D:1-11
 21302 | D:3      | 21302 ||| PLANNING CONVERSION TO OKAWARU
 21302 | D:3      | 21302 ||| PLANNING D:1-11
 21302 | D:3      | 21302 ||| Stepping randomly (stuck).
 21327 | D:4      | 21327 ||| PLANNING CONVERSION TO OKAWARU
 21329 | D:3      | 21329 ||| PLANNING D:1-11
 21350 | D:3      | 21350 ||| PLANNING CONVERSION TO OKAWARU
 21350 | D:3      | 21350 ||| PLANNING D:1-11
 21350 | D:3      | 21350 ||| Stepping randomly (stuck).
 21375 | D:4      | 21375 ||| PLANNING CONVERSION TO OKAWARU
 21377 | D:3      | 21377 ||| PLANNING D:1-11
 21398 | D:3      | 21398 ||| PLANNING CONVERSION TO OKAWARU
 21398 | D:3      | 21398 ||| PLANNING D:1-11
 21398 | D:3      | 21398 ||| Stepping randomly (stuck).
 21423 | D:4      | 21423 ||| PLANNING CONVERSION TO OKAWARU
 21425 | D:3      | 21425 ||| PLANNING D:1-11
 21446 | D:3      | 21446 ||| PLANNING CONVERSION TO OKAWARU
 21446 | D:3      | 21446 ||| PLANNING D:1-11
 21446 | D:3      | 21446 ||| Stepping randomly (stuck).
 21471 | D:4      | 21471 ||| PLANNING CONVERSION TO OKAWARU
 21473 | D:3      | 21473 ||| PLANNING D:1-11
 21494 | D:3      | 21494 ||| PLANNING CONVERSION TO OKAWARU
 21494 | D:3      | 21494 ||| PLANNING D:1-11
 21494 | D:3      | 21494 ||| Stepping randomly (stuck).
 21519 | D:4      | 21519 ||| PLANNING CONVERSION TO OKAWARU
 21521 | D:3      | 21521 ||| PLANNING D:1-11
 21542 | D:3      | 21542 ||| PLANNING CONVERSION TO OKAWARU
 21542 | D:3      | 21542 ||| PLANNING D:1-11
 21542 | D:3      | 21542 ||| Stepping randomly (stuck).
 21567 | D:4      | 21567 ||| PLANNING CONVERSION TO OKAWARU
 21569 | D:3      | 21569 ||| PLANNING D:1-11
 21590 | D:3      | 21590 ||| PLANNING CONVERSION TO OKAWARU
 21590 | D:3      | 21590 ||| PLANNING D:1-11
 21590 | D:3      | 21590 ||| Stepping randomly (stuck).
 21615 | D:4      | 21615 ||| PLANNING CONVERSION TO OKAWARU
 21617 | D:3      | 21617 ||| PLANNING D:1-11
 21638 | D:3      | 21638 ||| PLANNING CONVERSION TO OKAWARU
 21638 | D:3      | 21638 ||| PLANNING D:1-11
 21638 | D:3      | 21638 ||| Stepping randomly (stuck).
 21663 | D:4      | 21663 ||| PLANNING CONVERSION TO OKAWARU
 21665 | D:3      | 21665 ||| PLANNING D:1-11
 21686 | D:3      | 21686 ||| PLANNING CONVERSION TO OKAWARU
 21686 | D:3      | 21686 ||| PLANNING D:1-11
 21686 | D:3      | 21686 ||| Stepping randomly (stuck).
 21711 | D:4      | 21711 ||| PLANNING CONVERSION TO OKAWARU
 21713 | D:3      | 21713 ||| PLANNING D:1-11
 21734 | D:3      | 21734 ||| PLANNING CONVERSION TO OKAWARU
 21734 | D:3      | 21734 ||| PLANNING D:1-11
 21734 | D:3      | 21734 ||| Stepping randomly (stuck).
 21759 | D:4      | 21759 ||| PLANNING CONVERSION TO OKAWARU
 21761 | D:3      | 21761 ||| PLANNING D:1-11
 21782 | D:3      | 21782 ||| PLANNING CONVERSION TO OKAWARU
 21782 | D:3      | 21782 ||| PLANNING D:1-11
 21782 | D:3      | 21782 ||| Stepping randomly (stuck).
 21807 | D:4      | 21807 ||| PLANNING CONVERSION TO OKAWARU
 21809 | D:3      | 21809 ||| PLANNING D:1-11
 21830 | D:3      | 21830 ||| PLANNING CONVERSION TO OKAWARU
 21830 | D:3      | 21830 ||| PLANNING D:1-11
 21830 | D:3      | 21830 ||| Stepping randomly (stuck).
 21855 | D:4      | 21855 ||| PLANNING CONVERSION TO OKAWARU
 21857 | D:3      | 21857 ||| PLANNING D:1-11
 21878 | D:3      | 21878 ||| PLANNING CONVERSION TO OKAWARU
 21878 | D:3      | 21878 ||| PLANNING D:1-11
 21878 | D:3      | 21878 ||| Stepping randomly (stuck).
 21903 | D:4      | 21903 ||| PLANNING CONVERSION TO OKAWARU
 21905 | D:3      | 21905 ||| PLANNING D:1-11
 21926 | D:3      | 21926 ||| PLANNING CONVERSION TO OKAWARU
 21926 | D:3      | 21926 ||| PLANNING D:1-11
 21926 | D:3      | 21926 ||| Stepping randomly (stuck).
 21951 | D:4      | 21951 ||| PLANNING CONVERSION TO OKAWARU
 21953 | D:3      | 21953 ||| PLANNING D:1-11
 21974 | D:3      | 21974 ||| PLANNING CONVERSION TO OKAWARU
 21974 | D:3      | 21974 ||| PLANNING D:1-11
 21974 | D:3      | 21974 ||| Stepping randomly (stuck).
 21999 | D:4      | 21999 ||| PLANNING CONVERSION TO OKAWARU
 22001 | D:3      | 22001 ||| PLANNING D:1-11
 22022 | D:3      | 22022 ||| PLANNING CONVERSION TO OKAWARU
 22022 | D:3      | 22022 ||| PLANNING D:1-11
 22022 | D:3      | 22022 ||| Stepping randomly (stuck).
 22047 | D:4      | 22047 ||| PLANNING CONVERSION TO OKAWARU
 22049 | D:3      | 22049 ||| PLANNING D:1-11
 22070 | D:3      | 22070 ||| PLANNING CONVERSION TO OKAWARU
 22070 | D:3      | 22070 ||| PLANNING D:1-11
 22070 | D:3      | 22070 ||| Stepping randomly (stuck).
 22095 | D:4      | 22095 ||| PLANNING CONVERSION TO OKAWARU
 22097 | D:3      | 22097 ||| PLANNING D:1-11
 22118 | D:3      | 22118 ||| PLANNING CONVERSION TO OKAWARU
 22118 | D:3      | 22118 ||| PLANNING D:1-11
 22118 | D:3      | 22118 ||| Stepping randomly (stuck).
 22143 | D:4      | 22143 ||| PLANNING CONVERSION TO OKAWARU
 22145 | D:3      | 22145 ||| PLANNING D:1-11
 22166 | D:3      | 22166 ||| PLANNING CONVERSION TO OKAWARU
 22166 | D:3      | 22166 ||| PLANNING D:1-11
 22166 | D:3      | 22166 ||| Stepping randomly (stuck).
 22191 | D:4      | 22191 ||| PLANNING CONVERSION TO OKAWARU
 22193 | D:3      | 22193 ||| PLANNING D:1-11
 22214 | D:3      | 22214 ||| PLANNING CONVERSION TO OKAWARU
 22214 | D:3      | 22214 ||| PLANNING D:1-11
 22214 | D:3      | 22214 ||| Stepping randomly (stuck).
 22239 | D:4      | 22239 ||| PLANNING CONVERSION TO OKAWARU
 22241 | D:3      | 22241 ||| PLANNING D:1-11
 22262 | D:3      | 22262 ||| PLANNING CONVERSION TO OKAWARU
 22262 | D:3      | 22262 ||| PLANNING D:1-11
 22262 | D:3      | 22262 ||| Stepping randomly (stuck).
 22287 | D:4      | 22287 ||| PLANNING CONVERSION TO OKAWARU
 22289 | D:3      | 22289 ||| PLANNING D:1-11
 22310 | D:3      | 22310 ||| PLANNING CONVERSION TO OKAWARU
 22310 | D:3      | 22310 ||| PLANNING D:1-11
 22310 | D:3      | 22310 ||| Stepping randomly (stuck).
 22335 | D:4      | 22335 ||| PLANNING CONVERSION TO OKAWARU
 22337 | D:3      | 22337 ||| PLANNING D:1-11
 22358 | D:3      | 22358 ||| PLANNING CONVERSION TO OKAWARU
 22358 | D:3      | 22358 ||| PLANNING D:1-11
 22358 | D:3      | 22358 ||| Stepping randomly (stuck).
 22383 | D:4      | 22383 ||| PLANNING CONVERSION TO OKAWARU
 22385 | D:3      | 22385 ||| PLANNING D:1-11
 22406 | D:3      | 22406 ||| PLANNING CONVERSION TO OKAWARU
 22406 | D:3      | 22406 ||| PLANNING D:1-11
 22406 | D:3      | 22406 ||| Stepping randomly (stuck).
 22431 | D:4      | 22431 ||| PLANNING CONVERSION TO OKAWARU
 22433 | D:3      | 22433 ||| PLANNING D:1-11
 22454 | D:3      | 22454 ||| PLANNING CONVERSION TO OKAWARU
 22454 | D:3      | 22454 ||| PLANNING D:1-11
 22454 | D:3      | 22454 ||| Stepping randomly (stuck).
 22479 | D:4      | 22479 ||| PLANNING CONVERSION TO OKAWARU
 22481 | D:3      | 22481 ||| PLANNING D:1-11
 22502 | D:3      | 22502 ||| PLANNING CONVERSION TO OKAWARU
 22502 | D:3      | 22502 ||| PLANNING D:1-11
 22502 | D:3      | 22502 ||| Stepping randomly (stuck).
 22527 | D:4      | 22527 ||| PLANNING CONVERSION TO OKAWARU
 22529 | D:3      | 22529 ||| PLANNING D:1-11
 22550 | D:3      | 22550 ||| PLANNING CONVERSION TO OKAWARU
 22550 | D:3      | 22550 ||| PLANNING D:1-11
 22550 | D:3      | 22550 ||| Stepping randomly (stuck).
 22575 | D:4      | 22575 ||| PLANNING CONVERSION TO OKAWARU
 22577 | D:3      | 22577 ||| PLANNING D:1-11
 22598 | D:3      | 22598 ||| PLANNING CONVERSION TO OKAWARU
 22598 | D:3      | 22598 ||| PLANNING D:1-11
 22598 | D:3      | 22598 ||| Stepping randomly (stuck).
 22623 | D:4      | 22623 ||| PLANNING CONVERSION TO OKAWARU
 22625 | D:3      | 22625 ||| PLANNING D:1-11
 22646 | D:3      | 22646 ||| PLANNING CONVERSION TO OKAWARU
 22646 | D:3      | 22646 ||| PLANNING D:1-11
 22646 | D:3      | 22646 ||| Stepping randomly (stuck).
 22671 | D:4      | 22671 ||| PLANNING CONVERSION TO OKAWARU
 22673 | D:3      | 22673 ||| PLANNING D:1-11
 22694 | D:3      | 22694 ||| PLANNING CONVERSION TO OKAWARU
 22694 | D:3      | 22694 ||| PLANNING D:1-11
 22694 | D:3      | 22694 ||| Stepping randomly (stuck).
 22719 | D:4      | 22719 ||| PLANNING CONVERSION TO OKAWARU
 22721 | D:3      | 22721 ||| PLANNING D:1-11
 22742 | D:3      | 22742 ||| PLANNING CONVERSION TO OKAWARU
 22742 | D:3      | 22742 ||| PLANNING D:1-11
 22742 | D:3      | 22742 ||| Stepping randomly (stuck).
 22767 | D:4      | 22767 ||| PLANNING CONVERSION TO OKAWARU
 22769 | D:3      | 22769 ||| PLANNING D:1-11
 22790 | D:3      | 22790 ||| PLANNING CONVERSION TO OKAWARU
 22790 | D:3      | 22790 ||| PLANNING D:1-11
 22790 | D:3      | 22790 ||| Stepping randomly (stuck).
 22815 | D:4      | 22815 ||| PLANNING CONVERSION TO OKAWARU
 22817 | D:3      | 22817 ||| PLANNING D:1-11
 22838 | D:3      | 22838 ||| PLANNING CONVERSION TO OKAWARU
 22838 | D:3      | 22838 ||| PLANNING D:1-11
 22838 | D:3      | 22838 ||| Stepping randomly (stuck).
 22863 | D:4      | 22863 ||| PLANNING CONVERSION TO OKAWARU
 22865 | D:3      | 22865 ||| PLANNING D:1-11
 22886 | D:3      | 22886 ||| PLANNING CONVERSION TO OKAWARU
 22886 | D:3      | 22886 ||| PLANNING D:1-11
 22886 | D:3      | 22886 ||| Stepping randomly (stuck).
 22911 | D:4      | 22911 ||| PLANNING CONVERSION TO OKAWARU
 22913 | D:3      | 22913 ||| PLANNING D:1-11
 22934 | D:3      | 22934 ||| PLANNING CONVERSION TO OKAWARU
 22934 | D:3      | 22934 ||| PLANNING D:1-11
 22934 | D:3      | 22934 ||| Stepping randomly (stuck).
 22959 | D:4      | 22959 ||| PLANNING CONVERSION TO OKAWARU
 22961 | D:3      | 22961 ||| PLANNING D:1-11
 22982 | D:3      | 22982 ||| PLANNING CONVERSION TO OKAWARU
 22982 | D:3      | 22982 ||| PLANNING D:1-11
 22982 | D:3      | 22982 ||| Stepping randomly (stuck).
 23007 | D:4      | 23007 ||| PLANNING CONVERSION TO OKAWARU
 23009 | D:3      | 23009 ||| PLANNING D:1-11
 23030 | D:3      | 23030 ||| PLANNING CONVERSION TO OKAWARU
 23030 | D:3      | 23030 ||| PLANNING D:1-11
 23030 | D:3      | 23030 ||| Stepping randomly (stuck).
 23055 | D:4      | 23055 ||| PLANNING CONVERSION TO OKAWARU
 23057 | D:3      | 23057 ||| PLANNING D:1-11
 23078 | D:3      | 23078 ||| PLANNING CONVERSION TO OKAWARU
 23078 | D:3      | 23078 ||| PLANNING D:1-11
 23078 | D:3      | 23078 ||| Stepping randomly (stuck).
 23103 | D:4      | 23103 ||| PLANNING CONVERSION TO OKAWARU
 23105 | D:3      | 23105 ||| PLANNING D:1-11
 23126 | D:3      | 23126 ||| PLANNING CONVERSION TO OKAWARU
 23126 | D:3      | 23126 ||| PLANNING D:1-11
 23126 | D:3      | 23126 ||| Stepping randomly (stuck).
 23151 | D:4      | 23151 ||| PLANNING CONVERSION TO OKAWARU
 23153 | D:3      | 23153 ||| PLANNING D:1-11
 23174 | D:3      | 23174 ||| PLANNING CONVERSION TO OKAWARU
 23174 | D:3      | 23174 ||| PLANNING D:1-11
 23174 | D:3      | 23174 ||| Stepping randomly (stuck).
 23199 | D:4      | 23199 ||| PLANNING CONVERSION TO OKAWARU
 23201 | D:3      | 23201 ||| PLANNING D:1-11
 23222 | D:3      | 23222 ||| PLANNING CONVERSION TO OKAWARU
 23222 | D:3      | 23222 ||| PLANNING D:1-11
 23222 | D:3      | 23222 ||| Stepping randomly (stuck).
 23247 | D:4      | 23247 ||| PLANNING CONVERSION TO OKAWARU
 23249 | D:3      | 23249 ||| PLANNING D:1-11
 23270 | D:3      | 23270 ||| PLANNING CONVERSION TO OKAWARU
 23270 | D:3      | 23270 ||| PLANNING D:1-11
 23270 | D:3      | 23270 ||| Stepping randomly (stuck).
 23295 | D:4      | 23295 ||| PLANNING CONVERSION TO OKAWARU
 23297 | D:3      | 23297 ||| PLANNING D:1-11
 23318 | D:3      | 23318 ||| PLANNING CONVERSION TO OKAWARU
 23318 | D:3      | 23318 ||| PLANNING D:1-11
 23318 | D:3      | 23318 ||| Stepping randomly (stuck).
 23343 | D:4      | 23343 ||| PLANNING CONVERSION TO OKAWARU
 23345 | D:3      | 23345 ||| PLANNING D:1-11
 23366 | D:3      | 23366 ||| PLANNING CONVERSION TO OKAWARU
 23366 | D:3      | 23366 ||| PLANNING D:1-11
 23366 | D:3      | 23366 ||| Stepping randomly (stuck).
 23391 | D:4      | 23391 ||| PLANNING CONVERSION TO OKAWARU
 23393 | D:3      | 23393 ||| PLANNING D:1-11
 23414 | D:3      | 23414 ||| PLANNING CONVERSION TO OKAWARU
 23414 | D:3      | 23414 ||| PLANNING D:1-11
 23414 | D:3      | 23414 ||| Stepping randomly (stuck).
 23439 | D:4      | 23439 ||| PLANNING CONVERSION TO OKAWARU
 23441 | D:3      | 23441 ||| PLANNING D:1-11
 23462 | D:3      | 23462 ||| PLANNING CONVERSION TO OKAWARU
 23462 | D:3      | 23462 ||| PLANNING D:1-11
 23462 | D:3      | 23462 ||| Stepping randomly (stuck).
 23487 | D:4      | 23487 ||| PLANNING CONVERSION TO OKAWARU
 23489 | D:3      | 23489 ||| PLANNING D:1-11
 23510 | D:3      | 23510 ||| PLANNING CONVERSION TO OKAWARU
 23510 | D:3      | 23510 ||| PLANNING D:1-11
 23510 | D:3      | 23510 ||| Stepping randomly (stuck).
 23535 | D:4      | 23535 ||| PLANNING CONVERSION TO OKAWARU
 23537 | D:3      | 23537 ||| PLANNING D:1-11
 23558 | D:3      | 23558 ||| PLANNING CONVERSION TO OKAWARU
 23558 | D:3      | 23558 ||| PLANNING D:1-11
 23558 | D:3      | 23558 ||| Stepping randomly (stuck).
 23583 | D:4      | 23583 ||| PLANNING CONVERSION TO OKAWARU
 23585 | D:3      | 23585 ||| PLANNING D:1-11
 23606 | D:3      | 23606 ||| PLANNING CONVERSION TO OKAWARU
 23606 | D:3      | 23606 ||| PLANNING D:1-11
 23606 | D:3      | 23606 ||| Stepping randomly (stuck).
 23631 | D:4      | 23631 ||| PLANNING CONVERSION TO OKAWARU
 23633 | D:3      | 23633 ||| PLANNING D:1-11
 23654 | D:3      | 23654 ||| PLANNING CONVERSION TO OKAWARU
 23654 | D:3      | 23654 ||| PLANNING D:1-11
 23654 | D:3      | 23654 ||| Stepping randomly (stuck).
 23679 | D:4      | 23679 ||| PLANNING CONVERSION TO OKAWARU
 23681 | D:3      | 23681 ||| PLANNING D:1-11
 23702 | D:3      | 23702 ||| PLANNING CONVERSION TO OKAWARU
 23702 | D:3      | 23702 ||| PLANNING D:1-11
 23702 | D:3      | 23702 ||| Stepping randomly (stuck).
 23727 | D:4      | 23727 ||| PLANNING CONVERSION TO OKAWARU
 23729 | D:3      | 23729 ||| PLANNING D:1-11
 23750 | D:3      | 23750 ||| PLANNING CONVERSION TO OKAWARU
 23750 | D:3      | 23750 ||| PLANNING D:1-11
 23750 | D:3      | 23750 ||| Stepping randomly (stuck).
 23775 | D:4      | 23775 ||| PLANNING CONVERSION TO OKAWARU
 23777 | D:3      | 23777 ||| PLANNING D:1-11
 23798 | D:3      | 23798 ||| PLANNING CONVERSION TO OKAWARU
 23798 | D:3      | 23798 ||| PLANNING D:1-11
 23798 | D:3      | 23798 ||| Stepping randomly (stuck).
 23823 | D:4      | 23823 ||| PLANNING CONVERSION TO OKAWARU
 23825 | D:3      | 23825 ||| PLANNING D:1-11
 23846 | D:3      | 23846 ||| PLANNING CONVERSION TO OKAWARU
 23846 | D:3      | 23846 ||| PLANNING D:1-11
 23846 | D:3      | 23846 ||| Stepping randomly (stuck).
 23871 | D:4      | 23871 ||| PLANNING CONVERSION TO OKAWARU
 23873 | D:3      | 23873 ||| PLANNING D:1-11
 23894 | D:3      | 23894 ||| PLANNING CONVERSION TO OKAWARU
 23894 | D:3      | 23894 ||| PLANNING D:1-11
 23894 | D:3      | 23894 ||| Stepping randomly (stuck).
 23919 | D:4      | 23919 ||| PLANNING CONVERSION TO OKAWARU
 23921 | D:3      | 23921 ||| PLANNING D:1-11
 23942 | D:3      | 23942 ||| PLANNING CONVERSION TO OKAWARU
 23942 | D:3      | 23942 ||| PLANNING D:1-11
 23942 | D:3      | 23942 ||| Stepping randomly (stuck).
 23967 | D:4      | 23967 ||| PLANNING CONVERSION TO OKAWARU
 23969 | D:3      | 23969 ||| PLANNING D:1-11
 23990 | D:3      | 23990 ||| PLANNING CONVERSION TO OKAWARU
 23990 | D:3      | 23990 ||| PLANNING D:1-11
 23990 | D:3      | 23990 ||| Stepping randomly (stuck).
 24015 | D:4      | 24015 ||| PLANNING CONVERSION TO OKAWARU
 24017 | D:3      | 24017 ||| PLANNING D:1-11
 24038 | D:3      | 24038 ||| PLANNING CONVERSION TO OKAWARU
 24038 | D:3      | 24038 ||| PLANNING D:1-11
 24038 | D:3      | 24038 ||| Stepping randomly (stuck).
 24063 | D:4      | 24063 ||| PLANNING CONVERSION TO OKAWARU
 24065 | D:3      | 24065 ||| PLANNING D:1-11
 24086 | D:3      | 24086 ||| PLANNING CONVERSION TO OKAWARU
 24086 | D:3      | 24086 ||| PLANNING D:1-11
 24086 | D:3      | 24086 ||| Stepping randomly (stuck).
 24111 | D:4      | 24111 ||| PLANNING CONVERSION TO OKAWARU
 24113 | D:3      | 24113 ||| PLANNING D:1-11
 24134 | D:3      | 24134 ||| PLANNING CONVERSION TO OKAWARU
 24134 | D:3      | 24134 ||| PLANNING D:1-11
 24134 | D:3      | 24134 ||| Stepping randomly (stuck).
 24159 | D:4      | 24159 ||| PLANNING CONVERSION TO OKAWARU
 24161 | D:3      | 24161 ||| PLANNING D:1-11
 24182 | D:3      | 24182 ||| PLANNING CONVERSION TO OKAWARU
 24182 | D:3      | 24182 ||| PLANNING D:1-11
 24182 | D:3      | 24182 ||| Stepping randomly (stuck).
 24207 | D:4      | 24207 ||| PLANNING CONVERSION TO OKAWARU
 24209 | D:3      | 24209 ||| PLANNING D:1-11
 24230 | D:3      | 24230 ||| PLANNING CONVERSION TO OKAWARU
 24230 | D:3      | 24230 ||| PLANNING D:1-11
 24230 | D:3      | 24230 ||| Stepping randomly (stuck).
 24255 | D:4      | 24255 ||| PLANNING CONVERSION TO OKAWARU
 24257 | D:3      | 24257 ||| PLANNING D:1-11
 24278 | D:3      | 24278 ||| PLANNING CONVERSION TO OKAWARU
 24278 | D:3      | 24278 ||| PLANNING D:1-11
 24278 | D:3      | 24278 ||| Stepping randomly (stuck).
 24303 | D:4      | 24303 ||| PLANNING CONVERSION TO OKAWARU
 24305 | D:3      | 24305 ||| PLANNING D:1-11
 24326 | D:3      | 24326 ||| PLANNING CONVERSION TO OKAWARU
 24326 | D:3      | 24326 ||| PLANNING D:1-11
 24326 | D:3      | 24326 ||| Stepping randomly (stuck).
 24351 | D:4      | 24351 ||| PLANNING CONVERSION TO OKAWARU
 24353 | D:3      | 24353 ||| PLANNING D:1-11
 24374 | D:3      | 24374 ||| PLANNING CONVERSION TO OKAWARU
 24374 | D:3      | 24374 ||| PLANNING D:1-11
 24374 | D:3      | 24374 ||| Stepping randomly (stuck).
 24399 | D:4      | 24399 ||| PLANNING CONVERSION TO OKAWARU
 24401 | D:3      | 24401 ||| PLANNING D:1-11
 24422 | D:3      | 24422 ||| PLANNING CONVERSION TO OKAWARU
 24422 | D:3      | 24422 ||| PLANNING D:1-11
 24422 | D:3      | 24422 ||| Stepping randomly (stuck).
 24447 | D:4      | 24447 ||| PLANNING CONVERSION TO OKAWARU
 24449 | D:3      | 24449 ||| PLANNING D:1-11
 24470 | D:3      | 24470 ||| PLANNING CONVERSION TO OKAWARU
 24470 | D:3      | 24470 ||| PLANNING D:1-11
 24470 | D:3      | 24470 ||| Stepping randomly (stuck).
 24495 | D:4      | 24495 ||| PLANNING CONVERSION TO OKAWARU
 24497 | D:3      | 24497 ||| PLANNING D:1-11
 24518 | D:3      | 24518 ||| PLANNING CONVERSION TO OKAWARU
 24518 | D:3      | 24518 ||| PLANNING D:1-11
 24518 | D:3      | 24518 ||| Stepping randomly (stuck).
 24543 | D:4      | 24543 ||| PLANNING CONVERSION TO OKAWARU
 24545 | D:3      | 24545 ||| PLANNING D:1-11
 24566 | D:3      | 24566 ||| PLANNING CONVERSION TO OKAWARU
 24566 | D:3      | 24566 ||| PLANNING D:1-11
 24566 | D:3      | 24566 ||| Stepping randomly (stuck).
 24591 | D:4      | 24591 ||| PLANNING CONVERSION TO OKAWARU
 24593 | D:3      | 24593 ||| PLANNING D:1-11
 24614 | D:3      | 24614 ||| PLANNING CONVERSION TO OKAWARU
 24614 | D:3      | 24614 ||| PLANNING D:1-11
 24614 | D:3      | 24614 ||| Stepping randomly (stuck).
 24639 | D:4      | 24639 ||| PLANNING CONVERSION TO OKAWARU
 24641 | D:3      | 24641 ||| PLANNING D:1-11
 24662 | D:3      | 24662 ||| PLANNING CONVERSION TO OKAWARU
 24662 | D:3      | 24662 ||| PLANNING D:1-11
 24662 | D:3      | 24662 ||| Stepping randomly (stuck).
 24687 | D:4      | 24687 ||| PLANNING CONVERSION TO OKAWARU
 24689 | D:3      | 24689 ||| PLANNING D:1-11
 24710 | D:3      | 24710 ||| PLANNING CONVERSION TO OKAWARU
 24710 | D:3      | 24710 ||| PLANNING D:1-11
 24710 | D:3      | 24710 ||| Stepping randomly (stuck).
 24735 | D:4      | 24735 ||| PLANNING CONVERSION TO OKAWARU
 24737 | D:3      | 24737 ||| PLANNING D:1-11
 24758 | D:3      | 24758 ||| PLANNING CONVERSION TO OKAWARU
 24758 | D:3      | 24758 ||| PLANNING D:1-11
 24758 | D:3      | 24758 ||| Stepping randomly (stuck).
 24783 | D:4      | 24783 ||| PLANNING CONVERSION TO OKAWARU
 24785 | D:3      | 24785 ||| PLANNING D:1-11
 24806 | D:3      | 24806 ||| PLANNING CONVERSION TO OKAWARU
 24806 | D:3      | 24806 ||| PLANNING D:1-11
 24806 | D:3      | 24806 ||| Stepping randomly (stuck).
 24831 | D:4      | 24831 ||| PLANNING CONVERSION TO OKAWARU
 24833 | D:3      | 24833 ||| PLANNING D:1-11
 24854 | D:3      | 24854 ||| PLANNING CONVERSION TO OKAWARU
 24854 | D:3      | 24854 ||| PLANNING D:1-11
 24854 | D:3      | 24854 ||| Stepping randomly (stuck).
 24879 | D:4      | 24879 ||| PLANNING CONVERSION TO OKAWARU
 24881 | D:3      | 24881 ||| PLANNING D:1-11
 24902 | D:3      | 24902 ||| PLANNING CONVERSION TO OKAWARU
 24902 | D:3      | 24902 ||| PLANNING D:1-11
 24902 | D:3      | 24902 ||| Stepping randomly (stuck).
 24927 | D:4      | 24927 ||| PLANNING CONVERSION TO OKAWARU
 24929 | D:3      | 24929 ||| PLANNING D:1-11
 24950 | D:3      | 24950 ||| PLANNING CONVERSION TO OKAWARU
 24950 | D:3      | 24950 ||| PLANNING D:1-11
 24950 | D:3      | 24950 ||| Stepping randomly (stuck).
 24975 | D:4      | 24975 ||| PLANNING CONVERSION TO OKAWARU
 24977 | D:3      | 24977 ||| PLANNING D:1-11
 24998 | D:3      | 24998 ||| PLANNING CONVERSION TO OKAWARU
 24998 | D:3      | 24998 ||| PLANNING D:1-11
 24998 | D:3      | 24998 ||| Stepping randomly (stuck).
 25023 | D:4      | 25023 ||| PLANNING CONVERSION TO OKAWARU
 25025 | D:3      | 25025 ||| PLANNING D:1-11
 25046 | D:3      | 25046 ||| PLANNING CONVERSION TO OKAWARU
 25046 | D:3      | 25046 ||| PLANNING D:1-11
 25046 | D:3      | 25046 ||| Stepping randomly (stuck).
 25071 | D:4      | 25071 ||| PLANNING CONVERSION TO OKAWARU
 25073 | D:3      | 25073 ||| PLANNING D:1-11
 25094 | D:3      | 25094 ||| PLANNING CONVERSION TO OKAWARU
 25094 | D:3      | 25094 ||| PLANNING D:1-11
 25094 | D:3      | 25094 ||| Stepping randomly (stuck).
 25119 | D:4      | 25119 ||| PLANNING CONVERSION TO OKAWARU
 25121 | D:3      | 25121 ||| PLANNING D:1-11
 25142 | D:3      | 25142 ||| PLANNING CONVERSION TO OKAWARU
 25142 | D:3      | 25142 ||| PLANNING D:1-11
 25142 | D:3      | 25142 ||| Stepping randomly (stuck).
 25167 | D:4      | 25167 ||| PLANNING CONVERSION TO OKAWARU
 25169 | D:3      | 25169 ||| PLANNING D:1-11
 25190 | D:3      | 25190 ||| PLANNING CONVERSION TO OKAWARU
 25190 | D:3      | 25190 ||| PLANNING D:1-11
 25190 | D:3      | 25190 ||| Stepping randomly (stuck).
 25215 | D:4      | 25215 ||| PLANNING CONVERSION TO OKAWARU
 25217 | D:3      | 25217 ||| PLANNING D:1-11
 25238 | D:3      | 25238 ||| PLANNING CONVERSION TO OKAWARU
 25238 | D:3      | 25238 ||| PLANNING D:1-11
 25238 | D:3      | 25238 ||| Stepping randomly (stuck).
 25263 | D:4      | 25263 ||| PLANNING CONVERSION TO OKAWARU
 25265 | D:3      | 25265 ||| PLANNING D:1-11
 25286 | D:3      | 25286 ||| PLANNING CONVERSION TO OKAWARU
 25286 | D:3      | 25286 ||| PLANNING D:1-11
 25286 | D:3      | 25286 ||| Stepping randomly (stuck).
 25311 | D:4      | 25311 ||| PLANNING CONVERSION TO OKAWARU
 25313 | D:3      | 25313 ||| PLANNING D:1-11
 25334 | D:3      | 25334 ||| PLANNING CONVERSION TO OKAWARU
 25334 | D:3      | 25334 ||| PLANNING D:1-11
 25334 | D:3      | 25334 ||| Stepping randomly (stuck).
 25359 | D:4      | 25359 ||| PLANNING CONVERSION TO OKAWARU
 25361 | D:3      | 25361 ||| PLANNING D:1-11
 25382 | D:3      | 25382 ||| PLANNING CONVERSION TO OKAWARU
 25382 | D:3      | 25382 ||| PLANNING D:1-11
 25382 | D:3      | 25382 ||| Stepping randomly (stuck).
 25407 | D:4      | 25407 ||| PLANNING CONVERSION TO OKAWARU
 25409 | D:3      | 25409 ||| PLANNING D:1-11
 25430 | D:3      | 25430 ||| PLANNING CONVERSION TO OKAWARU
 25430 | D:3      | 25430 ||| PLANNING D:1-11
 25430 | D:3      | 25430 ||| Stepping randomly (stuck).
 25455 | D:4      | 25455 ||| PLANNING CONVERSION TO OKAWARU
 25457 | D:3      | 25457 ||| PLANNING D:1-11
 25478 | D:3      | 25478 ||| PLANNING CONVERSION TO OKAWARU
 25478 | D:3      | 25478 ||| PLANNING D:1-11
 25478 | D:3      | 25478 ||| Stepping randomly (stuck).
 25503 | D:4      | 25503 ||| PLANNING CONVERSION TO OKAWARU
 25505 | D:3      | 25505 ||| PLANNING D:1-11
 25526 | D:3      | 25526 ||| PLANNING CONVERSION TO OKAWARU
 25526 | D:3      | 25526 ||| PLANNING D:1-11
 25526 | D:3      | 25526 ||| Stepping randomly (stuck).
 25551 | D:4      | 25551 ||| PLANNING CONVERSION TO OKAWARU
 25553 | D:3      | 25553 ||| PLANNING D:1-11
 25574 | D:3      | 25574 ||| PLANNING CONVERSION TO OKAWARU
 25574 | D:3      | 25574 ||| PLANNING D:1-11
 25574 | D:3      | 25574 ||| Stepping randomly (stuck).
 25599 | D:4      | 25599 ||| PLANNING CONVERSION TO OKAWARU
 25601 | D:3      | 25601 ||| PLANNING D:1-11
 25622 | D:3      | 25622 ||| PLANNING CONVERSION TO OKAWARU
 25622 | D:3      | 25622 ||| PLANNING D:1-11
 25622 | D:3      | 25622 ||| Stepping randomly (stuck).
 25647 | D:4      | 25647 ||| PLANNING CONVERSION TO OKAWARU
 25649 | D:3      | 25649 ||| PLANNING D:1-11
 25670 | D:3      | 25670 ||| PLANNING CONVERSION TO OKAWARU
 25670 | D:3      | 25670 ||| PLANNING D:1-11
 25670 | D:3      | 25670 ||| Stepping randomly (stuck).
 25695 | D:4      | 25695 ||| PLANNING CONVERSION TO OKAWARU
 25697 | D:3      | 25697 ||| PLANNING D:1-11
 25718 | D:3      | 25718 ||| PLANNING CONVERSION TO OKAWARU
 25718 | D:3      | 25718 ||| PLANNING D:1-11
 25718 | D:3      | 25718 ||| Stepping randomly (stuck).
 25743 | D:4      | 25743 ||| PLANNING CONVERSION TO OKAWARU
 25745 | D:3      | 25745 ||| PLANNING D:1-11
 25766 | D:3      | 25766 ||| PLANNING CONVERSION TO OKAWARU
 25766 | D:3      | 25766 ||| PLANNING D:1-11
 25766 | D:3      | 25766 ||| Stepping randomly (stuck).
 25791 | D:4      | 25791 ||| PLANNING CONVERSION TO OKAWARU
 25793 | D:3      | 25793 ||| PLANNING D:1-11
 25814 | D:3      | 25814 ||| PLANNING CONVERSION TO OKAWARU
 25814 | D:3      | 25814 ||| PLANNING D:1-11
 25814 | D:3      | 25814 ||| Stepping randomly (stuck).
 25839 | D:4      | 25839 ||| PLANNING CONVERSION TO OKAWARU
 25841 | D:3      | 25841 ||| PLANNING D:1-11
 25862 | D:3      | 25862 ||| PLANNING CONVERSION TO OKAWARU
 25862 | D:3      | 25862 ||| PLANNING D:1-11
 25862 | D:3      | 25862 ||| Stepping randomly (stuck).
 25887 | D:4      | 25887 ||| PLANNING CONVERSION TO OKAWARU
 25889 | D:3      | 25889 ||| PLANNING D:1-11
 25910 | D:3      | 25910 ||| PLANNING CONVERSION TO OKAWARU
 25910 | D:3      | 25910 ||| PLANNING D:1-11
 25910 | D:3      | 25910 ||| Stepping randomly (stuck).
 25935 | D:4      | 25935 ||| PLANNING CONVERSION TO OKAWARU
 25937 | D:3      | 25937 ||| PLANNING D:1-11
 25958 | D:3      | 25958 ||| PLANNING CONVERSION TO OKAWARU
 25958 | D:3      | 25958 ||| PLANNING D:1-11
 25958 | D:3      | 25958 ||| Stepping randomly (stuck).
 25983 | D:4      | 25983 ||| PLANNING CONVERSION TO OKAWARU
 25985 | D:3      | 25985 ||| PLANNING D:1-11
 26006 | D:3      | 26006 ||| PLANNING CONVERSION TO OKAWARU
 26006 | D:3      | 26006 ||| PLANNING D:1-11
 26006 | D:3      | 26006 ||| Stepping randomly (stuck).
 26031 | D:4      | 26031 ||| PLANNING CONVERSION TO OKAWARU
 26033 | D:3      | 26033 ||| PLANNING D:1-11
 26054 | D:3      | 26054 ||| PLANNING CONVERSION TO OKAWARU
 26054 | D:3      | 26054 ||| PLANNING D:1-11
 26054 | D:3      | 26054 ||| Stepping randomly (stuck).
 26079 | D:4      | 26079 ||| PLANNING CONVERSION TO OKAWARU
 26081 | D:3      | 26081 ||| PLANNING D:1-11
 26102 | D:3      | 26102 ||| PLANNING CONVERSION TO OKAWARU
 26102 | D:3      | 26102 ||| PLANNING D:1-11
 26102 | D:3      | 26102 ||| Stepping randomly (stuck).
 26127 | D:4      | 26127 ||| PLANNING CONVERSION TO OKAWARU
 26129 | D:3      | 26129 ||| PLANNING D:1-11
 26150 | D:3      | 26150 ||| PLANNING CONVERSION TO OKAWARU
 26150 | D:3      | 26150 ||| PLANNING D:1-11
 26150 | D:3      | 26150 ||| Stepping randomly (stuck).
 26175 | D:4      | 26175 ||| PLANNING CONVERSION TO OKAWARU
 26177 | D:3      | 26177 ||| PLANNING D:1-11
 26198 | D:3      | 26198 ||| PLANNING CONVERSION TO OKAWARU
 26198 | D:3      | 26198 ||| PLANNING D:1-11
 26198 | D:3      | 26198 ||| Stepping randomly (stuck).
 26223 | D:4      | 26223 ||| PLANNING CONVERSION TO OKAWARU
 26225 | D:3      | 26225 ||| PLANNING D:1-11
 26246 | D:3      | 26246 ||| PLANNING CONVERSION TO OKAWARU
 26246 | D:3      | 26246 ||| PLANNING D:1-11
 26246 | D:3      | 26246 ||| Stepping randomly (stuck).
 26271 | D:4      | 26271 ||| PLANNING CONVERSION TO OKAWARU
 26273 | D:3      | 26273 ||| PLANNING D:1-11
 26294 | D:3      | 26294 ||| PLANNING CONVERSION TO OKAWARU
 26294 | D:3      | 26294 ||| PLANNING D:1-11
 26294 | D:3      | 26294 ||| Stepping randomly (stuck).
 26319 | D:4      | 26319 ||| PLANNING CONVERSION TO OKAWARU
 26321 | D:3      | 26321 ||| PLANNING D:1-11
 26342 | D:3      | 26342 ||| PLANNING CONVERSION TO OKAWARU
 26342 | D:3      | 26342 ||| PLANNING D:1-11
 26342 | D:3      | 26342 ||| Stepping randomly (stuck).
 26367 | D:4      | 26367 ||| PLANNING CONVERSION TO OKAWARU
 26369 | D:3      | 26369 ||| PLANNING D:1-11
 26390 | D:3      | 26390 ||| PLANNING CONVERSION TO OKAWARU
 26390 | D:3      | 26390 ||| PLANNING D:1-11
 26390 | D:3      | 26390 ||| Stepping randomly (stuck).
 26415 | D:4      | 26415 ||| PLANNING CONVERSION TO OKAWARU
 26417 | D:3      | 26417 ||| PLANNING D:1-11
 26438 | D:3      | 26438 ||| PLANNING CONVERSION TO OKAWARU
 26438 | D:3      | 26438 ||| PLANNING D:1-11
 26438 | D:3      | 26438 ||| Stepping randomly (stuck).
 26463 | D:4      | 26463 ||| PLANNING CONVERSION TO OKAWARU
 26465 | D:3      | 26465 ||| PLANNING D:1-11
 26486 | D:3      | 26486 ||| PLANNING CONVERSION TO OKAWARU
 26486 | D:3      | 26486 ||| PLANNING D:1-11
 26486 | D:3      | 26486 ||| Stepping randomly (stuck).
 26511 | D:4      | 26511 ||| PLANNING CONVERSION TO OKAWARU
 26513 | D:3      | 26513 ||| PLANNING D:1-11
 26534 | D:3      | 26534 ||| PLANNING CONVERSION TO OKAWARU
 26534 | D:3      | 26534 ||| PLANNING D:1-11
 26534 | D:3      | 26534 ||| Stepping randomly (stuck).
 26559 | D:4      | 26559 ||| PLANNING CONVERSION TO OKAWARU
 26561 | D:3      | 26561 ||| PLANNING D:1-11
 26582 | D:3      | 26582 ||| PLANNING CONVERSION TO OKAWARU
 26582 | D:3      | 26582 ||| PLANNING D:1-11
 26582 | D:3      | 26582 ||| Stepping randomly (stuck).
 26607 | D:4      | 26607 ||| PLANNING CONVERSION TO OKAWARU
 26609 | D:3      | 26609 ||| PLANNING D:1-11
 26630 | D:3      | 26630 ||| PLANNING CONVERSION TO OKAWARU
 26630 | D:3      | 26630 ||| PLANNING D:1-11
 26630 | D:3      | 26630 ||| Stepping randomly (stuck).
 26655 | D:4      | 26655 ||| PLANNING CONVERSION TO OKAWARU
 26657 | D:3      | 26657 ||| PLANNING D:1-11
 26678 | D:3      | 26678 ||| PLANNING CONVERSION TO OKAWARU
 26678 | D:3      | 26678 ||| PLANNING D:1-11
 26678 | D:3      | 26678 ||| Stepping randomly (stuck).
 26703 | D:4      | 26703 ||| PLANNING CONVERSION TO OKAWARU
 26705 | D:3      | 26705 ||| PLANNING D:1-11
 26726 | D:3      | 26726 ||| PLANNING CONVERSION TO OKAWARU
 26726 | D:3      | 26726 ||| PLANNING D:1-11
 26726 | D:3      | 26726 ||| Stepping randomly (stuck).
 26751 | D:4      | 26751 ||| PLANNING CONVERSION TO OKAWARU
 26753 | D:3      | 26753 ||| PLANNING D:1-11
 26774 | D:3      | 26774 ||| PLANNING CONVERSION TO OKAWARU
 26774 | D:3      | 26774 ||| PLANNING D:1-11
 26774 | D:3      | 26774 ||| Stepping randomly (stuck).
 26799 | D:4      | 26799 ||| PLANNING CONVERSION TO OKAWARU
 26801 | D:3      | 26801 ||| PLANNING D:1-11
 26822 | D:3      | 26822 ||| PLANNING CONVERSION TO OKAWARU
 26822 | D:3      | 26822 ||| PLANNING D:1-11
 26822 | D:3      | 26822 ||| Stepping randomly (stuck).
 26847 | D:4      | 26847 ||| PLANNING CONVERSION TO OKAWARU
 26849 | D:3      | 26849 ||| PLANNING D:1-11
 26870 | D:3      | 26870 ||| PLANNING CONVERSION TO OKAWARU
 26870 | D:3      | 26870 ||| PLANNING D:1-11
 26870 | D:3      | 26870 ||| Stepping randomly (stuck).
 26895 | D:4      | 26895 ||| PLANNING CONVERSION TO OKAWARU
 26897 | D:3      | 26897 ||| PLANNING D:1-11
 26918 | D:3      | 26918 ||| PLANNING CONVERSION TO OKAWARU
 26918 | D:3      | 26918 ||| PLANNING D:1-11
 26918 | D:3      | 26918 ||| Stepping randomly (stuck).
 26943 | D:4      | 26943 ||| PLANNING CONVERSION TO OKAWARU
 26945 | D:3      | 26945 ||| PLANNING D:1-11
 26966 | D:3      | 26966 ||| PLANNING CONVERSION TO OKAWARU
 26966 | D:3      | 26966 ||| PLANNING D:1-11
 26966 | D:3      | 26966 ||| Stepping randomly (stuck).
 26991 | D:4      | 26991 ||| PLANNING CONVERSION TO OKAWARU
 26993 | D:3      | 26993 ||| PLANNING D:1-11
 27014 | D:3      | 27014 ||| PLANNING CONVERSION TO OKAWARU
 27014 | D:3      | 27014 ||| PLANNING D:1-11
 27014 | D:3      | 27014 ||| Stepping randomly (stuck).
 27039 | D:4      | 27039 ||| PLANNING CONVERSION TO OKAWARU
 27041 | D:3      | 27041 ||| PLANNING D:1-11
 27062 | D:3      | 27062 ||| PLANNING CONVERSION TO OKAWARU
 27062 | D:3      | 27062 ||| PLANNING D:1-11
 27062 | D:3      | 27062 ||| Stepping randomly (stuck).
 27087 | D:4      | 27087 ||| PLANNING CONVERSION TO OKAWARU
 27089 | D:3      | 27089 ||| PLANNING D:1-11
 27110 | D:3      | 27110 ||| PLANNING CONVERSION TO OKAWARU
 27110 | D:3      | 27110 ||| PLANNING D:1-11
 27110 | D:3      | 27110 ||| Stepping randomly (stuck).
 27135 | D:4      | 27135 ||| PLANNING CONVERSION TO OKAWARU
 27137 | D:3      | 27137 ||| PLANNING D:1-11
 27158 | D:3      | 27158 ||| PLANNING CONVERSION TO OKAWARU
 27158 | D:3      | 27158 ||| PLANNING D:1-11
 27158 | D:3      | 27158 ||| Stepping randomly (stuck).
 27183 | D:4      | 27183 ||| PLANNING CONVERSION TO OKAWARU
 27185 | D:3      | 27185 ||| PLANNING D:1-11
 27206 | D:3      | 27206 ||| PLANNING CONVERSION TO OKAWARU
 27206 | D:3      | 27206 ||| PLANNING D:1-11
 27206 | D:3      | 27206 ||| Stepping randomly (stuck).
 27231 | D:4      | 27231 ||| PLANNING CONVERSION TO OKAWARU
 27233 | D:3      | 27233 ||| PLANNING D:1-11
 27254 | D:3      | 27254 ||| PLANNING CONVERSION TO OKAWARU
 27254 | D:3      | 27254 ||| PLANNING D:1-11
 27254 | D:3      | 27254 ||| Stepping randomly (stuck).
 27279 | D:4      | 27279 ||| PLANNING CONVERSION TO OKAWARU
 27281 | D:3      | 27281 ||| PLANNING D:1-11
 27302 | D:3      | 27302 ||| PLANNING CONVERSION TO OKAWARU
 27302 | D:3      | 27302 ||| PLANNING D:1-11
 27302 | D:3      | 27302 ||| Stepping randomly (stuck).
 27327 | D:4      | 27327 ||| PLANNING CONVERSION TO OKAWARU
 27329 | D:3      | 27329 ||| PLANNING D:1-11
 27350 | D:3      | 27350 ||| PLANNING CONVERSION TO OKAWARU
 27350 | D:3      | 27350 ||| PLANNING D:1-11
 27350 | D:3      | 27350 ||| Stepping randomly (stuck).
 27375 | D:4      | 27375 ||| PLANNING CONVERSION TO OKAWARU
 27377 | D:3      | 27377 ||| PLANNING D:1-11
 27398 | D:3      | 27398 ||| PLANNING CONVERSION TO OKAWARU
 27398 | D:3      | 27398 ||| PLANNING D:1-11
 27398 | D:3      | 27398 ||| Stepping randomly (stuck).
 27423 | D:4      | 27423 ||| PLANNING CONVERSION TO OKAWARU
 27425 | D:3      | 27425 ||| PLANNING D:1-11
 27446 | D:3      | 27446 ||| PLANNING CONVERSION TO OKAWARU
 27446 | D:3      | 27446 ||| PLANNING D:1-11
 27446 | D:3      | 27446 ||| Stepping randomly (stuck).
 27471 | D:4      | 27471 ||| PLANNING CONVERSION TO OKAWARU
 27473 | D:3      | 27473 ||| PLANNING D:1-11
 27494 | D:3      | 27494 ||| PLANNING CONVERSION TO OKAWARU
 27494 | D:3      | 27494 ||| PLANNING D:1-11
 27494 | D:3      | 27494 ||| Stepping randomly (stuck).
 27519 | D:4      | 27519 ||| PLANNING CONVERSION TO OKAWARU
 27521 | D:3      | 27521 ||| PLANNING D:1-11
 27542 | D:3      | 27542 ||| PLANNING CONVERSION TO OKAWARU
 27542 | D:3      | 27542 ||| PLANNING D:1-11
 27542 | D:3      | 27542 ||| Stepping randomly (stuck).
 27567 | D:4      | 27567 ||| PLANNING CONVERSION TO OKAWARU
 27569 | D:3      | 27569 ||| PLANNING D:1-11
 27590 | D:3      | 27590 ||| PLANNING CONVERSION TO OKAWARU
 27590 | D:3      | 27590 ||| PLANNING D:1-11
 27590 | D:3      | 27590 ||| Stepping randomly (stuck).
 27615 | D:4      | 27615 ||| PLANNING CONVERSION TO OKAWARU
 27617 | D:3      | 27617 ||| PLANNING D:1-11
 27638 | D:3      | 27638 ||| PLANNING CONVERSION TO OKAWARU
 27638 | D:3      | 27638 ||| PLANNING D:1-11
 27638 | D:3      | 27638 ||| Stepping randomly (stuck).
 27663 | D:4      | 27663 ||| PLANNING CONVERSION TO OKAWARU
 27665 | D:3      | 27665 ||| PLANNING D:1-11
 27686 | D:3      | 27686 ||| PLANNING CONVERSION TO OKAWARU
 27686 | D:3      | 27686 ||| PLANNING D:1-11
 27686 | D:3      | 27686 ||| Stepping randomly (stuck).
 27711 | D:4      | 27711 ||| PLANNING CONVERSION TO OKAWARU
 27713 | D:3      | 27713 ||| PLANNING D:1-11
 27734 | D:3      | 27734 ||| PLANNING CONVERSION TO OKAWARU
 27734 | D:3      | 27734 ||| PLANNING D:1-11
 27734 | D:3      | 27734 ||| Stepping randomly (stuck).
 27759 | D:4      | 27759 ||| PLANNING CONVERSION TO OKAWARU
 27761 | D:3      | 27761 ||| PLANNING D:1-11
 27782 | D:3      | 27782 ||| PLANNING CONVERSION TO OKAWARU
 27782 | D:3      | 27782 ||| PLANNING D:1-11
 27782 | D:3      | 27782 ||| Stepping randomly (stuck).
 27807 | D:4      | 27807 ||| PLANNING CONVERSION TO OKAWARU
 27809 | D:3      | 27809 ||| PLANNING D:1-11
 27830 | D:3      | 27830 ||| PLANNING CONVERSION TO OKAWARU
 27830 | D:3      | 27830 ||| PLANNING D:1-11
 27830 | D:3      | 27830 ||| Stepping randomly (stuck).
 27855 | D:4      | 27855 ||| PLANNING CONVERSION TO OKAWARU
 27857 | D:3      | 27857 ||| PLANNING D:1-11
 27878 | D:3      | 27878 ||| PLANNING CONVERSION TO OKAWARU
 27878 | D:3      | 27878 ||| PLANNING D:1-11
 27878 | D:3      | 27878 ||| Stepping randomly (stuck).
 27903 | D:4      | 27903 ||| PLANNING CONVERSION TO OKAWARU
 27905 | D:3      | 27905 ||| PLANNING D:1-11
 27926 | D:3      | 27926 ||| PLANNING CONVERSION TO OKAWARU
 27926 | D:3      | 27926 ||| PLANNING D:1-11
 27926 | D:3      | 27926 ||| Stepping randomly (stuck).
 27951 | D:4      | 27951 ||| PLANNING CONVERSION TO OKAWARU
 27953 | D:3      | 27953 ||| PLANNING D:1-11
 27974 | D:3      | 27974 ||| PLANNING CONVERSION TO OKAWARU
 27974 | D:3      | 27974 ||| PLANNING D:1-11
 27974 | D:3      | 27974 ||| Stepping randomly (stuck).
 27999 | D:4      | 27999 ||| PLANNING CONVERSION TO OKAWARU
 28001 | D:3      | 28001 ||| PLANNING D:1-11
 28022 | D:3      | 28022 ||| PLANNING CONVERSION TO OKAWARU
 28022 | D:3      | 28022 ||| PLANNING D:1-11
 28022 | D:3      | 28022 ||| Stepping randomly (stuck).
 28047 | D:4      | 28047 ||| PLANNING CONVERSION TO OKAWARU
 28049 | D:3      | 28049 ||| PLANNING D:1-11
 28070 | D:3      | 28070 ||| PLANNING CONVERSION TO OKAWARU
 28070 | D:3      | 28070 ||| PLANNING D:1-11
 28070 | D:3      | 28070 ||| Stepping randomly (stuck).
 28095 | D:4      | 28095 ||| PLANNING CONVERSION TO OKAWARU
 28097 | D:3      | 28097 ||| PLANNING D:1-11
 28118 | D:3      | 28118 ||| PLANNING CONVERSION TO OKAWARU
 28118 | D:3      | 28118 ||| PLANNING D:1-11
 28118 | D:3      | 28118 ||| Stepping randomly (stuck).
 28143 | D:4      | 28143 ||| PLANNING CONVERSION TO OKAWARU
 28145 | D:3      | 28145 ||| PLANNING D:1-11
 28166 | D:3      | 28166 ||| PLANNING CONVERSION TO OKAWARU
 28166 | D:3      | 28166 ||| PLANNING D:1-11
 28166 | D:3      | 28166 ||| Stepping randomly (stuck).
 28191 | D:4      | 28191 ||| PLANNING CONVERSION TO OKAWARU
 28193 | D:3      | 28193 ||| PLANNING D:1-11
 28214 | D:3      | 28214 ||| PLANNING CONVERSION TO OKAWARU
 28214 | D:3      | 28214 ||| PLANNING D:1-11
 28214 | D:3      | 28214 ||| Stepping randomly (stuck).
 28239 | D:4      | 28239 ||| PLANNING CONVERSION TO OKAWARU
 28241 | D:3      | 28241 ||| PLANNING D:1-11
 28262 | D:3      | 28262 ||| PLANNING CONVERSION TO OKAWARU
 28262 | D:3      | 28262 ||| PLANNING D:1-11
 28262 | D:3      | 28262 ||| Stepping randomly (stuck).
 28287 | D:4      | 28287 ||| PLANNING CONVERSION TO OKAWARU
 28289 | D:3      | 28289 ||| PLANNING D:1-11
 28310 | D:3      | 28310 ||| PLANNING CONVERSION TO OKAWARU
 28310 | D:3      | 28310 ||| PLANNING D:1-11
 28310 | D:3      | 28310 ||| Stepping randomly (stuck).
 28335 | D:4      | 28335 ||| PLANNING CONVERSION TO OKAWARU
 28337 | D:3      | 28337 ||| PLANNING D:1-11
 28358 | D:3      | 28358 ||| PLANNING CONVERSION TO OKAWARU
 28358 | D:3      | 28358 ||| PLANNING D:1-11
 28358 | D:3      | 28358 ||| Stepping randomly (stuck).
 28383 | D:4      | 28383 ||| PLANNING CONVERSION TO OKAWARU
 28385 | D:3      | 28385 ||| PLANNING D:1-11
 28406 | D:3      | 28406 ||| PLANNING CONVERSION TO OKAWARU
 28406 | D:3      | 28406 ||| PLANNING D:1-11
 28406 | D:3      | 28406 ||| Stepping randomly (stuck).
 28431 | D:4      | 28431 ||| PLANNING CONVERSION TO OKAWARU
 28433 | D:3      | 28433 ||| PLANNING D:1-11
 28454 | D:3      | 28454 ||| PLANNING CONVERSION TO OKAWARU
 28454 | D:3      | 28454 ||| PLANNING D:1-11
 28454 | D:3      | 28454 ||| Stepping randomly (stuck).
 28479 | D:4      | 28479 ||| PLANNING CONVERSION TO OKAWARU
 28481 | D:3      | 28481 ||| PLANNING D:1-11
 28502 | D:3      | 28502 ||| PLANNING CONVERSION TO OKAWARU
 28502 | D:3      | 28502 ||| PLANNING D:1-11
 28502 | D:3      | 28502 ||| Stepping randomly (stuck).
 28527 | D:4      | 28527 ||| PLANNING CONVERSION TO OKAWARU
 28529 | D:3      | 28529 ||| PLANNING D:1-11
 28550 | D:3      | 28550 ||| PLANNING CONVERSION TO OKAWARU
 28550 | D:3      | 28550 ||| PLANNING D:1-11
 28550 | D:3      | 28550 ||| Stepping randomly (stuck).
 28575 | D:4      | 28575 ||| PLANNING CONVERSION TO OKAWARU
 28577 | D:3      | 28577 ||| PLANNING D:1-11
 28598 | D:3      | 28598 ||| PLANNING CONVERSION TO OKAWARU
 28598 | D:3      | 28598 ||| PLANNING D:1-11
 28598 | D:3      | 28598 ||| Stepping randomly (stuck).
 28623 | D:4      | 28623 ||| PLANNING CONVERSION TO OKAWARU
 28625 | D:3      | 28625 ||| PLANNING D:1-11
 28646 | D:3      | 28646 ||| PLANNING CONVERSION TO OKAWARU
 28646 | D:3      | 28646 ||| PLANNING D:1-11
 28646 | D:3      | 28646 ||| Stepping randomly (stuck).
 28671 | D:4      | 28671 ||| PLANNING CONVERSION TO OKAWARU
 28673 | D:3      | 28673 ||| PLANNING D:1-11
 28694 | D:3      | 28694 ||| PLANNING CONVERSION TO OKAWARU
 28694 | D:3      | 28694 ||| PLANNING D:1-11
 28694 | D:3      | 28694 ||| Stepping randomly (stuck).
 28719 | D:4      | 28719 ||| PLANNING CONVERSION TO OKAWARU
 28721 | D:3      | 28721 ||| PLANNING D:1-11
 28742 | D:3      | 28742 ||| PLANNING CONVERSION TO OKAWARU
 28742 | D:3      | 28742 ||| PLANNING D:1-11
 28742 | D:3      | 28742 ||| Stepping randomly (stuck).
 28767 | D:4      | 28767 ||| PLANNING CONVERSION TO OKAWARU
 28769 | D:3      | 28769 ||| PLANNING D:1-11
 28790 | D:3      | 28790 ||| PLANNING CONVERSION TO OKAWARU
 28790 | D:3      | 28790 ||| PLANNING D:1-11
 28790 | D:3      | 28790 ||| Stepping randomly (stuck).
 28815 | D:4      | 28815 ||| PLANNING CONVERSION TO OKAWARU
 28817 | D:3      | 28817 ||| PLANNING D:1-11
 28838 | D:3      | 28838 ||| PLANNING CONVERSION TO OKAWARU
 28838 | D:3      | 28838 ||| PLANNING D:1-11
 28838 | D:3      | 28838 ||| Stepping randomly (stuck).
 28863 | D:4      | 28863 ||| PLANNING CONVERSION TO OKAWARU
 28865 | D:3      | 28865 ||| PLANNING D:1-11
 28886 | D:3      | 28886 ||| PLANNING CONVERSION TO OKAWARU
 28886 | D:3      | 28886 ||| PLANNING D:1-11
 28886 | D:3      | 28886 ||| Stepping randomly (stuck).
 28911 | D:4      | 28911 ||| PLANNING CONVERSION TO OKAWARU
 28913 | D:3      | 28913 ||| PLANNING D:1-11
 28934 | D:3      | 28934 ||| PLANNING CONVERSION TO OKAWARU
 28934 | D:3      | 28934 ||| PLANNING D:1-11
 28934 | D:3      | 28934 ||| Stepping randomly (stuck).
 28959 | D:4      | 28959 ||| PLANNING CONVERSION TO OKAWARU
 28961 | D:3      | 28961 ||| PLANNING D:1-11
 28982 | D:3      | 28982 ||| PLANNING CONVERSION TO OKAWARU
 28982 | D:3      | 28982 ||| PLANNING D:1-11
 28982 | D:3      | 28982 ||| Stepping randomly (stuck).
 29007 | D:4      | 29007 ||| PLANNING CONVERSION TO OKAWARU
 29009 | D:3      | 29009 ||| PLANNING D:1-11
 29030 | D:3      | 29030 ||| PLANNING CONVERSION TO OKAWARU
 29030 | D:3      | 29030 ||| PLANNING D:1-11
 29030 | D:3      | 29030 ||| Stepping randomly (stuck).
 29055 | D:4      | 29055 ||| PLANNING CONVERSION TO OKAWARU
 29057 | D:3      | 29057 ||| PLANNING D:1-11
 29078 | D:3      | 29078 ||| PLANNING CONVERSION TO OKAWARU
 29078 | D:3      | 29078 ||| PLANNING D:1-11
 29078 | D:3      | 29078 ||| Stepping randomly (stuck).
 29103 | D:4      | 29103 ||| PLANNING CONVERSION TO OKAWARU
 29105 | D:3      | 29105 ||| PLANNING D:1-11
 29126 | D:3      | 29126 ||| PLANNING CONVERSION TO OKAWARU
 29126 | D:3      | 29126 ||| PLANNING D:1-11
 29126 | D:3      | 29126 ||| Stepping randomly (stuck).
 29151 | D:4      | 29151 ||| PLANNING CONVERSION TO OKAWARU
 29153 | D:3      | 29153 ||| PLANNING D:1-11
 29174 | D:3      | 29174 ||| PLANNING CONVERSION TO OKAWARU
 29174 | D:3      | 29174 ||| PLANNING D:1-11
 29174 | D:3      | 29174 ||| Stepping randomly (stuck).
 29199 | D:4      | 29199 ||| PLANNING CONVERSION TO OKAWARU
 29201 | D:3      | 29201 ||| PLANNING D:1-11
 29222 | D:3      | 29222 ||| PLANNING CONVERSION TO OKAWARU
 29222 | D:3      | 29222 ||| PLANNING D:1-11
 29222 | D:3      | 29222 ||| Stepping randomly (stuck).
 29247 | D:4      | 29247 ||| PLANNING CONVERSION TO OKAWARU
 29249 | D:3      | 29249 ||| PLANNING D:1-11
 29270 | D:3      | 29270 ||| PLANNING CONVERSION TO OKAWARU
 29270 | D:3      | 29270 ||| PLANNING D:1-11
 29270 | D:3      | 29270 ||| Stepping randomly (stuck).
 29295 | D:4      | 29295 ||| PLANNING CONVERSION TO OKAWARU
 29297 | D:3      | 29297 ||| PLANNING D:1-11
 29318 | D:3      | 29318 ||| PLANNING CONVERSION TO OKAWARU
 29318 | D:3      | 29318 ||| PLANNING D:1-11
 29318 | D:3      | 29318 ||| Stepping randomly (stuck).
 29343 | D:4      | 29343 ||| PLANNING CONVERSION TO OKAWARU
 29345 | D:3      | 29345 ||| PLANNING D:1-11
 29366 | D:3      | 29366 ||| PLANNING CONVERSION TO OKAWARU
 29366 | D:3      | 29366 ||| PLANNING D:1-11
 29366 | D:3      | 29366 ||| Stepping randomly (stuck).
 29391 | D:4      | 29391 ||| PLANNING CONVERSION TO OKAWARU
 29393 | D:3      | 29393 ||| PLANNING D:1-11
 29414 | D:3      | 29414 ||| PLANNING CONVERSION TO OKAWARU
 29414 | D:3      | 29414 ||| PLANNING D:1-11
 29414 | D:3      | 29414 ||| Stepping randomly (stuck).
 29439 | D:4      | 29439 ||| PLANNING CONVERSION TO OKAWARU
 29441 | D:3      | 29441 ||| PLANNING D:1-11
 29462 | D:3      | 29462 ||| PLANNING CONVERSION TO OKAWARU
 29462 | D:3      | 29462 ||| PLANNING D:1-11
 29462 | D:3      | 29462 ||| Stepping randomly (stuck).
 29487 | D:4      | 29487 ||| PLANNING CONVERSION TO OKAWARU
 29489 | D:3      | 29489 ||| PLANNING D:1-11
 29510 | D:3      | 29510 ||| PLANNING CONVERSION TO OKAWARU
 29510 | D:3      | 29510 ||| PLANNING D:1-11
 29510 | D:3      | 29510 ||| Stepping randomly (stuck).
 29535 | D:4      | 29535 ||| PLANNING CONVERSION TO OKAWARU
 29537 | D:3      | 29537 ||| PLANNING D:1-11
 29558 | D:3      | 29558 ||| PLANNING CONVERSION TO OKAWARU
 29558 | D:3      | 29558 ||| PLANNING D:1-11
 29558 | D:3      | 29558 ||| Stepping randomly (stuck).
 29583 | D:4      | 29583 ||| PLANNING CONVERSION TO OKAWARU
 29585 | D:3      | 29585 ||| PLANNING D:1-11
 29606 | D:3      | 29606 ||| PLANNING CONVERSION TO OKAWARU
 29606 | D:3      | 29606 ||| PLANNING D:1-11
 29606 | D:3      | 29606 ||| Stepping randomly (stuck).
 29631 | D:4      | 29631 ||| PLANNING CONVERSION TO OKAWARU
 29633 | D:3      | 29633 ||| PLANNING D:1-11
 29654 | D:3      | 29654 ||| PLANNING CONVERSION TO OKAWARU
 29654 | D:3      | 29654 ||| PLANNING D:1-11
 29654 | D:3      | 29654 ||| Stepping randomly (stuck).
 29679 | D:4      | 29679 ||| PLANNING CONVERSION TO OKAWARU
 29681 | D:3      | 29681 ||| PLANNING D:1-11
 29702 | D:3      | 29702 ||| PLANNING CONVERSION TO OKAWARU
 29702 | D:3      | 29702 ||| PLANNING D:1-11
 29702 | D:3      | 29702 ||| Stepping randomly (stuck).
 29727 | D:4      | 29727 ||| PLANNING CONVERSION TO OKAWARU
 29729 | D:3      | 29729 ||| PLANNING D:1-11
 29750 | D:3      | 29750 ||| PLANNING CONVERSION TO OKAWARU
 29750 | D:3      | 29750 ||| PLANNING D:1-11
 29750 | D:3      | 29750 ||| Stepping randomly (stuck).
 29775 | D:4      | 29775 ||| PLANNING CONVERSION TO OKAWARU
 29777 | D:3      | 29777 ||| PLANNING D:1-11
 29798 | D:3      | 29798 ||| PLANNING CONVERSION TO OKAWARU
 29798 | D:3      | 29798 ||| PLANNING D:1-11
 29798 | D:3      | 29798 ||| Stepping randomly (stuck).
 29823 | D:4      | 29823 ||| PLANNING CONVERSION TO OKAWARU
 29825 | D:3      | 29825 ||| PLANNING D:1-11
 29846 | D:3      | 29846 ||| PLANNING CONVERSION TO OKAWARU
 29846 | D:3      | 29846 ||| PLANNING D:1-11
 29846 | D:3      | 29846 ||| Stepping randomly (stuck).
 29871 | D:4      | 29871 ||| PLANNING CONVERSION TO OKAWARU
 29873 | D:3      | 29873 ||| PLANNING D:1-11
 29894 | D:3      | 29894 ||| PLANNING CONVERSION TO OKAWARU
 29894 | D:3      | 29894 ||| PLANNING D:1-11
 29894 | D:3      | 29894 ||| Stepping randomly (stuck).
 29919 | D:4      | 29919 ||| PLANNING CONVERSION TO OKAWARU
 29921 | D:3      | 29921 ||| PLANNING D:1-11
 29942 | D:3      | 29942 ||| PLANNING CONVERSION TO OKAWARU
 29942 | D:3      | 29942 ||| PLANNING D:1-11
 29942 | D:3      | 29942 ||| Stepping randomly (stuck).
 29967 | D:4      | 29967 ||| PLANNING CONVERSION TO OKAWARU
 29969 | D:3      | 29969 ||| PLANNING D:1-11
 29990 | D:3      | 29990 ||| PLANNING CONVERSION TO OKAWARU
 29990 | D:3      | 29990 ||| PLANNING D:1-11
 29990 | D:3      | 29990 ||| Stepping randomly (stuck).
 30015 | D:4      | 30015 ||| PLANNING CONVERSION TO OKAWARU
 30017 | D:3      | 30017 ||| PLANNING D:1-11
 30038 | D:3      | 30038 ||| PLANNING CONVERSION TO OKAWARU
 30038 | D:3      | 30038 ||| PLANNING D:1-11
 30038 | D:3      | 30038 ||| Stepping randomly (stuck).
 30063 | D:4      | 30063 ||| PLANNING CONVERSION TO OKAWARU
 30065 | D:3      | 30065 ||| PLANNING D:1-11
 30086 | D:3      | 30086 ||| PLANNING CONVERSION TO OKAWARU
 30086 | D:3      | 30086 ||| PLANNING D:1-11
 30086 | D:3      | 30086 ||| Stepping randomly (stuck).
 30111 | D:4      | 30111 ||| PLANNING CONVERSION TO OKAWARU
 30113 | D:3      | 30113 ||| PLANNING D:1-11
 30134 | D:3      | 30134 ||| PLANNING CONVERSION TO OKAWARU
 30134 | D:3      | 30134 ||| PLANNING D:1-11
 30134 | D:3      | 30134 ||| Stepping randomly (stuck).
 30159 | D:4      | 30159 ||| PLANNING CONVERSION TO OKAWARU
 30161 | D:3      | 30161 ||| PLANNING D:1-11
 30182 | D:3      | 30182 ||| PLANNING CONVERSION TO OKAWARU
 30182 | D:3      | 30182 ||| PLANNING D:1-11
 30182 | D:3      | 30182 ||| Stepping randomly (stuck).
 30207 | D:4      | 30207 ||| PLANNING CONVERSION TO OKAWARU
 30209 | D:3      | 30209 ||| PLANNING D:1-11
 30230 | D:3      | 30230 ||| PLANNING CONVERSION TO OKAWARU
 30230 | D:3      | 30230 ||| PLANNING D:1-11
 30230 | D:3      | 30230 ||| Stepping randomly (stuck).
 30255 | D:4      | 30255 ||| PLANNING CONVERSION TO OKAWARU
 30257 | D:3      | 30257 ||| PLANNING D:1-11
 30278 | D:3      | 30278 ||| PLANNING CONVERSION TO OKAWARU
 30278 | D:3      | 30278 ||| PLANNING D:1-11
 30278 | D:3      | 30278 ||| Stepping randomly (stuck).
 30303 | D:4      | 30303 ||| PLANNING CONVERSION TO OKAWARU
 30305 | D:3      | 30305 ||| PLANNING D:1-11
 30326 | D:3      | 30326 ||| PLANNING CONVERSION TO OKAWARU
 30326 | D:3      | 30326 ||| PLANNING D:1-11
 30326 | D:3      | 30326 ||| Stepping randomly (stuck).
 30351 | D:4      | 30351 ||| PLANNING CONVERSION TO OKAWARU
 30353 | D:3      | 30353 ||| PLANNING D:1-11
 30374 | D:3      | 30374 ||| PLANNING CONVERSION TO OKAWARU
 30374 | D:3      | 30374 ||| PLANNING D:1-11
 30374 | D:3      | 30374 ||| Stepping randomly (stuck).
 30399 | D:4      | 30399 ||| PLANNING CONVERSION TO OKAWARU
 30401 | D:3      | 30401 ||| PLANNING D:1-11
 30422 | D:3      | 30422 ||| PLANNING CONVERSION TO OKAWARU
 30422 | D:3      | 30422 ||| PLANNING D:1-11
 30422 | D:3      | 30422 ||| Stepping randomly (stuck).
 30447 | D:4      | 30447 ||| PLANNING CONVERSION TO OKAWARU
 30449 | D:3      | 30449 ||| PLANNING D:1-11
 30470 | D:3      | 30470 ||| PLANNING CONVERSION TO OKAWARU
 30470 | D:3      | 30470 ||| PLANNING D:1-11
 30470 | D:3      | 30470 ||| Stepping randomly (stuck).
 30495 | D:4      | 30495 ||| PLANNING CONVERSION TO OKAWARU
 30497 | D:3      | 30497 ||| PLANNING D:1-11
 30518 | D:3      | 30518 ||| PLANNING CONVERSION TO OKAWARU
 30518 | D:3      | 30518 ||| PLANNING D:1-11
 30518 | D:3      | 30518 ||| Stepping randomly (stuck).
 30543 | D:4      | 30543 ||| PLANNING CONVERSION TO OKAWARU
 30545 | D:3      | 30545 ||| PLANNING D:1-11
 30566 | D:3      | 30566 ||| PLANNING CONVERSION TO OKAWARU
 30566 | D:3      | 30566 ||| PLANNING D:1-11
 30566 | D:3      | 30566 ||| Stepping randomly (stuck).
 30591 | D:4      | 30591 ||| PLANNING CONVERSION TO OKAWARU
 30593 | D:3      | 30593 ||| PLANNING D:1-11
 30614 | D:3      | 30614 ||| PLANNING CONVERSION TO OKAWARU
 30614 | D:3      | 30614 ||| PLANNING D:1-11
 30614 | D:3      | 30614 ||| Stepping randomly (stuck).
 30639 | D:4      | 30639 ||| PLANNING CONVERSION TO OKAWARU
 30641 | D:3      | 30641 ||| PLANNING D:1-11
 30662 | D:3      | 30662 ||| PLANNING CONVERSION TO OKAWARU
 30662 | D:3      | 30662 ||| PLANNING D:1-11
 30662 | D:3      | 30662 ||| Stepping randomly (stuck).
 30687 | D:4      | 30687 ||| PLANNING CONVERSION TO OKAWARU
 30689 | D:3      | 30689 ||| PLANNING D:1-11
 30710 | D:3      | 30710 ||| PLANNING CONVERSION TO OKAWARU
 30710 | D:3      | 30710 ||| PLANNING D:1-11
 30710 | D:3      | 30710 ||| Stepping randomly (stuck).
 30735 | D:4      | 30735 ||| PLANNING CONVERSION TO OKAWARU
 30737 | D:3      | 30737 ||| PLANNING D:1-11
 30758 | D:3      | 30758 ||| PLANNING CONVERSION TO OKAWARU
 30758 | D:3      | 30758 ||| PLANNING D:1-11
 30758 | D:3      | 30758 ||| Stepping randomly (stuck).
 30783 | D:4      | 30783 ||| PLANNING CONVERSION TO OKAWARU
 30785 | D:3      | 30785 ||| PLANNING D:1-11
 30806 | D:3      | 30806 ||| PLANNING CONVERSION TO OKAWARU
 30806 | D:3      | 30806 ||| PLANNING D:1-11
 30806 | D:3      | 30806 ||| Stepping randomly (stuck).
 30831 | D:4      | 30831 ||| PLANNING CONVERSION TO OKAWARU
 30833 | D:3      | 30833 ||| PLANNING D:1-11
 30854 | D:3      | 30854 ||| PLANNING CONVERSION TO OKAWARU
 30854 | D:3      | 30854 ||| PLANNING D:1-11
 30854 | D:3      | 30854 ||| Stepping randomly (stuck).
 30879 | D:4      | 30879 ||| PLANNING CONVERSION TO OKAWARU
 30881 | D:3      | 30881 ||| PLANNING D:1-11
 30902 | D:3      | 30902 ||| PLANNING CONVERSION TO OKAWARU
 30902 | D:3      | 30902 ||| PLANNING D:1-11
 30902 | D:3      | 30902 ||| Stepping randomly (stuck).
 30927 | D:4      | 30927 ||| PLANNING CONVERSION TO OKAWARU
 30929 | D:3      | 30929 ||| PLANNING D:1-11
 30950 | D:3      | 30950 ||| PLANNING CONVERSION TO OKAWARU
 30950 | D:3      | 30950 ||| PLANNING D:1-11
 30950 | D:3      | 30950 ||| Stepping randomly (stuck).
 30975 | D:4      | 30975 ||| PLANNING CONVERSION TO OKAWARU
 30977 | D:3      | 30977 ||| PLANNING D:1-11
 30998 | D:3      | 30998 ||| PLANNING CONVERSION TO OKAWARU
 30998 | D:3      | 30998 ||| PLANNING D:1-11
 30998 | D:3      | 30998 ||| Stepping randomly (stuck).
 31023 | D:4      | 31023 ||| PLANNING CONVERSION TO OKAWARU
 31025 | D:3      | 31025 ||| PLANNING D:1-11
 31046 | D:3      | 31046 ||| PLANNING CONVERSION TO OKAWARU
 31046 | D:3      | 31046 ||| PLANNING D:1-11
 31046 | D:3      | 31046 ||| Stepping randomly (stuck).
 31071 | D:4      | 31071 ||| PLANNING CONVERSION TO OKAWARU
 31073 | D:3      | 31073 ||| PLANNING D:1-11
 31094 | D:3      | 31094 ||| PLANNING CONVERSION TO OKAWARU
 31094 | D:3      | 31094 ||| PLANNING D:1-11
 31094 | D:3      | 31094 ||| Stepping randomly (stuck).
 31119 | D:4      | 31119 ||| PLANNING CONVERSION TO OKAWARU
 31121 | D:3      | 31121 ||| PLANNING D:1-11
 31142 | D:3      | 31142 ||| PLANNING CONVERSION TO OKAWARU
 31142 | D:3      | 31142 ||| PLANNING D:1-11
 31142 | D:3      | 31142 ||| Stepping randomly (stuck).
 31167 | D:4      | 31167 ||| PLANNING CONVERSION TO OKAWARU
 31169 | D:3      | 31169 ||| PLANNING D:1-11
 31190 | D:3      | 31190 ||| PLANNING CONVERSION TO OKAWARU
 31190 | D:3      | 31190 ||| PLANNING D:1-11
 31190 | D:3      | 31190 ||| Stepping randomly (stuck).
 31215 | D:4      | 31215 ||| PLANNING CONVERSION TO OKAWARU
 31217 | D:3      | 31217 ||| PLANNING D:1-11
 31238 | D:3      | 31238 ||| PLANNING CONVERSION TO OKAWARU
 31238 | D:3      | 31238 ||| PLANNING D:1-11
 31238 | D:3      | 31238 ||| Stepping randomly (stuck).
 31263 | D:4      | 31263 ||| PLANNING CONVERSION TO OKAWARU
 31265 | D:3      | 31265 ||| PLANNING D:1-11
 31286 | D:3      | 31286 ||| PLANNING CONVERSION TO OKAWARU
 31286 | D:3      | 31286 ||| PLANNING D:1-11
 31286 | D:3      | 31286 ||| Stepping randomly (stuck).
 31311 | D:4      | 31311 ||| PLANNING CONVERSION TO OKAWARU
 31313 | D:3      | 31313 ||| PLANNING D:1-11
 31334 | D:3      | 31334 ||| PLANNING CONVERSION TO OKAWARU
 31334 | D:3      | 31334 ||| PLANNING D:1-11
 31334 | D:3      | 31334 ||| Stepping randomly (stuck).
 31359 | D:4      | 31359 ||| PLANNING CONVERSION TO OKAWARU
 31361 | D:3      | 31361 ||| PLANNING D:1-11
 31382 | D:3      | 31382 ||| PLANNING CONVERSION TO OKAWARU
 31382 | D:3      | 31382 ||| PLANNING D:1-11
 31382 | D:3      | 31382 ||| Stepping randomly (stuck).
 31407 | D:4      | 31407 ||| PLANNING CONVERSION TO OKAWARU
 31409 | D:3      | 31409 ||| PLANNING D:1-11
 31430 | D:3      | 31430 ||| PLANNING CONVERSION TO OKAWARU
 31430 | D:3      | 31430 ||| PLANNING D:1-11
 31430 | D:3      | 31430 ||| Stepping randomly (stuck).
 31455 | D:4      | 31455 ||| PLANNING CONVERSION TO OKAWARU
 31457 | D:3      | 31457 ||| PLANNING D:1-11
 31478 | D:3      | 31478 ||| PLANNING CONVERSION TO OKAWARU
 31478 | D:3      | 31478 ||| PLANNING D:1-11
 31478 | D:3      | 31478 ||| Stepping randomly (stuck).
 31503 | D:4      | 31503 ||| PLANNING CONVERSION TO OKAWARU
 31505 | D:3      | 31505 ||| PLANNING D:1-11
 31526 | D:3      | 31526 ||| PLANNING CONVERSION TO OKAWARU
 31526 | D:3      | 31526 ||| PLANNING D:1-11
 31526 | D:3      | 31526 ||| Stepping randomly (stuck).
 31551 | D:4      | 31551 ||| PLANNING CONVERSION TO OKAWARU
 31553 | D:3      | 31553 ||| PLANNING D:1-11
 31574 | D:3      | 31574 ||| PLANNING CONVERSION TO OKAWARU
 31574 | D:3      | 31574 ||| PLANNING D:1-11
 31574 | D:3      | 31574 ||| Stepping randomly (stuck).
 31599 | D:4      | 31599 ||| PLANNING CONVERSION TO OKAWARU
 31601 | D:3      | 31601 ||| PLANNING D:1-11
 31622 | D:3      | 31622 ||| PLANNING CONVERSION TO OKAWARU
 31622 | D:3      | 31622 ||| PLANNING D:1-11
 31622 | D:3      | 31622 ||| Stepping randomly (stuck).
 31647 | D:4      | 31647 ||| PLANNING CONVERSION TO OKAWARU
 31649 | D:3      | 31649 ||| PLANNING D:1-11
 31670 | D:3      | 31670 ||| PLANNING CONVERSION TO OKAWARU
 31670 | D:3      | 31670 ||| PLANNING D:1-11
 31670 | D:3      | 31670 ||| Stepping randomly (stuck).
 31695 | D:4      | 31695 ||| PLANNING CONVERSION TO OKAWARU
 31697 | D:3      | 31697 ||| PLANNING D:1-11
 31718 | D:3      | 31718 ||| PLANNING CONVERSION TO OKAWARU
 31718 | D:3      | 31718 ||| PLANNING D:1-11
 31718 | D:3      | 31718 ||| Stepping randomly (stuck).
 31743 | D:4      | 31743 ||| PLANNING CONVERSION TO OKAWARU
 31745 | D:3      | 31745 ||| PLANNING D:1-11
 31766 | D:3      | 31766 ||| PLANNING CONVERSION TO OKAWARU
 31766 | D:3      | 31766 ||| PLANNING D:1-11
 31766 | D:3      | 31766 ||| Stepping randomly (stuck).
 31791 | D:4      | 31791 ||| PLANNING CONVERSION TO OKAWARU
 31793 | D:3      | 31793 ||| PLANNING D:1-11
 31814 | D:3      | 31814 ||| PLANNING CONVERSION TO OKAWARU
 31814 | D:3      | 31814 ||| PLANNING D:1-11
 31814 | D:3      | 31814 ||| Stepping randomly (stuck).
 31839 | D:4      | 31839 ||| PLANNING CONVERSION TO OKAWARU
 31841 | D:3      | 31841 ||| PLANNING D:1-11
 31862 | D:3      | 31862 ||| PLANNING CONVERSION TO OKAWARU
 31862 | D:3      | 31862 ||| PLANNING D:1-11
 31862 | D:3      | 31862 ||| Stepping randomly (stuck).
 31887 | D:4      | 31887 ||| PLANNING CONVERSION TO OKAWARU
 31889 | D:3      | 31889 ||| PLANNING D:1-11
 31910 | D:3      | 31910 ||| PLANNING CONVERSION TO OKAWARU
 31910 | D:3      | 31910 ||| PLANNING D:1-11
 31910 | D:3      | 31910 ||| Stepping randomly (stuck).
 31935 | D:4      | 31935 ||| PLANNING CONVERSION TO OKAWARU
 31937 | D:3      | 31937 ||| PLANNING D:1-11
 31958 | D:3      | 31958 ||| PLANNING CONVERSION TO OKAWARU
 31958 | D:3      | 31958 ||| PLANNING D:1-11
 31958 | D:3      | 31958 ||| Stepping randomly (stuck).
 31983 | D:4      | 31983 ||| PLANNING CONVERSION TO OKAWARU
 31985 | D:3      | 31985 ||| PLANNING D:1-11
 32006 | D:3      | 32006 ||| PLANNING CONVERSION TO OKAWARU
 32006 | D:3      | 32006 ||| PLANNING D:1-11
 32006 | D:3      | 32006 ||| Stepping randomly (stuck).
 32031 | D:4      | 32031 ||| PLANNING CONVERSION TO OKAWARU
 32033 | D:3      | 32033 ||| PLANNING D:1-11
 32054 | D:3      | 32054 ||| PLANNING CONVERSION TO OKAWARU
 32054 | D:3      | 32054 ||| PLANNING D:1-11
 32054 | D:3      | 32054 ||| Stepping randomly (stuck).
 32079 | D:4      | 32079 ||| PLANNING CONVERSION TO OKAWARU
 32081 | D:3      | 32081 ||| PLANNING D:1-11
 32102 | D:3      | 32102 ||| PLANNING CONVERSION TO OKAWARU
 32102 | D:3      | 32102 ||| PLANNING D:1-11
 32102 | D:3      | 32102 ||| Stepping randomly (stuck).
 32127 | D:4      | 32127 ||| PLANNING CONVERSION TO OKAWARU
 32129 | D:3      | 32129 ||| PLANNING D:1-11
 32150 | D:3      | 32150 ||| PLANNING CONVERSION TO OKAWARU
 32150 | D:3      | 32150 ||| PLANNING D:1-11
 32150 | D:3      | 32150 ||| Stepping randomly (stuck).
 32175 | D:4      | 32175 ||| PLANNING CONVERSION TO OKAWARU
 32177 | D:3      | 32177 ||| PLANNING D:1-11
 32198 | D:3      | 32198 ||| PLANNING CONVERSION TO OKAWARU
 32198 | D:3      | 32198 ||| PLANNING D:1-11
 32198 | D:3      | 32198 ||| Stepping randomly (stuck).
 32223 | D:4      | 32223 ||| PLANNING CONVERSION TO OKAWARU
 32225 | D:3      | 32225 ||| PLANNING D:1-11
 32246 | D:3      | 32246 ||| PLANNING CONVERSION TO OKAWARU
 32246 | D:3      | 32246 ||| PLANNING D:1-11
 32246 | D:3      | 32246 ||| Stepping randomly (stuck).
 32271 | D:4      | 32271 ||| PLANNING CONVERSION TO OKAWARU
 32273 | D:3      | 32273 ||| PLANNING D:1-11
 32294 | D:3      | 32294 ||| PLANNING CONVERSION TO OKAWARU
 32294 | D:3      | 32294 ||| PLANNING D:1-11
 32294 | D:3      | 32294 ||| Stepping randomly (stuck).
 32319 | D:4      | 32319 ||| PLANNING CONVERSION TO OKAWARU
 32321 | D:3      | 32321 ||| PLANNING D:1-11
 32342 | D:3      | 32342 ||| PLANNING CONVERSION TO OKAWARU
 32342 | D:3      | 32342 ||| PLANNING D:1-11
 32342 | D:3      | 32342 ||| Stepping randomly (stuck).
 32367 | D:4      | 32367 ||| PLANNING CONVERSION TO OKAWARU
 32369 | D:3      | 32369 ||| PLANNING D:1-11
 32390 | D:3      | 32390 ||| PLANNING CONVERSION TO OKAWARU
 32390 | D:3      | 32390 ||| PLANNING D:1-11
 32390 | D:3      | 32390 ||| Stepping randomly (stuck).
 32415 | D:4      | 32415 ||| PLANNING CONVERSION TO OKAWARU
 32417 | D:3      | 32417 ||| PLANNING D:1-11
 32438 | D:3      | 32438 ||| PLANNING CONVERSION TO OKAWARU
 32438 | D:3      | 32438 ||| PLANNING D:1-11
 32438 | D:3      | 32438 ||| Stepping randomly (stuck).
 32463 | D:4      | 32463 ||| PLANNING CONVERSION TO OKAWARU
 32465 | D:3      | 32465 ||| PLANNING D:1-11
 32486 | D:3      | 32486 ||| PLANNING CONVERSION TO OKAWARU
 32486 | D:3      | 32486 ||| PLANNING D:1-11
 32486 | D:3      | 32486 ||| Stepping randomly (stuck).
 32511 | D:4      | 32511 ||| PLANNING CONVERSION TO OKAWARU
 32513 | D:3      | 32513 ||| PLANNING D:1-11
 32534 | D:3      | 32534 ||| PLANNING CONVERSION TO OKAWARU
 32534 | D:3      | 32534 ||| PLANNING D:1-11
 32534 | D:3      | 32534 ||| Stepping randomly (stuck).
 32559 | D:4      | 32559 ||| PLANNING CONVERSION TO OKAWARU
 32561 | D:3      | 32561 ||| PLANNING D:1-11
 32582 | D:3      | 32582 ||| PLANNING CONVERSION TO OKAWARU
 32582 | D:3      | 32582 ||| PLANNING D:1-11
 32582 | D:3      | 32582 ||| Stepping randomly (stuck).
 32607 | D:4      | 32607 ||| PLANNING CONVERSION TO OKAWARU
 32609 | D:3      | 32609 ||| PLANNING D:1-11
 32630 | D:3      | 32630 ||| PLANNING CONVERSION TO OKAWARU
 32630 | D:3      | 32630 ||| PLANNING D:1-11
 32630 | D:3      | 32630 ||| Stepping randomly (stuck).
 32655 | D:4      | 32655 ||| PLANNING CONVERSION TO OKAWARU
 32657 | D:3      | 32657 ||| PLANNING D:1-11
 32678 | D:3      | 32678 ||| PLANNING CONVERSION TO OKAWARU
 32678 | D:3      | 32678 ||| PLANNING D:1-11
 32678 | D:3      | 32678 ||| Stepping randomly (stuck).
 32703 | D:4      | 32703 ||| PLANNING CONVERSION TO OKAWARU
 32705 | D:3      | 32705 ||| PLANNING D:1-11
 32726 | D:3      | 32726 ||| PLANNING CONVERSION TO OKAWARU
 32726 | D:3      | 32726 ||| PLANNING D:1-11
 32726 | D:3      | 32726 ||| Stepping randomly (stuck).
 32751 | D:4      | 32751 ||| PLANNING CONVERSION TO OKAWARU
 32753 | D:3      | 32753 ||| PLANNING D:1-11
 32774 | D:3      | 32774 ||| PLANNING CONVERSION TO OKAWARU
 32774 | D:3      | 32774 ||| PLANNING D:1-11
 32774 | D:3      | 32774 ||| Stepping randomly (stuck).
 32799 | D:4      | 32799 ||| PLANNING CONVERSION TO OKAWARU
 32801 | D:3      | 32801 ||| PLANNING D:1-11
 32822 | D:3      | 32822 ||| PLANNING CONVERSION TO OKAWARU
 32822 | D:3      | 32822 ||| PLANNING D:1-11
 32822 | D:3      | 32822 ||| Stepping randomly (stuck).
 32847 | D:4      | 32847 ||| PLANNING CONVERSION TO OKAWARU
 32849 | D:3      | 32849 ||| PLANNING D:1-11
 32870 | D:3      | 32870 ||| PLANNING CONVERSION TO OKAWARU
 32870 | D:3      | 32870 ||| PLANNING D:1-11
 32870 | D:3      | 32870 ||| Stepping randomly (stuck).
 32895 | D:4      | 32895 ||| PLANNING CONVERSION TO OKAWARU
 32897 | D:3      | 32897 ||| PLANNING D:1-11
 32918 | D:3      | 32918 ||| PLANNING CONVERSION TO OKAWARU
 32918 | D:3      | 32918 ||| PLANNING D:1-11
 32918 | D:3      | 32918 ||| Stepping randomly (stuck).
 32943 | D:4      | 32943 ||| PLANNING CONVERSION TO OKAWARU
 32945 | D:3      | 32945 ||| PLANNING D:1-11
 32966 | D:3      | 32966 ||| PLANNING CONVERSION TO OKAWARU
 32966 | D:3      | 32966 ||| PLANNING D:1-11
 32966 | D:3      | 32966 ||| Stepping randomly (stuck).
 32991 | D:4      | 32991 ||| PLANNING CONVERSION TO OKAWARU
 32993 | D:3      | 32993 ||| PLANNING D:1-11
 33014 | D:3      | 33014 ||| PLANNING CONVERSION TO OKAWARU
 33014 | D:3      | 33014 ||| PLANNING D:1-11
 33014 | D:3      | 33014 ||| Stepping randomly (stuck).
 33039 | D:4      | 33039 ||| PLANNING CONVERSION TO OKAWARU
 33041 | D:3      | 33041 ||| PLANNING D:1-11
 33062 | D:3      | 33062 ||| PLANNING CONVERSION TO OKAWARU
 33062 | D:3      | 33062 ||| PLANNING D:1-11
 33062 | D:3      | 33062 ||| Stepping randomly (stuck).
 33087 | D:4      | 33087 ||| PLANNING CONVERSION TO OKAWARU
 33089 | D:3      | 33089 ||| PLANNING D:1-11
 33110 | D:3      | 33110 ||| PLANNING CONVERSION TO OKAWARU
 33110 | D:3      | 33110 ||| PLANNING D:1-11
 33110 | D:3      | 33110 ||| Stepping randomly (stuck).
 33135 | D:4      | 33135 ||| PLANNING CONVERSION TO OKAWARU
 33137 | D:3      | 33137 ||| PLANNING D:1-11
 33158 | D:3      | 33158 ||| PLANNING CONVERSION TO OKAWARU
 33158 | D:3      | 33158 ||| PLANNING D:1-11
 33158 | D:3      | 33158 ||| Stepping randomly (stuck).
 33183 | D:4      | 33183 ||| PLANNING CONVERSION TO OKAWARU
 33185 | D:3      | 33185 ||| PLANNING D:1-11
 33206 | D:3      | 33206 ||| PLANNING CONVERSION TO OKAWARU
 33206 | D:3      | 33206 ||| PLANNING D:1-11
 33206 | D:3      | 33206 ||| Stepping randomly (stuck).
 33231 | D:4      | 33231 ||| PLANNING CONVERSION TO OKAWARU
 33233 | D:3      | 33233 ||| PLANNING D:1-11
 33254 | D:3      | 33254 ||| PLANNING CONVERSION TO OKAWARU
 33254 | D:3      | 33254 ||| PLANNING D:1-11
 33254 | D:3      | 33254 ||| Stepping randomly (stuck).
 33279 | D:4      | 33279 ||| PLANNING CONVERSION TO OKAWARU
 33281 | D:3      | 33281 ||| PLANNING D:1-11
 33302 | D:3      | 33302 ||| PLANNING CONVERSION TO OKAWARU
 33302 | D:3      | 33302 ||| PLANNING D:1-11
 33302 | D:3      | 33302 ||| Stepping randomly (stuck).
 33327 | D:4      | 33327 ||| PLANNING CONVERSION TO OKAWARU
 33329 | D:3      | 33329 ||| PLANNING D:1-11
 33350 | D:3      | 33350 ||| PLANNING CONVERSION TO OKAWARU
 33350 | D:3      | 33350 ||| PLANNING D:1-11
 33350 | D:3      | 33350 ||| Stepping randomly (stuck).
 33375 | D:4      | 33375 ||| PLANNING CONVERSION TO OKAWARU
 33377 | D:3      | 33377 ||| PLANNING D:1-11
 33398 | D:3      | 33398 ||| PLANNING CONVERSION TO OKAWARU
 33398 | D:3      | 33398 ||| PLANNING D:1-11
 33398 | D:3      | 33398 ||| Stepping randomly (stuck).
 33423 | D:4      | 33423 ||| PLANNING CONVERSION TO OKAWARU
 33425 | D:3      | 33425 ||| PLANNING D:1-11
 33446 | D:3      | 33446 ||| PLANNING CONVERSION TO OKAWARU
 33446 | D:3      | 33446 ||| PLANNING D:1-11
 33446 | D:3      | 33446 ||| Stepping randomly (stuck).
 33471 | D:4      | 33471 ||| PLANNING CONVERSION TO OKAWARU
 33473 | D:3      | 33473 ||| PLANNING D:1-11
 33494 | D:3      | 33494 ||| PLANNING CONVERSION TO OKAWARU
 33494 | D:3      | 33494 ||| PLANNING D:1-11
 33494 | D:3      | 33494 ||| Stepping randomly (stuck).
 33519 | D:4      | 33519 ||| PLANNING CONVERSION TO OKAWARU
 33521 | D:3      | 33521 ||| PLANNING D:1-11
 33542 | D:3      | 33542 ||| PLANNING CONVERSION TO OKAWARU
 33542 | D:3      | 33542 ||| PLANNING D:1-11
 33542 | D:3      | 33542 ||| Stepping randomly (stuck).
 33567 | D:4      | 33567 ||| PLANNING CONVERSION TO OKAWARU
 33569 | D:3      | 33569 ||| PLANNING D:1-11
 33590 | D:3      | 33590 ||| PLANNING CONVERSION TO OKAWARU
 33590 | D:3      | 33590 ||| PLANNING D:1-11
 33590 | D:3      | 33590 ||| Stepping randomly (stuck).
 33615 | D:4      | 33615 ||| PLANNING CONVERSION TO OKAWARU
 33617 | D:3      | 33617 ||| PLANNING D:1-11
 33638 | D:3      | 33638 ||| PLANNING CONVERSION TO OKAWARU
 33638 | D:3      | 33638 ||| PLANNING D:1-11
 33638 | D:3      | 33638 ||| Stepping randomly (stuck).
 33663 | D:4      | 33663 ||| PLANNING CONVERSION TO OKAWARU
 33665 | D:3      | 33665 ||| PLANNING D:1-11
 33686 | D:3      | 33686 ||| PLANNING CONVERSION TO OKAWARU
 33686 | D:3      | 33686 ||| PLANNING D:1-11
 33686 | D:3      | 33686 ||| Stepping randomly (stuck).
 33711 | D:4      | 33711 ||| PLANNING CONVERSION TO OKAWARU
 33713 | D:3      | 33713 ||| PLANNING D:1-11
 33734 | D:3      | 33734 ||| PLANNING CONVERSION TO OKAWARU
 33734 | D:3      | 33734 ||| PLANNING D:1-11
 33734 | D:3      | 33734 ||| Stepping randomly (stuck).
 33759 | D:4      | 33759 ||| PLANNING CONVERSION TO OKAWARU
 33761 | D:3      | 33761 ||| PLANNING D:1-11
 33782 | D:3      | 33782 ||| PLANNING CONVERSION TO OKAWARU
 33782 | D:3      | 33782 ||| PLANNING D:1-11
 33782 | D:3      | 33782 ||| Stepping randomly (stuck).
 33807 | D:4      | 33807 ||| PLANNING CONVERSION TO OKAWARU
 33809 | D:3      | 33809 ||| PLANNING D:1-11
 33830 | D:3      | 33830 ||| PLANNING CONVERSION TO OKAWARU
 33830 | D:3      | 33830 ||| PLANNING D:1-11
 33830 | D:3      | 33830 ||| Stepping randomly (stuck).
 33855 | D:4      | 33855 ||| PLANNING CONVERSION TO OKAWARU
 33857 | D:3      | 33857 ||| PLANNING D:1-11
 33878 | D:3      | 33878 ||| PLANNING CONVERSION TO OKAWARU
 33878 | D:3      | 33878 ||| PLANNING D:1-11
 33878 | D:3      | 33878 ||| Stepping randomly (stuck).
 33903 | D:4      | 33903 ||| PLANNING CONVERSION TO OKAWARU
 33905 | D:3      | 33905 ||| PLANNING D:1-11
 33926 | D:3      | 33926 ||| PLANNING CONVERSION TO OKAWARU
 33926 | D:3      | 33926 ||| PLANNING D:1-11
 33926 | D:3      | 33926 ||| Stepping randomly (stuck).
 33951 | D:4      | 33951 ||| PLANNING CONVERSION TO OKAWARU
 33953 | D:3      | 33953 ||| PLANNING D:1-11
 33974 | D:3      | 33974 ||| PLANNING CONVERSION TO OKAWARU
 33974 | D:3      | 33974 ||| PLANNING D:1-11
 33974 | D:3      | 33974 ||| Stepping randomly (stuck).
 33999 | D:4      | 33999 ||| PLANNING CONVERSION TO OKAWARU
 34001 | D:3      | 34001 ||| PLANNING D:1-11
 34022 | D:3      | 34022 ||| PLANNING CONVERSION TO OKAWARU
 34022 | D:3      | 34022 ||| PLANNING D:1-11
 34022 | D:3      | 34022 ||| Stepping randomly (stuck).
 34047 | D:4      | 34047 ||| PLANNING CONVERSION TO OKAWARU
 34049 | D:3      | 34049 ||| PLANNING D:1-11
 34070 | D:3      | 34070 ||| PLANNING CONVERSION TO OKAWARU
 34070 | D:3      | 34070 ||| PLANNING D:1-11
 34070 | D:3      | 34070 ||| Stepping randomly (stuck).
 34095 | D:4      | 34095 ||| PLANNING CONVERSION TO OKAWARU
 34097 | D:3      | 34097 ||| PLANNING D:1-11
 34118 | D:3      | 34118 ||| PLANNING CONVERSION TO OKAWARU
 34118 | D:3      | 34118 ||| PLANNING D:1-11
 34118 | D:3      | 34118 ||| Stepping randomly (stuck).
 34143 | D:4      | 34143 ||| PLANNING CONVERSION TO OKAWARU
 34145 | D:3      | 34145 ||| PLANNING D:1-11
 34166 | D:3      | 34166 ||| PLANNING CONVERSION TO OKAWARU
 34166 | D:3      | 34166 ||| PLANNING D:1-11
 34166 | D:3      | 34166 ||| Stepping randomly (stuck).
 34191 | D:4      | 34191 ||| PLANNING CONVERSION TO OKAWARU
 34193 | D:3      | 34193 ||| PLANNING D:1-11
 34214 | D:3      | 34214 ||| PLANNING CONVERSION TO OKAWARU
 34214 | D:3      | 34214 ||| PLANNING D:1-11
 34214 | D:3      | 34214 ||| Stepping randomly (stuck).
 34239 | D:4      | 34239 ||| PLANNING CONVERSION TO OKAWARU
 34241 | D:3      | 34241 ||| PLANNING D:1-11
 34262 | D:3      | 34262 ||| PLANNING CONVERSION TO OKAWARU
 34262 | D:3      | 34262 ||| PLANNING D:1-11
 34262 | D:3      | 34262 ||| Stepping randomly (stuck).
 34287 | D:4      | 34287 ||| PLANNING CONVERSION TO OKAWARU
 34289 | D:3      | 34289 ||| PLANNING D:1-11
 34310 | D:3      | 34310 ||| PLANNING CONVERSION TO OKAWARU
 34310 | D:3      | 34310 ||| PLANNING D:1-11
 34310 | D:3      | 34310 ||| Stepping randomly (stuck).
 34335 | D:4      | 34335 ||| PLANNING CONVERSION TO OKAWARU
 34337 | D:3      | 34337 ||| PLANNING D:1-11
 34339 | D:3      | Glimpsed the power of Zot.
 34358 | D:3      | 34358 ||| PLANNING CONVERSION TO OKAWARU
 34358 | D:3      | 34358 ||| PLANNING D:1-11
 34358 | D:3      | 34358 ||| Stepping randomly (stuck).
 34383 | D:4      | 34383 ||| PLANNING CONVERSION TO OKAWARU
 34385 | D:3      | 34385 ||| PLANNING D:1-11
 34406 | D:3      | 34406 ||| PLANNING CONVERSION TO OKAWARU
 34406 | D:3      | 34406 ||| PLANNING D:1-11
 34406 | D:3      | 34406 ||| Stepping randomly (stuck).
 34431 | D:4      | 34431 ||| PLANNING CONVERSION TO OKAWARU
 34433 | D:3      | 34433 ||| PLANNING D:1-11
 34454 | D:3      | 34454 ||| PLANNING CONVERSION TO OKAWARU
 34454 | D:3      | 34454 ||| PLANNING D:1-11
 34454 | D:3      | 34454 ||| Stepping randomly (stuck).
 34479 | D:4      | 34479 ||| PLANNING CONVERSION TO OKAWARU
 34481 | D:3      | 34481 ||| PLANNING D:1-11
 34502 | D:3      | 34502 ||| PLANNING CONVERSION TO OKAWARU
 34502 | D:3      | 34502 ||| PLANNING D:1-11
 34502 | D:3      | 34502 ||| Stepping randomly (stuck).
 34527 | D:4      | 34527 ||| PLANNING CONVERSION TO OKAWARU
 34529 | D:3      | 34529 ||| PLANNING D:1-11
 34550 | D:3      | 34550 ||| PLANNING CONVERSION TO OKAWARU
 34550 | D:3      | 34550 ||| PLANNING D:1-11
 34550 | D:3      | 34550 ||| Stepping randomly (stuck).
 34575 | D:4      | 34575 ||| PLANNING CONVERSION TO OKAWARU
 34577 | D:3      | 34577 ||| PLANNING D:1-11
 34598 | D:3      | 34598 ||| PLANNING CONVERSION TO OKAWARU
 34598 | D:3      | 34598 ||| PLANNING D:1-11
 34598 | D:3      | 34598 ||| Stepping randomly (stuck).
 34623 | D:4      | 34623 ||| PLANNING CONVERSION TO OKAWARU
 34625 | D:3      | 34625 ||| PLANNING D:1-11
 34646 | D:3      | 34646 ||| PLANNING CONVERSION TO OKAWARU
 34646 | D:3      | 34646 ||| PLANNING D:1-11
 34646 | D:3      | 34646 ||| Stepping randomly (stuck).
 34671 | D:4      | 34671 ||| PLANNING CONVERSION TO OKAWARU
 34673 | D:3      | 34673 ||| PLANNING D:1-11
 34694 | D:3      | 34694 ||| PLANNING CONVERSION TO OKAWARU
 34694 | D:3      | 34694 ||| PLANNING D:1-11
 34694 | D:3      | 34694 ||| Stepping randomly (stuck).
 34719 | D:4      | 34719 ||| PLANNING CONVERSION TO OKAWARU
 34721 | D:3      | 34721 ||| PLANNING D:1-11
 34742 | D:3      | 34742 ||| PLANNING CONVERSION TO OKAWARU
 34742 | D:3      | 34742 ||| PLANNING D:1-11
 34742 | D:3      | 34742 ||| Stepping randomly (stuck).
 34767 | D:4      | 34767 ||| PLANNING CONVERSION TO OKAWARU
 34769 | D:3      | 34769 ||| PLANNING D:1-11
 34790 | D:3      | 34790 ||| PLANNING CONVERSION TO OKAWARU
 34790 | D:3      | 34790 ||| PLANNING D:1-11
 34790 | D:3      | 34790 ||| Stepping randomly (stuck).
 34810 | D:3      | Glimpsed the power of Zot.
 34815 | D:4      | 34815 ||| PLANNING CONVERSION TO OKAWARU
 34817 | D:3      | 34817 ||| PLANNING D:1-11
 34838 | D:3      | 34838 ||| PLANNING CONVERSION TO OKAWARU
 34838 | D:3      | 34838 ||| PLANNING D:1-11
 34838 | D:3      | 34838 ||| Stepping randomly (stuck).
 34863 | D:4      | 34863 ||| PLANNING CONVERSION TO OKAWARU
 34865 | D:3      | 34865 ||| PLANNING D:1-11
 34886 | D:3      | 34886 ||| PLANNING CONVERSION TO OKAWARU
 34886 | D:3      | 34886 ||| PLANNING D:1-11
 34886 | D:3      | 34886 ||| Stepping randomly (stuck).
 34911 | D:4      | 34911 ||| PLANNING CONVERSION TO OKAWARU
 34913 | D:3      | 34913 ||| PLANNING D:1-11
 34934 | D:3      | 34934 ||| PLANNING CONVERSION TO OKAWARU
 34934 | D:3      | 34934 ||| PLANNING D:1-11
 34934 | D:3      | 34934 ||| Stepping randomly (stuck).
 34959 | D:4      | 34959 ||| PLANNING CONVERSION TO OKAWARU
 34961 | D:3      | 34961 ||| PLANNING D:1-11
 34982 | D:3      | 34982 ||| PLANNING CONVERSION TO OKAWARU
 34982 | D:3      | 34982 ||| PLANNING D:1-11
 34982 | D:3      | 34982 ||| Stepping randomly (stuck).
 35007 | D:4      | 35007 ||| PLANNING CONVERSION TO OKAWARU
 35009 | D:3      | 35009 ||| PLANNING D:1-11
 35030 | D:3      | 35030 ||| PLANNING CONVERSION TO OKAWARU
 35030 | D:3      | 35030 ||| PLANNING D:1-11
 35030 | D:3      | 35030 ||| Stepping randomly (stuck).
 35055 | D:4      | 35055 ||| PLANNING CONVERSION TO OKAWARU
 35057 | D:3      | 35057 ||| PLANNING D:1-11
 35078 | D:3      | 35078 ||| PLANNING CONVERSION TO OKAWARU
 35078 | D:3      | 35078 ||| PLANNING D:1-11
 35078 | D:3      | 35078 ||| Stepping randomly (stuck).
 35103 | D:4      | 35103 ||| PLANNING CONVERSION TO OKAWARU
 35105 | D:3      | 35105 ||| PLANNING D:1-11
 35126 | D:3      | 35126 ||| PLANNING CONVERSION TO OKAWARU
 35126 | D:3      | 35126 ||| PLANNING D:1-11
 35126 | D:3      | 35126 ||| Stepping randomly (stuck).
 35151 | D:4      | 35151 ||| PLANNING CONVERSION TO OKAWARU
 35153 | D:3      | 35153 ||| PLANNING D:1-11
 35174 | D:3      | 35174 ||| PLANNING CONVERSION TO OKAWARU
 35174 | D:3      | 35174 ||| PLANNING D:1-11
 35174 | D:3      | 35174 ||| Stepping randomly (stuck).
 35186 | D:3      | Glimpsed the power of Zot.
 35199 | D:4      | 35199 ||| PLANNING CONVERSION TO OKAWARU
 35201 | D:3      | 35201 ||| PLANNING D:1-11
 35222 | D:3      | 35222 ||| PLANNING CONVERSION TO OKAWARU
 35222 | D:3      | 35222 ||| PLANNING D:1-11
 35222 | D:3      | 35222 ||| Stepping randomly (stuck).
 35247 | D:4      | 35247 ||| PLANNING CONVERSION TO OKAWARU
 35249 | D:3      | 35249 ||| PLANNING D:1-11
 35270 | D:3      | 35270 ||| PLANNING CONVERSION TO OKAWARU
 35270 | D:3      | 35270 ||| PLANNING D:1-11
 35270 | D:3      | 35270 ||| Stepping randomly (stuck).
 35280 | D:3      | Touched by the power of Zot.
 35281 | D:3      | Glimpsed the power of Zot.
 35295 | D:4      | 35295 ||| PLANNING CONVERSION TO OKAWARU
 35297 | D:3      | 35297 ||| PLANNING D:1-11
 35318 | D:3      | 35318 ||| PLANNING CONVERSION TO OKAWARU
 35318 | D:3      | 35318 ||| PLANNING D:1-11
 35318 | D:3      | 35318 ||| Stepping randomly (stuck).
 35343 | D:4      | 35343 ||| PLANNING CONVERSION TO OKAWARU
 35345 | D:3      | 35345 ||| PLANNING D:1-11
 35366 | D:3      | 35366 ||| PLANNING CONVERSION TO OKAWARU
 35366 | D:3      | 35366 ||| PLANNING D:1-11
 35366 | D:3      | 35366 ||| Stepping randomly (stuck).
 35391 | D:4      | 35391 ||| PLANNING CONVERSION TO OKAWARU
 35393 | D:3      | 35393 ||| PLANNING D:1-11
 35414 | D:3      | 35414 ||| PLANNING CONVERSION TO OKAWARU
 35414 | D:3      | 35414 ||| PLANNING D:1-11
 35414 | D:3      | 35414 ||| Stepping randomly (stuck).
 35439 | D:4      | 35439 ||| PLANNING CONVERSION TO OKAWARU
 35441 | D:3      | 35441 ||| PLANNING D:1-11
 35462 | D:3      | 35462 ||| PLANNING CONVERSION TO OKAWARU
 35462 | D:3      | 35462 ||| PLANNING D:1-11
 35462 | D:3      | 35462 ||| Stepping randomly (stuck).
 35487 | D:4      | 35487 ||| PLANNING CONVERSION TO OKAWARU
 35489 | D:3      | 35489 ||| PLANNING D:1-11
 35510 | D:3      | 35510 ||| PLANNING CONVERSION TO OKAWARU
 35510 | D:3      | 35510 ||| PLANNING D:1-11
 35510 | D:3      | 35510 ||| Stepping randomly (stuck).
 35535 | D:4      | 35535 ||| PLANNING CONVERSION TO OKAWARU
 35537 | D:3      | 35537 ||| PLANNING D:1-11
 35558 | D:3      | 35558 ||| PLANNING CONVERSION TO OKAWARU
 35558 | D:3      | 35558 ||| PLANNING D:1-11
 35558 | D:3      | 35558 ||| Stepping randomly (stuck).
 35583 | D:4      | 35583 ||| PLANNING CONVERSION TO OKAWARU
 35585 | D:3      | 35585 ||| PLANNING D:1-11
 35606 | D:3      | 35606 ||| PLANNING CONVERSION TO OKAWARU
 35606 | D:3      | 35606 ||| PLANNING D:1-11
 35606 | D:3      | 35606 ||| Stepping randomly (stuck).
 35631 | D:4      | 35631 ||| PLANNING CONVERSION TO OKAWARU
 35633 | D:3      | 35633 ||| PLANNING D:1-11
 35654 | D:3      | 35654 ||| PLANNING CONVERSION TO OKAWARU
 35654 | D:3      | 35654 ||| PLANNING D:1-11
 35654 | D:3      | 35654 ||| Stepping randomly (stuck).
 35679 | D:4      | 35679 ||| PLANNING CONVERSION TO OKAWARU
 35681 | D:3      | 35681 ||| PLANNING D:1-11
 35702 | D:3      | 35702 ||| PLANNING CONVERSION TO OKAWARU
 35702 | D:3      | 35702 ||| PLANNING D:1-11
 35702 | D:3      | 35702 ||| Stepping randomly (stuck).
 35727 | D:4      | 35727 ||| PLANNING CONVERSION TO OKAWARU
 35729 | D:3      | 35729 ||| PLANNING D:1-11
 35750 | D:3      | 35750 ||| PLANNING CONVERSION TO OKAWARU
 35750 | D:3      | 35750 ||| PLANNING D:1-11
 35750 | D:3      | 35750 ||| Stepping randomly (stuck).
 35752 | D:3      | Glimpsed the power of Zot.
 35775 | D:4      | 35775 ||| PLANNING CONVERSION TO OKAWARU
 35777 | D:3      | 35777 ||| PLANNING D:1-11
 35798 | D:3      | 35798 ||| PLANNING CONVERSION TO OKAWARU
 35798 | D:3      | 35798 ||| PLANNING D:1-11
 35798 | D:3      | 35798 ||| Stepping randomly (stuck).
 35823 | D:4      | 35823 ||| PLANNING CONVERSION TO OKAWARU
 35825 | D:3      | 35825 ||| PLANNING D:1-11
 35846 | D:3      | 35846 ||| PLANNING CONVERSION TO OKAWARU
 35846 | D:3      | 35846 ||| PLANNING D:1-11
 35846 | D:3      | 35846 ||| Stepping randomly (stuck).
 35871 | D:4      | 35871 ||| PLANNING CONVERSION TO OKAWARU
 35873 | D:3      | 35873 ||| PLANNING D:1-11
 35894 | D:3      | 35894 ||| PLANNING CONVERSION TO OKAWARU
 35894 | D:3      | 35894 ||| PLANNING D:1-11
 35894 | D:3      | 35894 ||| Stepping randomly (stuck).
 35919 | D:4      | 35919 ||| PLANNING CONVERSION TO OKAWARU
 35921 | D:3      | 35921 ||| PLANNING D:1-11
 35942 | D:3      | 35942 ||| PLANNING CONVERSION TO OKAWARU
 35942 | D:3      | 35942 ||| PLANNING D:1-11
 35942 | D:3      | 35942 ||| Stepping randomly (stuck).
 35967 | D:4      | 35967 ||| PLANNING CONVERSION TO OKAWARU
 35969 | D:3      | 35969 ||| PLANNING D:1-11
 35990 | D:3      | 35990 ||| PLANNING CONVERSION TO OKAWARU
 35990 | D:3      | 35990 ||| PLANNING D:1-11
 35990 | D:3      | 35990 ||| Stepping randomly (stuck).
 36015 | D:4      | 36015 ||| PLANNING CONVERSION TO OKAWARU
 36017 | D:3      | 36017 ||| PLANNING D:1-11
 36038 | D:3      | 36038 ||| PLANNING CONVERSION TO OKAWARU
 36038 | D:3      | 36038 ||| PLANNING D:1-11
 36038 | D:3      | 36038 ||| Stepping randomly (stuck).
 36063 | D:4      | 36063 ||| PLANNING CONVERSION TO OKAWARU
 36065 | D:3      | 36065 ||| PLANNING D:1-11
 36086 | D:3      | 36086 ||| PLANNING CONVERSION TO OKAWARU
 36086 | D:3      | 36086 ||| PLANNING D:1-11
 36086 | D:3      | 36086 ||| Stepping randomly (stuck).
 36111 | D:4      | 36111 ||| PLANNING CONVERSION TO OKAWARU
 36113 | D:3      | 36113 ||| PLANNING D:1-11
 36129 | D:3      | Glimpsed the power of Zot.
 36134 | D:3      | 36134 ||| PLANNING CONVERSION TO OKAWARU
 36134 | D:3      | 36134 ||| PLANNING D:1-11
 36134 | D:3      | 36134 ||| Stepping randomly (stuck).
 36159 | D:4      | 36159 ||| PLANNING CONVERSION TO OKAWARU
 36161 | D:3      | 36161 ||| PLANNING D:1-11
 36182 | D:3      | 36182 ||| PLANNING CONVERSION TO OKAWARU
 36182 | D:3      | 36182 ||| PLANNING D:1-11
 36182 | D:3      | 36182 ||| Stepping randomly (stuck).
 36207 | D:4      | 36207 ||| PLANNING CONVERSION TO OKAWARU
 36209 | D:3      | 36209 ||| PLANNING D:1-11
 36222 | D:3      | Touched by the power of Zot.
 36223 | D:3      | Glimpsed the power of Zot.
 36230 | D:3      | 36230 ||| PLANNING CONVERSION TO OKAWARU
 36230 | D:3      | 36230 ||| PLANNING D:1-11
 36230 | D:3      | 36230 ||| Stepping randomly (stuck).
 36255 | D:4      | 36255 ||| PLANNING CONVERSION TO OKAWARU
 36257 | D:3      | 36257 ||| PLANNING D:1-11
 36278 | D:3      | 36278 ||| PLANNING CONVERSION TO OKAWARU
 36278 | D:3      | 36278 ||| PLANNING D:1-11
 36278 | D:3      | 36278 ||| Stepping randomly (stuck).
 36303 | D:4      | 36303 ||| PLANNING CONVERSION TO OKAWARU
 36305 | D:3      | 36305 ||| PLANNING D:1-11
 36326 | D:3      | 36326 ||| PLANNING CONVERSION TO OKAWARU
 36326 | D:3      | 36326 ||| PLANNING D:1-11
 36326 | D:3      | 36326 ||| Stepping randomly (stuck).
 36351 | D:4      | 36351 ||| PLANNING CONVERSION TO OKAWARU
 36353 | D:3      | 36353 ||| PLANNING D:1-11
 36374 | D:3      | 36374 ||| PLANNING CONVERSION TO OKAWARU
 36374 | D:3      | 36374 ||| PLANNING D:1-11
 36374 | D:3      | 36374 ||| Stepping randomly (stuck).
 36399 | D:4      | 36399 ||| PLANNING CONVERSION TO OKAWARU
 36401 | D:3      | 36401 ||| PLANNING D:1-11
 36422 | D:3      | 36422 ||| PLANNING CONVERSION TO OKAWARU
 36422 | D:3      | 36422 ||| PLANNING D:1-11
 36422 | D:3      | 36422 ||| Stepping randomly (stuck).
 36447 | D:4      | 36447 ||| PLANNING CONVERSION TO OKAWARU
 36449 | D:3      | 36449 ||| PLANNING D:1-11
 36470 | D:3      | 36470 ||| PLANNING CONVERSION TO OKAWARU
 36470 | D:3      | 36470 ||| PLANNING D:1-11
 36470 | D:3      | 36470 ||| Stepping randomly (stuck).
 36495 | D:4      | 36495 ||| PLANNING CONVERSION TO OKAWARU
 36497 | D:3      | 36497 ||| PLANNING D:1-11
 36518 | D:3      | 36518 ||| PLANNING CONVERSION TO OKAWARU
 36518 | D:3      | 36518 ||| PLANNING D:1-11
 36518 | D:3      | 36518 ||| Stepping randomly (stuck).
 36543 | D:4      | 36543 ||| PLANNING CONVERSION TO OKAWARU
 36545 | D:3      | 36545 ||| PLANNING D:1-11
 36566 | D:3      | 36566 ||| PLANNING CONVERSION TO OKAWARU
 36566 | D:3      | 36566 ||| PLANNING D:1-11
 36566 | D:3      | 36566 ||| Stepping randomly (stuck).
 36591 | D:4      | 36591 ||| PLANNING CONVERSION TO OKAWARU
 36593 | D:3      | 36593 ||| PLANNING D:1-11
 36614 | D:3      | 36614 ||| PLANNING CONVERSION TO OKAWARU
 36614 | D:3      | 36614 ||| PLANNING D:1-11
 36614 | D:3      | 36614 ||| Stepping randomly (stuck).
 36639 | D:4      | 36639 ||| PLANNING CONVERSION TO OKAWARU
 36641 | D:3      | 36641 ||| PLANNING D:1-11
 36662 | D:3      | 36662 ||| PLANNING CONVERSION TO OKAWARU
 36662 | D:3      | 36662 ||| PLANNING D:1-11
 36662 | D:3      | 36662 ||| Stepping randomly (stuck).
 36687 | D:4      | 36687 ||| PLANNING CONVERSION TO OKAWARU
 36689 | D:3      | 36689 ||| PLANNING D:1-11
 36693 | D:3      | Glimpsed the power of Zot.
 36710 | D:3      | 36710 ||| PLANNING CONVERSION TO OKAWARU
 36710 | D:3      | 36710 ||| PLANNING D:1-11
 36710 | D:3      | 36710 ||| Stepping randomly (stuck).
 36735 | D:4      | 36735 ||| PLANNING CONVERSION TO OKAWARU
 36737 | D:3      | 36737 ||| PLANNING D:1-11
 36758 | D:3      | 36758 ||| PLANNING CONVERSION TO OKAWARU
 36758 | D:3      | 36758 ||| PLANNING D:1-11
 36758 | D:3      | 36758 ||| Stepping randomly (stuck).
 36783 | D:4      | 36783 ||| PLANNING CONVERSION TO OKAWARU
 36785 | D:3      | 36785 ||| PLANNING D:1-11
 36806 | D:3      | 36806 ||| PLANNING CONVERSION TO OKAWARU
 36806 | D:3      | 36806 ||| PLANNING D:1-11
 36806 | D:3      | 36806 ||| Stepping randomly (stuck).
 36831 | D:4      | 36831 ||| PLANNING CONVERSION TO OKAWARU
 36833 | D:3      | 36833 ||| PLANNING D:1-11
 36854 | D:3      | 36854 ||| PLANNING CONVERSION TO OKAWARU
 36854 | D:3      | 36854 ||| PLANNING D:1-11
 36854 | D:3      | 36854 ||| Stepping randomly (stuck).
 36879 | D:4      | 36879 ||| PLANNING CONVERSION TO OKAWARU
 36881 | D:3      | 36881 ||| PLANNING D:1-11
 36902 | D:3      | 36902 ||| PLANNING CONVERSION TO OKAWARU
 36902 | D:3      | 36902 ||| PLANNING D:1-11
 36902 | D:3      | 36902 ||| Stepping randomly (stuck).
 36927 | D:4      | 36927 ||| PLANNING CONVERSION TO OKAWARU
 36929 | D:3      | 36929 ||| PLANNING D:1-11
 36950 | D:3      | 36950 ||| PLANNING CONVERSION TO OKAWARU
 36950 | D:3      | 36950 ||| PLANNING D:1-11
 36950 | D:3      | 36950 ||| Stepping randomly (stuck).
 36975 | D:4      | 36975 ||| PLANNING CONVERSION TO OKAWARU
 36977 | D:3      | 36977 ||| PLANNING D:1-11
 36998 | D:3      | 36998 ||| PLANNING CONVERSION TO OKAWARU
 36998 | D:3      | 36998 ||| PLANNING D:1-11
 36998 | D:3      | 36998 ||| Stepping randomly (stuck).
 37023 | D:4      | 37023 ||| PLANNING CONVERSION TO OKAWARU
 37025 | D:3      | 37025 ||| PLANNING D:1-11
 37046 | D:3      | 37046 ||| PLANNING CONVERSION TO OKAWARU
 37046 | D:3      | 37046 ||| PLANNING D:1-11
 37046 | D:3      | 37046 ||| Stepping randomly (stuck).
 37070 | D:4      | Glimpsed the power of Zot.
 37071 | D:4      | 37071 ||| PLANNING CONVERSION TO OKAWARU
 37073 | D:3      | 37073 ||| PLANNING D:1-11
 37094 | D:3      | 37094 ||| PLANNING CONVERSION TO OKAWARU
 37094 | D:3      | 37094 ||| PLANNING D:1-11
 37094 | D:3      | 37094 ||| Stepping randomly (stuck).
 37119 | D:4      | 37119 ||| PLANNING CONVERSION TO OKAWARU
 37121 | D:3      | 37121 ||| PLANNING D:1-11
 37142 | D:3      | 37142 ||| PLANNING CONVERSION TO OKAWARU
 37142 | D:3      | 37142 ||| PLANNING D:1-11
 37142 | D:3      | 37142 ||| Stepping randomly (stuck).
 37163 | D:3      | Touched by the power of Zot.
 37164 | D:3      | Glimpsed the power of Zot.
 37167 | D:4      | 37167 ||| PLANNING CONVERSION TO OKAWARU
 37169 | D:3      | 37169 ||| PLANNING D:1-11
 37190 | D:3      | 37190 ||| PLANNING CONVERSION TO OKAWARU
 37190 | D:3      | 37190 ||| PLANNING D:1-11
 37190 | D:3      | 37190 ||| Stepping randomly (stuck).
 37215 | D:4      | 37215 ||| PLANNING CONVERSION TO OKAWARU
 37217 | D:3      | 37217 ||| PLANNING D:1-11
 37238 | D:3      | 37238 ||| PLANNING CONVERSION TO OKAWARU
 37238 | D:3      | 37238 ||| PLANNING D:1-11
 37238 | D:3      | 37238 ||| Stepping randomly (stuck).
 37263 | D:4      | 37263 ||| PLANNING CONVERSION TO OKAWARU
 37265 | D:3      | 37265 ||| PLANNING D:1-11
 37286 | D:3      | 37286 ||| PLANNING CONVERSION TO OKAWARU
 37286 | D:3      | 37286 ||| PLANNING D:1-11
 37286 | D:3      | 37286 ||| Stepping randomly (stuck).
 37311 | D:4      | 37311 ||| PLANNING CONVERSION TO OKAWARU
 37313 | D:3      | 37313 ||| PLANNING D:1-11
 37334 | D:3      | 37334 ||| PLANNING CONVERSION TO OKAWARU
 37334 | D:3      | 37334 ||| PLANNING D:1-11
 37334 | D:3      | 37334 ||| Stepping randomly (stuck).
 37359 | D:4      | 37359 ||| PLANNING CONVERSION TO OKAWARU
 37361 | D:3      | 37361 ||| PLANNING D:1-11
 37382 | D:3      | 37382 ||| PLANNING CONVERSION TO OKAWARU
 37382 | D:3      | 37382 ||| PLANNING D:1-11
 37382 | D:3      | 37382 ||| Stepping randomly (stuck).
 37407 | D:4      | 37407 ||| PLANNING CONVERSION TO OKAWARU
 37409 | D:3      | 37409 ||| PLANNING D:1-11
 37430 | D:3      | 37430 ||| PLANNING CONVERSION TO OKAWARU
 37430 | D:3      | 37430 ||| PLANNING D:1-11
 37430 | D:3      | 37430 ||| Stepping randomly (stuck).
 37455 | D:4      | 37455 ||| PLANNING CONVERSION TO OKAWARU
 37457 | D:3      | 37457 ||| PLANNING D:1-11
 37478 | D:3      | 37478 ||| PLANNING CONVERSION TO OKAWARU
 37478 | D:3      | 37478 ||| PLANNING D:1-11
 37478 | D:3      | 37478 ||| Stepping randomly (stuck).
 37503 | D:4      | 37503 ||| PLANNING CONVERSION TO OKAWARU
 37505 | D:3      | 37505 ||| PLANNING D:1-11
 37526 | D:3      | 37526 ||| PLANNING CONVERSION TO OKAWARU
 37526 | D:3      | 37526 ||| PLANNING D:1-11
 37526 | D:3      | 37526 ||| Stepping randomly (stuck).
 37551 | D:4      | 37551 ||| PLANNING CONVERSION TO OKAWARU
 37553 | D:3      | 37553 ||| PLANNING D:1-11
 37574 | D:3      | 37574 ||| PLANNING CONVERSION TO OKAWARU
 37574 | D:3      | 37574 ||| PLANNING D:1-11
 37574 | D:3      | 37574 ||| Stepping randomly (stuck).
 37599 | D:4      | 37599 ||| PLANNING CONVERSION TO OKAWARU
 37601 | D:3      | 37601 ||| PLANNING D:1-11
 37622 | D:3      | 37622 ||| PLANNING CONVERSION TO OKAWARU
 37622 | D:3      | 37622 ||| PLANNING D:1-11
 37622 | D:3      | 37622 ||| Stepping randomly (stuck).
 37634 | D:3      | Glimpsed the power of Zot.
 37647 | D:4      | 37647 ||| PLANNING CONVERSION TO OKAWARU
 37649 | D:3      | 37649 ||| PLANNING D:1-11
 37670 | D:3      | 37670 ||| PLANNING CONVERSION TO OKAWARU
 37670 | D:3      | 37670 ||| PLANNING D:1-11
 37670 | D:3      | 37670 ||| Stepping randomly (stuck).
 37695 | D:4      | 37695 ||| PLANNING CONVERSION TO OKAWARU
 37697 | D:3      | 37697 ||| PLANNING D:1-11
 37718 | D:3      | 37718 ||| PLANNING CONVERSION TO OKAWARU
 37718 | D:3      | 37718 ||| PLANNING D:1-11
 37718 | D:3      | 37718 ||| Stepping randomly (stuck).
 37743 | D:4      | 37743 ||| PLANNING CONVERSION TO OKAWARU
 37745 | D:3      | 37745 ||| PLANNING D:1-11
 37766 | D:3      | 37766 ||| PLANNING CONVERSION TO OKAWARU
 37766 | D:3      | 37766 ||| PLANNING D:1-11
 37766 | D:3      | 37766 ||| Stepping randomly (stuck).
 37791 | D:4      | 37791 ||| PLANNING CONVERSION TO OKAWARU
 37793 | D:3      | 37793 ||| PLANNING D:1-11
 37814 | D:3      | 37814 ||| PLANNING CONVERSION TO OKAWARU
 37814 | D:3      | 37814 ||| PLANNING D:1-11
 37814 | D:3      | 37814 ||| Stepping randomly (stuck).
 37839 | D:4      | 37839 ||| PLANNING CONVERSION TO OKAWARU
 37841 | D:3      | 37841 ||| PLANNING D:1-11
 37862 | D:3      | 37862 ||| PLANNING CONVERSION TO OKAWARU
 37862 | D:3      | 37862 ||| PLANNING D:1-11
 37862 | D:3      | 37862 ||| Stepping randomly (stuck).
 37887 | D:4      | 37887 ||| PLANNING CONVERSION TO OKAWARU
 37889 | D:3      | 37889 ||| PLANNING D:1-11
 37910 | D:3      | 37910 ||| PLANNING CONVERSION TO OKAWARU
 37910 | D:3      | 37910 ||| PLANNING D:1-11
 37910 | D:3      | 37910 ||| Stepping randomly (stuck).
 37935 | D:4      | 37935 ||| PLANNING CONVERSION TO OKAWARU
 37937 | D:3      | 37937 ||| PLANNING D:1-11
 37958 | D:3      | 37958 ||| PLANNING CONVERSION TO OKAWARU
 37958 | D:3      | 37958 ||| PLANNING D:1-11
 37958 | D:3      | 37958 ||| Stepping randomly (stuck).
 37983 | D:4      | 37983 ||| PLANNING CONVERSION TO OKAWARU
 37985 | D:3      | 37985 ||| PLANNING D:1-11
 38006 | D:3      | 38006 ||| PLANNING CONVERSION TO OKAWARU
 38006 | D:3      | 38006 ||| PLANNING D:1-11
 38006 | D:3      | 38006 ||| Stepping randomly (stuck).
 38010 | D:2      | Glimpsed the power of Zot.
 38031 | D:4      | 38031 ||| PLANNING CONVERSION TO OKAWARU
 38033 | D:3      | 38033 ||| PLANNING D:1-11
 38054 | D:3      | 38054 ||| PLANNING CONVERSION TO OKAWARU
 38054 | D:3      | 38054 ||| PLANNING D:1-11
 38054 | D:3      | 38054 ||| Stepping randomly (stuck).
 38079 | D:4      | 38079 ||| PLANNING CONVERSION TO OKAWARU
 38081 | D:3      | 38081 ||| PLANNING D:1-11
 38102 | D:3      | 38102 ||| PLANNING CONVERSION TO OKAWARU
 38102 | D:3      | 38102 ||| PLANNING D:1-11
 38102 | D:3      | 38102 ||| Stepping randomly (stuck).
 38104 | D:3      | Tarried too long and was consumed by Zot

Levels and vault maps discovered:
D:1:      tarquinn_simple_flora_water_c, layout_basic, basic_ecumenical_altar,
          nicolae_concentric_dashed_squares_wild, st_stairs_2
D:2:      layout_basic, basic_altar, minmay_misc_feat_rows, uniq_robin,
          uniq_sigmund
D:3:      layout_basic, mainiacjoe_overflow_concentric_impassable
D:4:      layout_rooms, minmay_temple_entry_purple_smoke
D:5:      layout_cave_pods, tso_oasis_becter, grunt_temple_overflow_open,
          dreamdust_wishing_well, minmay_misc_feat_rugged, uniq_prince_ribbit1
D:6:      minmay_razor_zed, layout_basic
D:7:      layout_cave_pools
D:8:      layout_rooms, kennysheep_cluttered_room, uniq_grum, uniq_joseph
D:9:      layout_roguey, grunt_temple_overflow_opulence,
          grunt_lair_entry_orc_guard_hut, serial_shops,
          nicolae_shop_behind_doors, nicolae_shop_advertising_works
          [nicolae_subvault_shop_adworks], nicolae_shop_hallway_plus,
          nicolae_shop_temple_entry_statues_fountains

Skill      XL: |  1  2  3  4  5  6  7  8  9 10 |
---------------+-------------------------------+-----
Axes           | 3 5 6 8 9 |  9.0
Armour         | 2 3 4 |  4.1
Shields        | 3 5 8 9 10 | 10.0
Fighting       | 4 5 |  5.3
Dodging        | 1 |  1.2
Spellcasting   | |  1.0
Fire Magic     | |  2.6

Action                   |  1- 3 |  4- 6 |  7- 9 | 10-12 || total
-------------------------+-------+-------+-------+-------++-------
Melee: War axe           |    52 |   190 |   384 |   113 ||   739
       Hand axe          |     5 |       |       |       ||     5
       Punch             |     1 |       |       |       ||     1
       Headbutt          |       |    27 |    56 |    24 ||   107
Throw: Boomerang         |       |     6 |       |       ||     6
Invok: Fiery Armour      |     2 |     3 |     6 |     1 ||    12
  Use: Scroll            |     3 |     7 |     8 |     7 ||    25
       Potion            |       |       |     3 |     2 ||     5
 Stab: Petrified         |       |       |       |     7 ||     7
Armor: Robe              |    15 |       |       |       ||    15
       Plate armour      |    11 |   196 |   256 |    65 ||   528
Dodge: Dodged            |    31 |    24 |    47 |    13 ||   115
       Repelled          |       |       |     1 |       ||     1
Block: Tower shield      |       |    86 |   323 |   131 ||   540
       Reflection        |       |       |     3 |     2 ||     5

Table legend:
 A = Non-vault XP
 B = Vault XP
 C = Vault XP percentage of total XP
 D = Non-vault monster count
 E = Vault monster count
 F = Vault count percentage of total count
                 A         B        C        D         E       F
            +---------+---------+-------+---------+---------+-------
      Total |    5579 |    2632 |  32.1 |     154 |      33 |  17.6
            +---------+---------+-------+---------+---------+-------
        D:1 |      19 |       6 |  24.0 |      10 |       2 |  16.7
        D:2 |     192 |     249 |  56.5 |      21 |       8 |  27.6
        D:3 |      51 |       0 |   0.0 |      10 |       0 |   0.0
        D:4 |     125 |       0 |   0.0 |      22 |       0 |   0.0
        D:5 |     216 |     286 |  57.0 |       7 |       1 |  12.5
        D:6 |    1435 |     860 |  37.5 |      29 |      15 |  34.1
        D:7 |     875 |       0 |   0.0 |      16 |       0 |   0.0
        D:8 |    1165 |    1100 |  48.6 |      19 |       6 |  24.0
        D:9 |    1501 |     131 |   8.0 |      20 |       1 |   4.8
            +---------+---------+-------+---------+---------+-------
